Workbook
Name _100: #REF!
Name _100: #REF!
Name _100: #REF!
Name _100: #REF!
Name _100: #REF!
Name _100: #REF!
Name _100: #REF!
Name _100: #REF!
Name _100: #REF!
Name ano_anterior: #REF!
Name ano_anterior: #REF!
Name ano_anterior: #REF!
Name ano_anterior: #REF!
Name ano_anterior: #REF!
Name ano_anterior: #REF!
Name ano_anterior: #REF!
Name ano_anterior: #REF!
Name ano_anterior: #REF!
Name ano_anterior: #REF!
Name ano_anterior: #REF!
Name ano_anterior: #REF!
Name language: [1]Hints!$F$1
Name language: [1]Hints!$F$1
Name language: [1]Hints!$F$1
Name language: [1]Hints!$F$1
Name language: [1]Hints!$F$1
Name language: [1]Hints!$F$1
Name language: [1]Hints!$F$1
Name language: [1]Hints!$F$1
Name language: [1]Hints!$F$1
Name language: [1]Hints!$F$1
Name language: [1]Hints!$F$1
Name language: [1]Hints!$F$1
Name Language: [2]Capa!$Q$2
Name NOI: #REF!
Name NOI: #REF!
Name NOI: #REF!
Name NOI: #REF!
Name NOI: #REF!
Name NOI: #REF!
Name NOI: #REF!
Name NOI: #REF!
Name NOI: #REF!
Name NOI: #REF!
Name NOI: #REF!
Name NOI: #REF!
Name NOIFin: #REF!
Name NOIFin: #REF!
Name NOIFin: #REF!
Name NOIFin: #REF!
Name NOIFin: #REF!
Name NOIFin: #REF!
Name NOIFin: #REF!
Name NOIFin: #REF!
Name NOIFin: #REF!
Name NOIFin: #REF!
Name NOIFin: #REF!
Name NOIFin: #REF!
Name Savassi1T07: #REF!
Name Savassi1T07: #REF!

Sheet IESC>>

Sheet Indicators - Quaterly
A1: Main Indicators Quarterly | B1: 1Q10 | C1: 2Q10 | D1: 3Q10 | E1: 4Q10 | F1: 1Q11 | G1: 2Q11 | H1: 3Q11 | I1: 4Q11 | J1: 1Q12 | K1: 2Q12 | L1: 3Q12 | M1: 4Q12 | N1: 1Q13 | O1: 2Q13 | P1: 3Q13 | Q1: 4Q13 | R1: 1Q14 | S1: 2Q14 | T1: 3Q14 | U1: 4Q14 | V1: 1Q15 | W1: 2Q15 | X1: 3Q15 | Y1: 4Q15 | Z1: 1Q16 | AA1: 2Q16 | AB1: 3Q16 | AC1: 4Q16 | AD1: 1Q17 | AE1: 2Q17 | AF1: 3Q17 | AG1: 4Q17 | AH1: 1Q18 | AI1: 2Q18 | AJ1: 3Q18 | AK1: 4Q18 | AL1: 1Q19 | AM1: 2Q19 | AN1: 3Q19 | AO1: 4Q19 | AP1: 1Q20 | AQ1: 2Q20 | AR1: 3Q20 | AS1: 4Q20 | AT1: 1Q21 | AU1: 2Q21 | AV1: 3Q21 | AW1: 4Q21
A3: Financial Indicators | B3: 1Q10 | C3: 2Q10 | D3: 3Q10 | E3: 4Q10 | F3: 1Q11 | G3: 2Q11 | H3: 3Q11 | I3: 4Q11 | J3: 1Q12 | K3: 2Q12 | L3: 3Q12 | M3: 4Q12 | N3: 1Q13 | O3: 2Q13 | P3: 3Q13 | Q3: 4Q13 | R3: 1Q14 | S3: 2Q14 | T3: 3Q14 | U3: 4Q14 | V3: 1Q15 | W3: 2Q15 | X3: 3Q15 | Y3: 4Q15 | Z3: 1Q16 | AA3: 2Q16 | AB3: 3Q16 | AC3: 4Q16 | AD3: 1Q17 | AE3: 2Q17 | AF3: 3Q17 | AG3: 4Q17 | AH3: =AH1 -> 1Q18 | AI3: =AI1 -> 2Q18 | AJ3: =AJ1 -> 3Q18 | AK3: =AK1 -> 4Q18 | AL3: =AL1 -> 1Q19 | AM3: =AM1 -> 2Q19 | AN3: =AN1 -> 3Q19 | AO3: =AO1 -> 4Q19 | ... AW3: =AW1 -> 4Q21
A4: Gross Revenues (R$ '000) | B4: 62667 | C4: 74741 | D4: 75554 | E4: 81474 | F4: 76912 | G4: 90095 | H4: 95632 | I4: 106862 | J4: 102506 | K4: 108702 | L4: 119612 | M4: 131813 | N4: 115464 | O4: 122038 | P4: 125957 | Q4: 156248 | R4: 145102 | S4: 159223 | T4: 165590 | U4: 187149 | V4: 165606 | W4: 175716 | X4: 177761 | Y4: 196600 | Z4: 180418 | AA4: 188954 | AB4: 186755 | AC4: 213043 | AD4: 192548 | AE4: 196793 | AF4: 197835 | AG4: 218292 | AH4: 192285 | AI4: 201163 | AJ4: 202173 | AK4: 230522 | AL4: 197009 | AM4: 214042 | AN4: 209459 | AO4: 241018 | AP4: 204843 | AQ4: 159989 | AR4: 179263 | AS4: 228136 | AT4: 196122 | AU4: 228158 | AV4: 255238 | AW4: 323183
A5: Net Revenues (R$ '000) | B5: 56317 | C5: 66700 | D5: 67609 | E5: 72953 | F5: 68887 | G5: 80647 | H5: 84757 | I5: 95231 | J5: 90664 | K5: 97074 | L5: 104306 | M5: 118477 | N5: 102498 | O5: 108116 | P5: 113054 | Q5: 140082 | R5: 131208 | S5: 143838 | T5: 147945 | U5: 166583 | V5: 148822 | W5: 156610 | X5: 159622 | Y5: 172141 | Z5: 160487 | AA5: 162811 | AB5: 161097 | AC5: 183752 | AD5: 167349 | AE5: 169413 | AF5: 169690 | AG5: 185704 | AH5: 168470 | AI5: 175011 | AJ5: 177553 | AK5: 200492 | AL5: 172993 | AM5: 187674 | AN5: 182378 | AO5: 211225 | AP5: 156795 | AQ5: 160914 | AR5: 182131 | AS5: 184403 | AT5: 169390 | AU5: 170302 | AV5: 212194 | AW5: 315478
A6: EBITDA (R$ '000) | B6: 35138 | C6: 49673 | D6: 55310 | E6: 44757 | F6: 41299 | G6: 57731 | H6: 65067 | I6: 70888 | J6: 60929 | K6: 82375 | L6: 165126 | M6: 97332 | N6: 82025 | O6: 71265 | P6: 77678 | Q6: 116821 | R6: 98526 | S6: 100175 | T6: 112450 | U6: 143183.47 | V6: 102673.45 | W6: 122366.46 | X6: 134730.31 | Y6: 144033.78 | Z6: 129024 | AA6: 121587 | AB6: 127925 | AC6: 142760 | AD6: 125764 | AE6: 130472 | AF6: 133842 | AG6: 150480 | AH6: 125779 | AI6: 132514 | AJ6: 141193 | AK6: 159038 | AL6: 129413 | AM6: 137672 | AN6: 168518 | AO6: 200192 | AP6: 102912 | AQ6: 114930 | AR6: 134069 | AS6: 162242 | AT6: 101440 | AU6: 108905 | AV6: 153522 | AW6: 185907
A7: EBITDA Margin | B7: 0.624 | C7: 0.745 | D7: 0.818 | E7: 0.614 | F7: 0.6 | G7: 0.716 | H7: 0.768 | I7: 0.744 | J7: 0.672 | K7: 0.849 | L7: 1.583 | M7: 0.822 | N7: 0.8 | O7: 0.659 | P7: 0.687 | Q7: 0.834 | R7: 0.751 | S7: 0.696 | T7: 0.76 | U7: 0.85953231 | V7: 0.68990772 | W7: 0.78134512 | X7: 0.84405852 | Y7: 0.83671977 | Z7: 0.80395297 | AA7: 0.74679843 | AB7: 0.79408679 | AC7: 0.77691671 | AD7: 0.75150733 | AE7: 0.77014161 | AF7: 0.78874418 | AG7: 0.8103218 | AH7: 0.74659583 | AI7: 0.757 | AJ7: 0.795 | AK7: 0.793 | AL7: 0.748 | AM7: 0.734 | AN7: 0.924 | AO7: 0.9477666 | AP7: 0.65634746 | AQ7: 0.71423245 | AR7: 0.73611302 | AS7: 0.879823 | AT7: 0.59885471 | AU7: 0.63948163 | AV7: 0.72349831 | AW7: 0.58928673
A8: Net Profit | B8: 27205 | C8: 37711 | D8: 42880 | E8: 43751 | F8: 31488 | G8: 42979 | H8: 30717 | I8: 46772 | J8: 32214 | K8: 54048 | L8: 128950 | M8: 53096 | N8: 47338 | O8: 35544 | P8: 44963 | Q8: 56440 | R8: 48135 | S8: 50134 | T8: 67082 | U8: 65358.695 | V8: 45128 | W8: 47899.92 | X8: 58442.484 | Y8: 42185.913 | Z8: 38712 | AA8: 35088 | AB8: 40623 | AC8: 49772 | AD8: 50619 | AE8: 50975 | AF8: 53061 | AG8: 66648 | AH8: 58104 | AI8: 60567 | AJ8: 65578 | AK8: 76077 | AL8: 55453 | AM8: 60112 | AN8: 86915 | AO8: 111821 | AP8: 12453 | AQ8: 46289 | AR8: 61566 | AS8: 82016 | AT8: 39840 | AU8: 279008 | AV8: -57957 | AW8: 82888
A9: Net Margin | B9: =B8/B5 -> 0.48306906 | C9: =C8/C5 -> 0.56538231 | D9: =D8/D5 -> 0.63423509 | E9: =E8/E5 -> 0.59971488 | F9: =F8/F5 -> 0.4570964 | G9: =G8/G5 -> 0.53292745 | H9: =H8/H5 -> 0.36241254 | I9: =I8/I5 -> 0.49114259 | ... Z9: =Z8/Z5 -> 0.2412158 | AA9: 0.21551369 | AB9: 0.25216484 | AC9: 0.27086508 | AD9: 0.30247566 | AE9: 0.3008919 | AF9: 0.31269374 | AG9: 0.34580838 | AH9: 0.34489227 | AI9: 0.346 | AJ9: 0.369 | AK9: 0.379 | AL9: 0.321 | AM9: 0.32 | AN9: 0.477 | AO9: 0.529 | AP9: 0.079422175 | AQ9: 0.28766298 | AR9: 0.33803142 | AS9: 0.444765 | AT9: 0.23519688 | AU9: 1.6383131 | AV9: -0.27313213 | AW9: 0.26273781
A10: FFO (R$ mil) | B10: 31619 | C10: 43248 | D10: 48089 | E10: 49026 | F10: 36544 | G10: 48989 | H10: 37240 | I10: 54914 | J10: 40571 | K10: 63557 | L10: 140158 | M10: 64690 | N10: 59230 | O10: 47601 | P10: 58223 | Q10: 73319 | R10: 66709 | S10: 71958 | T10: 90262 | U10: 89215.47 | V10: 69463.447 | W10: 73084.459 | X10: 84360.309 | Y10: 69492.778 | Z10: 66559 | AA10: 62311 | AB10: 67374 | AC10: 76272 | AD10: 77098 | AE10: 77356 | AF10: 79804 | AG10: 88517 | AH10: 85173 | AI10: 87841 | AJ10: 93046 | AK10: 103907 | AL10: 86557 | AM10: 91636 | AN10: 118863 | AO10: 145267 | AP10: 49458 | AQ10: 83570 | AR10: 98075 | AS10: 120221 | AT10: 76984 | AU10: 317735 | AV10: -18278 | AW10: 122722
A11: FFO Margin | B11: 0.561 | C11: 0.648 | D11: 0.711 | E11: 0.672 | F11: 0.53 | G11: 0.607 | H11: 0.439 | I11: 0.576 | J11: 0.447 | K11: 0.655 | L11: 1.344 | M11: 0.546 | N11: 0.578 | O11: 0.44 | P11: 0.515 | Q11: 0.523 | R11: 0.508 | S11: 0.5 | T11: 0.61 | U11: 0.53556167 | V11: 0.46675523 | W11: 0.46666534 | X11: 0.52850051 | Y11: 0.40369684 | Z11: 0.41473141 | AA11: 0.38271984 | AB11: 0.41822008 | AC11: 0.4150812 | AD11: 0.46070189 | AE11: 0.45661195 | AF11: 0.47029289 | AG11: 0.4766564 | AH11: 0.50556776 | AI11: 0.502 | AJ11: 0.524 | AK11: 0.518 | AL11: 0.5 | AM11: 0.488 | AN11: 0.652 | AO11: 0.688 | AP11: 0.315 | AQ11: 0.519 | AR11: 0.538 | AS11: 0.652 | AT11: 0.454 | AU11: 1.866 | AV11: -0.086 | AW11: 0.389
A14: Performance Indicators | B14: 1Q10 | C14: 2Q10 | D14: 3Q10 | E14: 4Q10 | F14: 1Q11 | G14: 2Q11 | H14: 3Q11 | I14: 4Q11 | J14: 1Q12 | K14: 2Q12 | L14: 3Q12 | M14: 4Q12 | N14: 1Q13 | O14: 2Q13 | P14: 3Q13 | Q14: 4Q13 | R14: 1Q14 | S14: 2Q14 | T14: 3Q14 | U14: 4Q14 | V14: 1Q15 | W14: 2Q15 | X14: 3Q15 | Y14: 4Q15 | Z14: 1Q16 | AA14: 2Q16 | AB14: 3Q16 | AC14: 4Q16 | AD14: 1Q17 | AE14: 2Q17 | AF14: 3Q17 | AG14: 4Q17 | AH14: =AH1 -> 1Q18 | AI14: =AI1 -> 2Q18 | AJ14: =AJ1 -> 3Q18 | AK14: =AK1 -> 4Q18 | AL14: =AL1 -> 1Q19 | AM14: =AM1 -> 2Q19 | AN14: =AN1 -> 3Q19 | AO14: =AO1 -> 4Q19 | ... AW14: =AW1 -> 4Q21
A15: Total GLA (sqm) | B15: 398135 | C15: 431695 | D15: 433175 | E15: 432545 | F15: 431315 | G15: 469218 | H15: 468841 | I15: 473804 | J15: 473804 | K15: 509097 | L15: 490874 | M15: 490874 | N15: 490874 | O15: 491649 | P15: 555836 | Q15: 613.010 | R15: 613577 | S15: 660500 | T15: 660500 | U15: 660500 | V15: 660500 | W15: 679671 | X15: 714959 | Y15: 714959 | Z15: 714959 | AA15: 746027 | AB15: 746027 | AC15: 746027 | AD15: 746027 | AE15: 746027 | AF15: 746027 | AG15: 746027 | AH15: ='[3]Indicadores Op'!$B$2 -> 737465.54 | AI15: 737467.31 | AJ15: 737467.31 | AK15: 757355.22 | AL15: 758335.9 | AM15: 758335.9 | AN15: 728011.9 | AO15: 709989.22 | AP15: 710574.15 | AQ15: 710509.77 | AR15: 710569.09 | AS15: 710894.76 | AT15: 711192.05 | AU15: 708485.57 | AV15: 709108.25 | AW15: 709304.42
A16: Owned GLA (sqm) | B16: 215096 | C16: 237004 | D16: 237678 | E16: 237429 | F16: 238291 | G16: 265644 | H16: 267911 | I16: 277647 | J16: 277647 | K16: 295294 | L16: 280942 | M16: 282040 | N16: 282040 | O16: 283378 | P16: 340393 | Q16: 379805 | R16: 380221 | S16: 425163 | T16: 425163 | U16: 425282 | V16: 425282 | W16: 438702 | X16: 440422.55 | Y16: 443273.31 | Z16: 443418.68 | AA16: 454604.17 | AB16: 454604.17 | AC16: 454604.17 | AD16: 454604.17 | AE16: 454604.17 | AF16: 454619.71 | AG16: 454624.89 | AH16: ='[3]Indicadores Op'!$B$3 -> 447782.81 | AI16: 447807.63 | AJ16: 447812.52 | AK16: 458566.65 | AL16: 459101.03 | AM16: 459101.03 | AN16: 456553.81 | AO16: 452933.86 | AP16: 470703.16 | AQ16: 470663.28 | AR16: 470691.66 | AS16: 470928.48 | AT16: 471002.86 | AU16: 468858.85 | AV16: 469274.91 | AW16: 469357.54
A17: Average Owned GLA (sqm) | B17: - | C17: 207924 | D17: 208598 | E17: 237429 | F17: - | G17: 225694 | H17: 266778 | I17: 272779 | J17: 277647 | K17: 285203 | L17: 288118 | M17: 281491 | N17: 282040 | O17: 282721 | P17: 302383 | Q17: 353530 | R17: 380221 | S17: 423526 | T17: 425163 | U17: 425282 | V17: 425282 | W17: 434228.67 | X17: 435375.7 | Y17: 437276.21 | Z17: 437373.12 | AA17: 452037.4 | AB17: 454603.48 | AC17: 454603.48 | AD17: 454604.17 | AE17: 454604.17 | AF17: 454614.53 | AG17: 454624.89 | AH17: ='[3]Indicadores Op'!$J$4 -> 447782.81 | AI17: 447807.63 | AJ17: 447812.52 | AK17: 451397.23 | AL17: 459101.03 | AM17: 459101.03 | AN17: 457402.89 | AO17: 452933.86 | AP17: 465799.06 | AQ17: 470663.28 | AR17: 470691.66 | AS17: 470928.48 | AT17: 471002.86 | AU17: 468858.85 | AV17: 469274.91 | AW17: 469357.54
A18: Total GLA, malls (sqm) | B18: 369055 | C18: 402615 | D18: 404095 | E18: 403465 | F18: 402235 | G18: 435263 | H18: 435292 | I18: 440255 | J18: 440255 | K18: 465548 | L18: 456919 | M18: 456919 | N18: 456919 | O18: 458100 | P18: 522287 | Q18: 579461 | R18: 580028 | S18: 626951 | T18: 626951 | U18: 626951 | V18: 626951 | W18: 646122 | X18: 681410 | Y18: 681410 | Z18: 681410 | AA18: 701786 | AB18: 701786 | AC18: 701786 | AD18: 701786 | AE18: 701786 | AF18: 701786 | AG18: 701786 | AH18: ='[3]Indicadores Op'!$J$5 -> 698594.58 | AI18: 698596.35 | AJ18: 698596.35 | AK18: 718484.26 | AL18: 719464.94 | AM18: 719464.94 | AN18: 689140.94 | AO18: 671118.26 | AP18: 671703.19 | AQ18: 671638.81 | AR18: 671698.13 | AS18: 671909.27 | AT18: 672211.88 | AU18: 669689.86 | AV18: 670312.54 | AW18: 670294.71
A19: Owned GLA, malls (sqm) | B19: 186016 | C19: 207924 | D19: 208598 | E19: 208349 | F19: 209211 | G19: 234097 | H19: 236569 | I19: 245993 | J19: 245993 | K19: 258639 | L19: 249395 | M19: 249395 | N19: 250379 | O19: 251717 | P19: 308732 | Q19: 348144 | R19: 345862 | S19: 393501 | T19: 393501 | U19: 393501 | V19: 393610 | W19: 407030 | X19: 408744.72 | Y19: 411595.48 | Z19: 411728.34 | AA19: 419064.71 | AB19: 419064.71 | AC19: 419064.71 | AD19: 419064.71 | AE19: 419064.71 | AF19: 419078.9 | AG19: 419083.64 | AH19: ='[3]Indicadores Op'!$J$6 -> 415489.61 | AI19: 415514.42 | AJ19: 415519.31 | AK19: 426273.45 | AL19: 426807.82 | AM19: 426807.82 | AN19: 424260.61 | AO19: 420640.66 | AP19: 437733.68 | AQ19: 437693.79 | AR19: 437722.18 | AS19: 437843.73 | AT19: 437923.43 | AU19: 435857.96 | AV19: 436274.02 | AW19: 436248.31
A20: Number of malls(1) | B20: 11 | C20: 12 | D20: 12 | E20: 12 | F20: 12 | G20: 13 | H20: 13 | I20: 13 | J20: 13 | K20: 14 | L20: 13 | M20: 13 | N20: 13 | O20: 13 | P20: 15 | Q20: 16 | R20: 16 | S20: 16 | T20: 16 | U20: 16 | V20: 16 | W20: 16 | X20: 17 | Y20: 17 | Z20: 17 | AA20: 17 | AB20: 17 | AC20: 17 | AD20: 17 | AE20: 17 | AF20: 17 | AG20: 17 | AH20: 17 | AI20: 17 | AJ20: 17 | AK20: 18 | AL20: 18 | AM20: 18 | AN20: 17 | AO20: 16 | AP20: 16 | AQ20: 16 | AR20: 16 | AS20: 16 | AT20: 16 | AU20: 16 | AV20: 16 | AW20: 16
A21: Total sales (R$ ’000) | B21: 1273080 | C21: 1495135 | D21: 1500665 | E21: 1990692 | F21: 1507656 | G21: 1787864 | H21: 1746690 | I21: 2321075 | J21: 1775184 | K21: 1897797 | L21: 1980254 | M21: 2553032 | N21: 1965689 | O21: 2149038 | P21: 2168132 | Q21: 2932228 | R21: 2254453 | S21: 2520032 | T21: 2468993 | U21: 3299856.9 | V21: 2486165.5 | W21: 2724638.5 | X21: 2846453.1 | Y21: 3793592.9 | Z21: 2835874 | AA21: 3085262.6 | AB21: 2901263.2 | AC21: 3896858.2 | AD21: 2910195.6 | AE21: 3248347.8 | AF21: 3097345.4 | AG21: 4018835.3 | AH21: 2973200.4 | AI21: 3252406 | AJ21: 3245305.8 | AK21: 4219623.5 | AL21: 3134792.2 | AM21: 3508228.6 | AN21: 3324207.1 | AO21: 4250371.8 | AP21: 2633733.3 | AQ21: 603633.49 | AR21: 1820455.3 | AS21: 3639343.5 | AT21: 1885292.1 | AU21: 2742934 | AV21: 3326673.5 | AW21: 4751747
A22: Same-stores sales (SSS) | B22: 0.113 | C22: 0.085 | D22: 0.096 | E22: 0.069 | F22: 0.054 | G22: 0.104 | H22: 0.075 | I22: 0.084 | J22: 0.0811 | K22: 0.073 | L22: 0.089 | M22: 0.08 | N22: 0.08 | O22: 0.068 | P22: 0.081 | Q22: 0.081 | R22: 0.074 | S22: 0.082 | T22: 0.069 | U22: 0.081 | V22: 0.072 | W22: 0.06 | X22: 0.046 | Y22: 0.04234108 | Z22: 0.018 | AA22: 0.03 | AB22: 0.01 | AC22: 0 | AD22: 0.017 | AE22: 0.041 | AF22: 0.058759934 | AG22: 0.025 | AH22: 0.011 | AI22: -0.018797828 | AJ22: 0.028648292 | AK22: 0.034407317 | AL22: 0.030676883 | AM22: 0.069203643 | AN22: 0.030856798 | AO22: 0.057036796 | AP22: -0.12853047 | AQ22: -0.70626386 | AR22: -0.3752043 | AS22: -0.118 | AT22: -0.2561852 | AU22: 2.2301821 | AV22: 0.078194651 | AW22: 0.27519298
A23: Same-area sales (SAS) | B23: 0.114 | C23: 0.104 | D23: 0.114 | E23: 0.095 | F23: 0.081 | G23: 0.136 | H23: 0.114 | I23: 0.102 | J23: 0.109 | K23: 0.075 | L23: 0.091 | M23: 0.081 | N23: 0.084 | O23: 0.073 | P23: 0.082 | Q23: 0.099 | R23: 0.076 | S23: 0.083 | T23: 0.071 | U23: 0.082 | V23: 0.073 | W23: 0.062 | X23: 0.047 | Y23: 0.052 | Z23: 0.04 | AA23: 0.032 | AB23: 0.024 | AC23: 0.002 | AD23: 0.016 | AE23: 0.051 | AF23: 0.068 | AG23: 0.031 | AH23: 0.02164968 | AI23: 0.0012493143 | AJ23: 0.047770072 | AK23: 0.049961801 | AL23: 0.045465534 | AM23: 0.072096293 | AN23: 0.042298613 | AO23: 0.073915939 | AP23: -0.095889312 | AQ23: -0.81638925 | AR23: -0.42890509 | AS23: -0.14375878 | AT23: -0.28417501 | AU23: 3.5440388 | AV23: 0.04361048 | AW23: 0.30616238
A24: Same-store rentals (SSR) | B24: 0.063 | C24: 0.063 | D24: 0.079 | E24: 0.079 | F24: 0.072 | G24: 0.116 | H24: 0.1 | I24: 0.09 | J24: 0.1005 | K24: 0.081 | L24: 0.081 | M24: 0.088 | N24: 0.141 | O24: 0.088 | P24: 0.084 | Q24: 0.109 | R24: 0.092 | S24: 0.091 | T24: 0.086 | U24: 0.087 | V24: 0.081 | W24: 0.068 | X24: 0.055 | Y24: 0.069028786 | Z24: 0.065 | AA24: 0.064 | AB24: 0.074 | AC24: 0.065 | AD24: 0.073 | AE24: 0.063 | AF24: 0.05776264 | AG24: 0.044 | AH24: 0.028 | AI24: 0.018215091 | AJ24: 0.017561171 | AK24: 0.04331316 | AL24: 0.06357253 | AM24: 0.10040556 | AN24: 0.087636037 | AO24: 0.052129372 | AP24: -0.26474241 | AQ24: -0.79121179 | AR24: -0.28526569 | AS24: -0.03272714 | AT24: -0.042 | AU24: 4.1085578 | AV24: 0.2287195 | AW24: 0.28
A25: Same-area rentals (SAR) | B25: 0.064 | C25: 0.064 | D25: 0.073 | E25: 0.091 | F25: 0.07 | G25: 0.129 | H25: 0.113 | I25: 0.096 | J25: 0.1142 | K25: 0.081 | L25: 0.09 | M25: 0.094 | N25: 0.145 | O25: 0.093 | P25: 0.085 | Q25: 0.114 | R25: 0.108 | S25: 0.093 | T25: 0.088 | U25: 0.089 | V25: 0.081 | W25: 0.068 | X25: 0.054 | Y25: 0.071 | Z25: 0.074 | AA25: 0.061 | AB25: 0.064 | AC25: 0.062 | AD25: 0.069 | AE25: 0.066 | AF25: 0.061 | AG25: 0.041 | AH25: 0.043346979 | AI25: 0.056805732 | AJ25: 0.052621686 | AK25: 0.047289397 | AL25: 0.046 | AM25: 0.074428638 | AN25: 0.062379457 | AO25: 0.045917883 | AP25: -0.27139644 | AQ25: -0.79797026 | AR25: -0.32767281 | AS25: -0.10099497 | AT25: -0.128 | AU25: 3.6761305 | AV25: 0.11853374 | AW25: 0.243
A26: Occupancy cost (% of sales) | B26: 0.12 | C26: 0.113 | D26: 0.113 | E26: 0.107 | F26: 0.122 | G26: 0.112 | H26: 0.106 | I26: 0.101 | J26: 0.116 | K26: 0.106 | L26: 0.107 | M26: 0.106 | N26: 0.116 | O26: 0.107 | P26: 0.108 | Q26: 0.108 | R26: 0.124 | S26: 0.116 | T26: 0.119 | U26: 0.11 | V26: 0.128 | W26: 0.116 | X26: 0.121 | Y26: 0.11 | Z26: 0.127 | AA26: 0.117 | AB26: 0.125 | AC26: 0.11461712 | AD26: 0.12739344 | AE26: 0.115 | AF26: 0.11999175 | AG26: 0.11249173 | AH26: 0.13019444 | AI26: 0.1175526 | AJ26: 0.11999994 | AK26: 0.11435184 | AL26: 0.1259652 | AM26: 0.11691177 | AN26: 0.11931236 | AO26: 0.1095 | AP26: 0.11530909 | AQ26: 0.22489291 | AR26: 0.14356025 | AS26: 0.12987238 | AT26: 0.16774754 | AU26: 0.12827079 | AV26: 0.12254186 | AW26: 0.113
A27: Occupancy rate | B27: 0.972 | C27: 0.972 | D27: 0.979 | E27: 0.971 | F27: 0.967 | G27: 0.966 | H27: 0.968 | I27: 0.969 | J27: 0.966 | K27: 0.961 | L27: 0.961 | M27: 0.961 | N27: 0.954 | O27: 0.958 | P27: 0.967 | Q27: 0.955 | R27: 0.95 | S27: 0.952 | T27: 0.951 | U27: 0.953 | V27: 0.96 | W27: 0.95 | X27: 0.941 | Y27: 0.94 | Z27: 0.94 | AA27: 0.938 | AB27: 0.9325 | AC27: 0.9336 | AD27: 0.93 | AE27: 0.931 | AF27: 0.933 | AG27: 0.942 | AH27: ='[3]Indicadores Op'!$J$14 -> 0.9465 | AI27: 0.94580497 | AJ27: 0.9436999 | AK27: 0.94604375 | AL27: 0.937 | AM27: 0.9210126 | AN27: 0.9242584 | AO27: 0.93989872 | AP27: 0.94138129 | AQ27: 0.93569278 | AR27: 0.91561893 | AS27: 0.90986471 | AT27: 0.903 | AU27: 0.90071271 | AV27: 0.907 | AW27: 0.92
A28: Net delinquency rate | B28: 0.037 | C28: 0.037 | D28: 0.041 | E28: 0.019 | F28: 0.031 | G28: 0.033 | H28: 0.022 | I28: 0.026 | J28: 0.025 | K28: 0.012 | L28: 0.012 | M28: 0.009 | N28: 0.016 | O28: 0.01 | P28: 0.014 | Q28: 0.014 | R28: 0.0198 | S28: 0.017 | T28: 0.01 | U28: 0.018 | V28: 0.026 | W28: 0.017 | X28: 0.024 | Y28: 0.011050608 | Z28: 0.0374 | AA28: 0.03 | AB28: 0.0105 | AC28: 0.002 | AD28: 0.036869851 | AE28: 0.012 | AF28: 0.014612328 | AG28: 0.0017 | AH28: 0.04 | AI28: 0.016309593 | AJ28: 0.0073853304 | AK28: 0.012822454 | AL28: 0.028824255 | AM28: 0.0056647959 | AN28: 0.0041308884 | AO28: -0.0079400734 | AP28: 0.037232123 | AQ28: -0.262 | AR28: 0.1343413 | AS28: 0.093 | AT28: 0.113 | AU28: -0.039539903 | AV28: 0.020832771 | AW28: 0.014
A30: (1) Considers Iguatemi Esplanada and Esplanada Shopping as one asset

Sheet Indicators - Annual
A1: Main Indicators Annual | B1: 2010 | C1: 2011 | D1: 2012 | E1: 2013 | F1: 2014 | G1: 2015 | H1: 2016 | I1: 2017 | J1: 2018 | K1: 2019 | L1: 2020 | M1: 2021
A3: Financial Indicators | B3: 2010 | C3: 2011 | D3: 2012 (2) | E3: 2013 | F3: 2014 | G3: 2015 | H3: 2016 | I3: 2017 | J3: 2018 | K3: 2019 | L3: 2020 | M3: 2021
A4: Gross Revenues (R$ '000) | B4: 294436 | C4: 369502 | D4: 462633 | E4: 519707 | F4: 657064 | G4: 715683 | H4: 769170 | I4: 805468 | J4: 826143 | K4: 861528 | L4: 772231 | M4: 1002701
A5: Net Revenues (R$ '000) | B5: 263579 | C5: 329522 | D5: 410521 | E5: 463750 | F5: 589604 | G5: 637195 | H5: 668147 | I5: 692156 | J5: 721526 | K5: 754270 | L5: 684243 | M5: 867364
A6: EBITDA (R$ '000) | B6: 184880 | C6: 235024 | D6: 405761 | E6: 347789 | F6: 454333 | G6: 503804.55 | H6: 521296 | I6: 540558 | J6: 558524 | K6: 635795 | L6: 514153 | M6: 550078
A7: Margem EBITDA | B7: 0.701 | C7: 0.713 | D7: 0.725 | E7: 0.75 | F7: 0.771 | G7: 0.79065992 | H7: 0.78021154 | I7: 0.78097712 | J7: 0.774 | K7: 0.843 | L7: 0.751 | M7: 0.634
A8: Net Profit (R$ '000) | B8: 151547 | C8: 151995 | D8: 268308 | E8: 184285 | F8: 230709 | G8: 193656.87 | H8: 164195 | I8: 221303 | J8: 260326 | K8: 314301 | L8: 202324 | M8: 344083
A9: Net Margin | B9: =B8/B5 -> 0.57495855 | C9: =C8/C5 -> 0.46125904 | D9: =D8/D5 -> 0.65357923 | E9: =E8/E5 -> 0.39738005 | F9: =F8/F5 -> 0.39129484 | G9: =G8/G5 -> 0.30392089 | H9: 0.24574682 | I9: 0.32 | J9: 0.361 | K9: 0.417 | L9: 0.29569027 | M9: 0.39669966
A10: FFO (R$ '000) | B10: 171984 | C10: 177726 | D10: 308975 | E10: 238373 | F10: 318144 | G10: 296401.55 | H10: 272516 | I10: 327635 | J10: 369967 | K10: 442323 | L10: 351324 | M10: 499467
A11: FFO Margin | B11: 0.65249508 | C11: 0.539 | D11: 0.753 | E11: 0.514 | F11: 0.54 | G11: 0.46516616 | H11: 0.40786833 | I11: 0.473 | J11: 0.513 | K11: 0.586 | L11: 0.513 | M11: 0.576
A14: Performance Indicators | B14: 2010 | C14: 2011 | D14: 2012 | E14: 2013 | F14: 2014 | G14: 2015 | H14: 2016 | I14: 2017 | J14: =J1 -> 2018 | K14: 2019 | L14: 2020 | M14: 2021
A15: Total GLA (sqm) | B15: 432545 | C15: 473804 | D15: 490874 | E15: 613.010 | F15: 660500 | G15: 714959 | H15: 746027 | I15: 746027 | J15: 757355.22 | K15: 709989.22 | L15: 710894.76 | M15: 709304.42
A16: Owned GLA (sqm) | B16: 237429 | C16: 277647 | D16: 282040 | E16: 379805 | F16: 425282 | G16: 443273.31 | H16: 454604.17 | I16: 454624.89 | J16: 458566.65 | K16: 452933.86 | L16: 470928.48 | M16: 469357.54
A17: Average Owned GLA (sqm) | B17: 224503 | C17: 257538 | D17: 281491 | E17: 321404 | F17: 413518 | G17: 431279.1 | H17: 451165.84 | I17: 454611.94 | J17: 448700.05 | K17: 457134.7 | L17: 469520.62 | M17: 469357.54
A18: Total GLA, malls (sqm) | B18: 403465 | C18: 440255 | D18: 456919 | E18: 579461 | F18: 626951 | G18: 681410 | H18: 701786 | I18: 701786 | J18: 718484.26 | K18: 671118.26 | L18: 671909.27 | M18: 670294.71
A19: Owned GLA, malls (sqm) | B19: 208249 | C19: 245993 | D19: 249395 | E19: 348144 | F19: 393501 | G19: 411595.48 | H19: 419064.71 | I19: 419083.64 | J19: 426273.45 | K19: 420640.66 | L19: 437843.73 | M19: 436248.31
A20: Number of malls (1) | B20: 12 | C20: 13 | D20: 13 | E20: 15 | F20: 16 | G20: 17 | H20: 17 | I20: 17 | J20: 18 | K20: 16 | L20: 16 | M20: 16
A21: Total sales (R$ ’000) | B21: 6259572 | C21: 7363285 | D21: 8115637 | E21: 9128208 | F21: 10544580 | G21: 11850850 | H21: 12719258 | I21: 13272439 | J21: 13690536 | K21: 14217600 | L21: 8697165.7 | M21: 12706647
A22: Same-stores sales (SSS) | B22: 0.087 | C22: 0.0708 | D22: 0.0788 | E22: 0.078 | F22: 0.078 | G22: 0.05508527 | H22: 0.011 | I22: 0.035 | J22: 0.015076593 | K22: 0.047950363 | L22: -0.28087341 | M22: 0.34683553
A23: Same-area sales (SAS) | B23: 0.102 | C23: 0.0951 | D23: 0.0813 | E23: 0.078 | F23: 0.08 | G23: 0.058 | H23: 0.02 | I23: 0.049 | J23: 0.031501142 | K23: 0.060691998 | L23: -0.36225576 | M23: 0.46101006
A24: Same-store rentals (SSR) | B24: 0.067 | C24: 0.083 | D24: 0.0968 | E24: 0.105 | F24: 0.091 | G24: 0.068 | H24: 0.064 | I24: 0.058 | J24: 0.026955411 | K24: 0.073430796 | L24: -0.24520876 | M24: 0.517
A25: Same-area rentals (SAR) | B25: 0.073 | C25: 0.088 | D25: 0.098 | E25: 0.108 | F25: 0.093 | G25: 0.068 | H25: 0.069 | I25: 0.059 | J25: 0.043737525 | K25: 0.05680003 | L25: -0.28479214 | M25: 0.448
A26: Occupancy cost (% of sales) | B26: 0.113 | C26: 0.105 | D26: 0.107 | E26: 0.113 | F26: 0.116 | G26: 0.116 | H26: 0.11981369 | I26: 0.12086111 | J26: 0.12033817 | K26: 0.11682306 | L26: 0.13532543 | M26: 0.126
A27: Occupancy rate | B27: 0.971 | C27: 0.97 | D27: 0.961 | E27: 0.963 | F27: 0.952 | G27: 0.946 | H27: 0.9347 | I27: 0.936 | J27: 0.94552142 | K27: 0.93049704 | L27: 0.93089767 | M27: 0.90773627
A28: Net delinquency rate | B28: 0.019 | C28: 0.022 | D28: 0.016 | E28: 0.014 | F28: 0.017 | G28: 0.019941081 | H28: 0.028 | I28: 0.017561255 | J28: 0.019751524 | K28: 0.0075159414 | L28: 0.058066518 | M28: 0.024
A30: (1) Considers Esplanada Shopping and Iguatemi Esplanada as a single asset.
A31: (2) Ebitda and Ebitda margin adjusted by the sale of Shopping Boulevard Rio Iguatemi would be R$ 297.556 thousand and 72.5%, respectively.

Sheet Portfolio
A1: Iguatemi Portfolio | B1: 1Q10 | C1: 2Q10 | D1: 3Q10 | E1: 4Q10 | F1: 1Q11 | G1: 2Q11 | H1: 3Q11 | I1: 4Q11 | J1: 1Q12 | K1: 2Q12 | L1: 3Q12 | M1: 4Q12 | N1: 1Q13 | O1: 2Q13 | P1: 3Q13 | Q1: 4Q13 | R1: 1Q14 | S1: 2Q14 | T1: 3Q14 | U1: 4Q14 | V1: 1Q15 | W1: 2Q15 | X1: 3Q15 | Y1: 4Q15 | Z1: 1Q16 | AA1: 2Q16 | AB1: 3Q16 | AC1: 4Q16 | AD1: 1Q17 | AE1: 2Q17 | AF1: 3Q17 | AG1: 4Q17 | AH1: 1Q184 | AI1: ='Indicators - Quaterly'!AI1 -> 2Q18 | AJ1: 3Q18 | AK1: 4Q18 | AL1: 1Q19 | AM1: ='Indicators - Quaterly'!AM1 -> 2Q19 | AN1: ='Indicators - Quaterly'!AN1 -> 3Q19 | AO1: ='Indicators - Quaterly'!AO1 -> 4Q19 | AP1: ='Indicators - Quaterly'!AP1 -> 1Q20 | AQ1: ='Indicators - Quaterly'!AQ1 -> 2Q20 | AR1: ='Indicators - Quaterly'!AR1 -> 3Q20 | AS1: ='Indicators - Quaterly'!AS1 -> 4Q20 | AT1: ='Indicators - Quaterly'!AT1 -> 1Q21 | AU1: 2Q21 | AV1: 3Q21 | AW1: 4Q21
AI2: ='Indicators - Quaterly'!AI2 -> 0
A3: Total GLA | B3: 1Q10 | C3: 2Q10 | D3: 3Q10 | E3: 4Q10 | F3: 1Q11 | G3: 2Q11 | H3: 3Q11 | I3: 4Q11 | J3: 1Q12 | K3: 2Q12 | L3: 3Q12 | M3: 4Q12 | N3: 1Q13 | O3: 2Q13 | P3: 3Q13 | Q3: 4Q13 | R3: 1Q14 | S3: 2Q14 | T3: 3Q14 | U3: 4Q14 | V3: 1Q15 | W3: 2Q15 | X3: 3Q15 | Y3: 4Q15 | Z3: 1Q16 | AA3: 2Q16 | AB3: 3Q16 | AC3: 4Q16 | AD3: 1Q17 | AE3: 2Q17 | AF3: 3Q17 | AG3: 4Q17 | AH3: 1Q18 | AI3: =AI1 -> 2Q18 | AJ3: =AJ1 -> 3Q18 | AK3: =AK1 -> 4Q18 | AL3: =AL1 -> 1Q19 | AM3: =AM1 -> 2Q19 | AN3: =AN1 -> 3Q19 | AO3: =AO1 -> 4Q19 | AP3: =AP1 -> 1Q20 | ... AW3: =AW1 -> 4Q21
A4: Iguatemi São Paulo | B4: 39879 | C4: 39879 | D4: 40230 | E4: 40213 | F4: 40303 | G4: 42725 | H4: 42522 | I4: 42104 | J4: 42104 | K4: 42104 | L4: 42104 | M4: 42104 | N4: 42104 | O4: 46608 | P4: 46608 | Q4: 46608 | R4: 46134 | S4: 46134 | T4: 46134 | U4: 46134 | V4: 46134 | W4: 46134 | X4: 47322 | Y4: 47322 | Z4: 47322 | AA4: 47322 | AB4: 47322 | AC4: 47322 | AD4: 47322 | AE4: 47322 | AF4: 47322 | AG4: 47322 | AH4: 48887.966 | AI4: 48887.966 | AJ4: 48887.966 | AK4: 48887.966 | AL4: 49060.986 | AM4: 49060.986 | AN4: 49060.986 | AO4: 49263.066 | AP4: 49328.636 | AQ4: 49259.636 | AR4: 49279.226 | AS4: 49259.636 | AT4: 49259.636 | AU4: 49259.636 | AV4: 49256.779 | AW4: 49250.446
A5: JK Iguatemi | B5: 0 | C5: 0 | D5: 0 | E5: 0 | F5: 0 | G5: 0 | H5: 0 | I5: 0 | J5: 0 | K5: 35293 | L5: 35293 | M5: 35293 | N5: 35293 | O5: 35293 | P5: 35293 | Q5: 35293 | R5: 34957 | S5: 34957 | T5: 34957 | U5: 34957 | V5: 34957 | W5: 34957 | X5: 34957 | Y5: 34957 | Z5: 34957 | AA5: 34957 | AB5: 34957 | AC5: 34957 | AD5: 34957 | AE5: 34957 | AF5: 34957 | AG5: 34957 | AH5: 34359.15 | AI5: 34359.15 | AJ5: 34359.15 | AK5: 34359.15 | AL5: 34359.15 | AM5: 34359.15 | AN5: 34359.15 | AO5: 34357.95 | AP5: 34357.95 | AQ5: 34357.95 | AR5: 34357.95 | AS5: 34356.95 | AT5: 34357.247 | AU5: 34106.84 | AV5: 34106.63 | AW5: 34103.63
A6: Pátio Higienópolis | B6: 0 | C6: 0 | D6: 0 | E6: 0 | F6: 0 | G6: 0 | H6: 0 | I6: 0 | J6: 0 | K6: 0 | L6: 0 | M6: 0 | N6: 0 | O6: 0 | P6: 0 | Q6: 0 | R6: 0 | S6: 0 | T6: 0 | U6: 0 | V6: 0 | W6: 0 | X6: 34100 | Y6: 34100 | Z6: 34100 | AA6: 34100 | AB6: 34100 | AC6: 34100 | AD6: 34100 | AE6: 34100 | AF6: 34100 | AG6: 34100 | AH6: 33818.6 | AI6: 33820.24 | AJ6: 33820.24 | AK6: 33820.24 | AL6: 33819.01 | AM6: 33819.01 | AN6: 33819.01 | AO6: 33365.4 | AP6: 33362.54 | AQ6: 33367.16 | AR6: 33367.16 | AS6: 33459.49 | AT6: 33464.405 | AU6: 33489.73 | AV6: 33479 | AW6: 33487.297
A7: Market Place | B7: 26126 | C7: 26252 | D7: 26236 | E7: 26023 | F7: 26017 | G7: 26017 | H7: 26848 | I7: 26927 | J7: 26927 | K7: 26927 | L7: 26927 | M7: 26927 | N7: 26927 | O7: 26927 | P7: 26927 | Q7: 26927 | R7: 26940 | S7: 26940 | T7: 26940 | U7: 26940 | V7: 26940 | W7: 26940 | X7: 26940 | Y7: 26940 | Z7: 26940 | AA7: 26940 | AB7: 26940 | AC7: 26940 | AD7: 26940 | AE7: 26940 | AF7: 26940 | AG7: 26940 | AH7: 26547.623 | AI7: 26547.623 | AJ7: 26547.623 | AK7: 26547.623 | AL7: 26713.053 | AM7: 26713.053 | AN7: 26713.053 | AO7: 26881.473 | AP7: 26882.313 | AQ7: 26882.313 | AR7: 26882.313 | AS7: 26881.875 | AT7: 26772.006 | AU7: 26552.993 | AV7: 26552.993 | AW7: 26560.15
A8: Iguatemi Alphaville | B8: - | C8: - | D8: - | E8: - | F8: 30178 | G8: 30178 | H8: 30551 | I8: 30822 | J8: 30822 | K8: 30822 | L8: 30822 | M8: 30822 | N8: 30822 | O8: 30822 | P8: 30822 | Q8: 30822 | R8: 31312 | S8: 31312 | T8: 31312 | U8: 31312 | V8: 31312 | W8: 31312 | X8: 31312 | Y8: 31312 | Z8: 31312 | AA8: 31312 | AB8: 31312 | AC8: 31312 | AD8: 31312 | AE8: 31312 | AF8: 31312 | AG8: 31312 | AH8: 31257.53 | AI8: 31257.53 | AJ8: 31257.53 | AK8: 31257.53 | AL8: 31250.03 | AM8: 31250.03 | AN8: 31250.03 | AO8: 31133.03 | AP8: 31147.03 | AQ8: 31147.03 | AR8: 31147.03 | AS8: 31147.03 | AT8: 31147.03 | AU8: 31147.03 | AV8: 30998.257 | AW8: 30923.87
A9: Iguatemi Campinas | B9: 54887 | C9: 55057 | D9: 55057 | E9: 55105 | F9: 55105 | G9: 55386 | H9: 54031 | I9: 54075 | J9: 54075 | K9: 54075 | L9: 54075 | M9: 54075 | N9: 54075 | O9: 54075 | P9: 54075 | Q9: 54075 | R9: 54321 | S9: 54321 | T9: 54321 | U9: 54321 | V9: 54321 | W9: 73492 | X9: 73492 | Y9: 73492 | Z9: 73492 | AA9: 73492 | AB9: 73492 | AC9: 73492 | AD9: 73492 | AE9: 73492 | AF9: 73492 | AG9: 73492 | AH9: 72659 | AI9: 72659 | AJ9: 72659 | AK9: 72659 | AL9: 72726.39 | AM9: 72726.39 | AN9: 72726.39 | AO9: 72725.21 | AP9: 72725.21 | AQ9: 72725.21 | AR9: 72725.19 | AS9: 72725.19 | AT9: 72736.83 | AU9: 72725.56 | AV9: 73394.147 | AW9: 73389.786
A10: Galleria | B10: 24014 | C10: 24014 | D10: 24074 | E10: 24056 | F10: 23983 | G10: 23941 | H10: 24251 | I10: 25736 | J10: 25736 | K10: 25736 | L10: 33236 | M10: 33236 | N10: 33236 | O10: 33236 | P10: 33236 | Q10: 33236 | R10: 33146 | S10: 33146 | T10: 33146 | U10: 33146 | V10: 33146 | W10: 33146 | X10: 33146 | Y10: 33146 | Z10: 33146 | AA10: 33146 | AB10: 33146 | AC10: 33146 | AD10: 33146 | AE10: 33146 | AF10: 33146 | AG10: 33146 | AH10: 33263 | AI10: 33263.24 | AJ10: 33263.24 | AK10: 33263.24 | AL10: 33244.82 | AM10: 33244.82 | AN10: 33244.82 | AO10: 33249.29 | AP10: 33142.21 | AQ10: 33142.21 | AR10: 33142.21 | AS10: 33141.21 | AT10: 33141.21 | AU10: 33141.21 | AV10: 33141.21 | AW10: 33141.21
A11: Iguatemi Esplanada (1) | B11: 27663 | C11: 27663 | D11: 27663 | E11: 27663 | F11: 27663 | G11: 27663 | H11: 27663 | I11: 27663 | J11: 27663 | K11: 27663 | L11: 27663 | M11: 27663 | N11: 27663 | O11: 24340 | P11: 24340 | Q11: 63890 | R11: 64360 | S11: 64360 | T11: 64360 | U11: 64360 | V11: 64360 | W11: 64360 | X11: 64360 | Y11: 64360 | Z11: 64360 | AA11: 64360 | AB11: 64360 | AC11: 64360 | AD11: 64360 | AE11: 64360 | AF11: 64360 | AG11: 64360 | AH11: 64482 | AI11: 64481.89 | AJ11: 64481.89 | AK11: 64481.89 | AL11: 64714.28 | AM11: 64714.28 | AN11: 64714.28 | AO11: 64807.09 | AP11: 64809.21 | AQ11: 64809.21 | AR11: 64809.21 | AS11: 64809.21 | AT11: 64809.21 | AU11: 64809.21 | AV11: 64807.41 | AW11: 64807.41
A12: Iguatemi Esplanada - propietary area (2) | B12: 3678 | C12: 3678 | D12: 3678 | E12: 3678 | F12: 3678 | G12: 3678 | H12: 3678 | I12: 3678 | J12: 3678 | K12: 3678 | L12: 3678 | M12: 3678 | N12: 3678 | O12: 3678 | P12: 3678 | Q12: 3678 | R12: 3678 | S12: 3678 | T12: 3678 | U12: 3678 | V12: 3678 | W12: 3678 | X12: 3678 | Y12: 3678 | Z12: 3678 | AA12: 3678 | AB12: 3678 | AC12: 3678 | AD12: 3678 | AE12: 3678 | AF12: 3678 | AG12: 3678 | AH12: 3678 | AI12: 3678 | AJ12: 3678 | AK12: 3678 | AL12: 3678 | AM12: 3678 | AN12: 3678 | AO12: 3678 | AP12: 3678 | AQ12: 3678 | AR12: 3678 | AS12: 3678 | AT12: 3678 | AU12: 3678 | AV12: 3678 | AW12: 3678
A13: Iguatemi São Carlos | B13: 19046 | C13: 19046 | D13: 19046 | E13: 19022 | F13: 19020 | G13: 19020 | H13: 19020 | I13: 19035 | J13: 19035 | K13: 19035 | L13: 19035 | M13: 19035 | N13: 19035 | O13: 19035 | P13: 19035 | Q13: 19035 | R13: 19049 | S13: 22323 | T13: 22323 | U13: 22323 | V13: 22323 | W13: 22323 | X13: 22323 | Y13: 22323 | Z13: 22323 | AA13: 22323 | AB13: 22323 | AC13: 22323 | AD13: 22323 | AE13: 22323 | AF13: 22323 | AG13: 22323 | AH13: 22331.46 | AI13: 22331.46 | AJ13: 22331.46 | AK13: 22331.46 | AL13: 22331.46 | AM13: 22331.46 | AN13: 22331.46 | AO13: 22333.96 | AP13: 22333.96 | AQ13: 22333.96 | AR13: 22333.96 | AS13: 22333.96 | AT13: 22333.96 | AU13: 22333.96 | AV13: 22333.96 | AW13: 22343.72
A14: Iguatemi Ribeirão Preto | B14: 0 | C14: 0 | D14: 0 | E14: 0 | F14: 0 | G14: 0 | H14: 0 | I14: 0 | J14: 0 | K14: 0 | L14: 0 | M14: 0 | N14: 0 | O14: 0 | P14: 44100 | Q14: 44100 | R14: 43648 | S14: 43648 | T14: 43648 | U14: 43648 | V14: 43648 | W14: 43648 | X14: 43648 | Y14: 43648 | Z14: 43648 | AA14: 43648 | AB14: 43648 | AC14: 43648 | AD14: 43648 | AE14: 43648 | AF14: 43648 | AG14: 43648 | AH14: 40543 | AI14: 40543 | AJ14: 40543 | AK14: 40543 | AL14: 40492 | AM14: 40492 | AN14: 40492 | AO14: 43325.2 | AP14: 43287.6 | AQ14: 43287.6 | AR14: 43287.6 | AS14: 43429.6 | AT14: 43428.44 | AU14: 43329.46 | AV14: 43329.46 | AW14: 43329.46
A15: Iguatemi Rio Preto | B15: 0 | C15: 0 | D15: 0 | E15: 0 | F15: 0 | G15: 0 | H15: 0 | I15: 0 | J15: 0 | K15: 0 | L15: 0 | M15: 0 | N15: 0 | O15: 0 | P15: 0 | Q15: 0 | R15: 0 | S15: 43649 | T15: 43649 | U15: 43649 | V15: 43649 | W15: 43649 | X15: 43649 | Y15: 43649 | Z15: 43649 | AA15: 43649 | AB15: 43649 | AC15: 43649 | AD15: 43649 | AE15: 43649 | AF15: 43649 | AG15: 43649 | AH15: 43546 | AI15: 43546 | AJ15: 43546 | AK15: 43546 | AL15: 43549 | AM15: 43549 | AN15: 43549 | AO15: 43550 | AP15: 43550 | AQ15: 43550 | AR15: 43550 | AS15: 43550 | AT15: 43550 | AU15: 43550 | AV15: 43550 | AW15: 43550
A16: Iguatemi Porto Alegre | B16: 39331 | C16: 39334 | D16: 39320 | E16: 39310 | F16: 39310 | G16: 39307 | H16: 39307 | I16: 39306 | J16: 39306 | K16: 39306 | L16: 39306 | M16: 39306 | N16: 39306 | O16: 39306 | P16: 39306 | Q16: 39306 | R16: 38926 | S16: 38926 | T16: 38926 | U16: 38926 | V16: 38926 | W16: 38926 | X16: 38926 | Y16: 38926 | Z16: 38926 | AA16: 59302 | AB16: 59302 | AC16: 59302 | AD16: 59302 | AE16: 59302 | AF16: 59302 | AG16: 59302 | AH16: 63365.98 | AI16: 63365.98 | AJ16: 63365.98 | AK16: 63365.98 | AL16: 63365.98 | AM16: 63365.98 | AN16: 63365.98 | AO16: 64252.75 | AP16: 64252.74 | AQ16: 64252.74 | AR16: 64292.49 | AS16: 64292.33 | AT16: 64634.273 | AU16: 64806.57 | AV16: 64806.57 | AW16: 64792.377
A17: Praia de Belas | B17: 28066 | C17: 28011 | D17: 29109 | E17: 28694 | F17: 28695 | G17: 28866 | H17: 28873 | I17: 30081 | J17: 30081 | K17: 30081 | L17: 30081 | M17: 30081 | N17: 30081 | O17: 30081 | P17: 30081 | Q17: 47705 | R17: 47205 | S17: 47205 | T17: 47205 | U17: 47205 | V17: 47205 | W17: 47205 | X17: 47205 | Y17: 47205 | Z17: 47205 | AA17: 47205 | AB17: 47205 | AC17: 47205 | AD17: 47205 | AE17: 47205 | AF17: 47205 | AG17: 47205 | AH17: 44366.94 | AI17: 44366.94 | AJ17: 44366.94 | AK17: 44366.94 | AL17: 44778.54 | AM17: 44778.54 | AN17: 44778.54 | AO17: 44667.46 | AP17: 44683.41 | AQ17: 44683.41 | AR17: 44683.41 | AS17: 44683.41 | AT17: 44668.13 | AU17: 44675.38 | AV17: 44793.313 | AW17: 44852.28
A18: Iguatemi Florianópolis | B18: 20230 | C18: 20178 | D18: 20178 | E18: 20197 | F18: 20180 | G18: 20180 | H18: 20246 | I18: 20487 | J18: 20487 | K18: 20487 | L18: 20487 | M18: 20487 | N18: 20487 | O18: 20487 | P18: 20487 | Q18: 20487 | R18: 21189 | S18: 21189 | T18: 21189 | U18: 21189 | V18: 21189 | W18: 21189 | X18: 21189 | Y18: 21189 | Z18: 21189 | AA18: 21189 | AB18: 21189 | AC18: 21189 | AD18: 21189 | AE18: 21189 | AF18: 21189 | AG18: 21189 | AH18: 21109.33 | AI18: 21109.33 | AJ18: 21109.33 | AK18: 21109.33 | AL18: 21109.33 | AM18: 21109.33 | AN18: 21109.33 | AO18: 0 | AP18: 0 | AQ18: 0 | AR18: 0 | AS18: 0 | AT18: 0 | AU18: 0 | AV18: 0 | AW18: 0
A19: Iguatemi Caxias | B19: 30982 | C19: 30324 | D19: 30324 | E19: 30324 | F19: 29101 | G19: 29101 | H19: 29101 | I19: 30324 | J19: 30324 | K19: 30324 | L19: 30324 | M19: 30324 | N19: 30324 | O19: 30324 | P19: 30324 | Q19: 30324 | R19: 30324 | S19: 30324 | T19: 30324 | U19: 30324 | V19: 30324 | W19: 30324 | X19: 30324 | Y19: 30324 | Z19: 30324 | AA19: 30324 | AB19: 30324 | AC19: 30324 | AD19: 30324 | AE19: 30324 | AF19: 30324 | AG19: 30324 | AH19: 30324 | AI19: 30324 | AJ19: 30324 | AK19: 30324 | AL19: 30324 | AM19: 30324 | AN19: 0 | AO19: 0 | AP19: 0 | AQ19: 0 | AR19: 0 | AS19: 0 | AT19: 0 | AU19: 0 | AV19: 0 | AW19: 0
A20: Iguatemi Brasília | B20: 33800 | C20: 33800 | D20: 33800 | E20: 33800 | F20: 33800 | G20: 33800 | H20: 33800 | I20: 31822 | J20: 31822 | K20: 31822 | L20: 31822 | M20: 31822 | N20: 31822 | O20: 31822 | P20: 31822 | Q20: 31822 | R20: 32302 | S20: 32302 | T20: 32302 | U20: 32302 | V20: 32302 | W20: 32302 | X20: 32302 | Y20: 32302 | Z20: 32302 | AA20: 32302 | AB20: 32302 | AC20: 32302 | AD20: 32302 | AE20: 32302 | AF20: 32302 | AG20: 32302 | AH20: 34147.5 | AI20: 34147.5 | AJ20: 34147.5 | AK20: 34147.5 | AL20: 34153.5 | AM20: 34153.5 | AN20: 34153.5 | AO20: 33811.72 | AP20: 34445.72 | AQ20: 34445.72 | AR20: 34445.72 | AS20: 34446.72 | AT20: 34516.84 | AU20: 34657.62 | AV20: 34657.62 | AW20: 34657.62
... A23: Power Center Iguatemi Campinas (4) | B23: 29176 | C23: 29176 | D23: 29176 | E23: 29176 | F23: 29176 | G23: 29176 | H23: 29176 | I23: 32066 | J23: 32066 | K23: 32066 | L23: 32066 | M23: 32066 | N23: 32066 | O23: 32066 | P23: 32066 | Q23: 32066 | R23: 32422 | S23: 32422 | T23: 32422 | U23: 32422 | V23: 32422 | W23: 32422 | X23: 32422 | Y23: 32422 | Z23: 32422 | AA23: 32422 | AB23: 32422 | AC23: 32422 | AD23: 32422 | AE23: 32422 | AF23: 32422 | AG23: 32422 | AH23: 29822.1 | AI23: 29822.1 | AJ23: 29822.1 | AK23: 29822.1 | AL23: 29822.1 | AM23: 29822.1 | AN23: 29822.1 | AO23: 29822.1 | AP23: 29822.1 | AQ23: 29822.1 | AR23: 29822.1 | AS23: 29822.1 | AT23: 29822.1 | AU23: 27534.1 | AV23: 27534.1 | AW23: 27534.1
A24: Boulevard Iguatemi Rio | B24: 25976 | C24: 26203 | D24: 26203 | E24: 26203 | F24: 26203 | G24: 26225 | H24: 26225 | I24: 26129 | J24: 26129 | K24: 26129 | L24: 0 | M24: 0 | N24: 0 | O24: 0 | P24: 0 | Q24: 0 | R24: 0 | S24: 0 | T24: 0 | U24: 0 | V24: 0 | W24: 0 | X24: 0 | Y24: 0 | Z24: 0 | AA24: 0 | AB24: 0 | AC24: 0 | AD24: 0 | AE24: 0 | AF24: 0 | AG24: 0 | AH24: 0 | AI24: - | AJ24: 0 | AK24: 0 | AL24: - | AM24: - | AN24: 0 | AO24: 0 | AP24: 0 | AQ24: 0 | AR24: 0 | AS24: 0 | AT24: 0 | AU24: 0 | AV24: 0 | AW24: 0
A25: Subtotal Shoppings | B25: 376878 | C25: 376412 | D25: 377891 | E25: 377261 | F25: 406209 | G25: 409038 | H25: 409067 | I25: 414126 | J25: 414126 | K25: 449419 | L25: 456919 | M25: 456919 | N25: 456919 | O25: 458100 | P25: 522287 | Q25: 579461 | R25: 580028 | S25: 626951 | T25: 626951 | U25: 626951 | V25: 626951 | W25: 646122 | X25: 681410 | Y25: 681410 | Z25: 681410 | AA25: 701786 | AB25: 701786 | AC25: 701786 | AD25: 701786 | AE25: 701786 | AF25: 701786 | AG25: 701786 | AH25: 698594.58 | AI25: 698596.35 | AJ25: 698596.35 | AK25: =SUM(AK4:AK24) -> 718484.26 | AL25: 719464.94 | AM25: 719464.94 | AN25: 689140.94 | AO25: 671118.26 | AP25: =SUM(AP4:AP24) -> 671703.19 | AQ25: 671638.81 | AR25: =SUM(AR4:AR24) -> 671698.13 | AS25: 671909.27 | AT25: 672211.88 | AU25: 669689.86 | AV25: 670312.54 | AW25: =SUM(AW4:AW24) -> 670294.71
A26: Market Place Torre I | B26: 15685 | C26: 15685 | D26: 15685 | E26: 15685 | F26: 15685 | G26: 15685 | H26: 15685 | I26: 15685 | J26: 15685 | K26: 15685 | L26: 15685 | M26: 15685 | N26: 15685 | O26: 15685 | P26: 15685 | Q26: 15685 | R26: 15685 | S26: 15685 | T26: 15685 | U26: 15685 | V26: 15685 | W26: 15685 | X26: 15685 | Y26: 15685 | Z26: 15685 | AA26: 15685 | AB26: 15685 | AC26: 15685 | AD26: 15685 | AE26: 15685 | AF26: 15685 | AG26: 15685 | AH26: 15274 | AI26: 15274.01 | AJ26: 15274.01 | AK26: 15274.01 | AL26: 15274.01 | AM26: 15274.01 | AN26: 15274.01 | AO26: 15274.01 | AP26: 15274.01 | AQ26: 15274.01 | AR26: 15274.01 | AS26: 15315.09 | AT26: 15315.09 | AU26: 15315.09 | AV26: 15315.09 | AW26: 15345.09
A27: Market Place Torre II | B27: 13395 | C27: 13395 | D27: 13395 | E27: 13395 | F27: 13395 | G27: 13395 | H27: 13395 | I27: 13395 | J27: 13395 | K27: 13395 | L27: 13395 | M27: 13395 | N27: 13395 | O27: 13395 | P27: 13395 | Q27: 13395 | R27: 13395 | S27: 13395 | T27: 13395 | U27: 13395 | V27: 13395 | W27: 13395 | X27: 13395 | Y27: 13395 | Z27: 13395 | AA27: 13395 | AB27: 13395 | AC27: 13395 | AD27: 13395 | AE27: 13395 | AF27: 13395 | AG27: 13395 | AH27: 13319 | AI27: 13319.21 | AJ27: 13319.21 | AK27: 13319.21 | AL27: 13319.21 | AM27: 13319.21 | AN27: 13319.21 | AO27: 13319.21 | AP27: 13319.21 | AQ27: 13319.21 | AR27: 13319.21 | AS27: 13393.94 | AT27: 13388.62 | AU27: 13388.62 | AV27: 13388.62 | AW27: 13388.62
A28: Torre Iguatemi Porto Alegre | B28: 0 | C28: 0 | D28: 0 | E28: 0 | F28: 0 | G28: 0 | H28: 0 | I28: 0 | J28: 0 | K28: 0 | L28: 0 | M28: 0 | N28: 0 | O28: 0 | P28: 0 | Q28: 0 | R28: 0 | S28: 0 | T28: 0 | U28: 0 | V28: 0 | W28: 0 | X28: 0 | Y28: 0 | Z28: 0 | AA28: 10692 | AB28: 10692 | AC28: 10692 | AD28: 10692 | AE28: 10692 | AF28: 10692 | AG28: 10692 | AH28: 10278 | AI28: 10277.74 | AJ28: 10277.74 | AK28: 10277.74 | AL28: 10277.74 | AM28: 10277.74 | AN28: 10277.74 | AO28: 10277.74 | AP28: 10277.74 | AQ28: 10277.74 | AR28: 10277.74 | AS28: 10276.46 | AT28: 10276.46 | AU28: 10092 | AV28: 10092 | AW28: 10276
A29: Torre Iguatemi São Paulo | B29: 0 | C29: 0 | D29: 0 | E29: 0 | F29: 0 | G29: 4875 | H29: 4469 | I29: 4469 | J29: 4469 | K29: 4469 | L29: 4469 | M29: 4469 | N29: 4469 | O29: 4469 | P29: 4469 | Q29: 4469 | R29: 4469 | S29: 4469 | T29: 4469 | U29: 4469 | V29: 4469 | W29: 4469 | X29: 4469 | Y29: 4469 | Z29: 4469 | AA29: 4469 | AB29: 4469 | AC29: 4469 | AD29: 4469 | AE29: 4469 | AF29: 4469 | AG29: 4469 | AH29: 0 | AI29: - | AJ29: 0 | AK29: 0 | AL29: 0 | AM29: 0 | AN29: 0 | AO29: 0 | AP29: 0 | AQ29: 0 | AR29: 0 | AS29: 0 | AT29: 0 | AU29: 0 | AV29: 0 | AW29: 0
A30: Subtotal Towers | B30: 29080 | C30: 29080 | D30: 29080 | E30: 29080 | F30: 29080 | G30: 33955 | H30: 33549 | I30: 33549 | J30: 33549 | K30: 33549 | L30: 33549 | M30: 33549 | N30: 33549 | O30: 33549 | P30: 33549 | Q30: 33549 | R30: 33549 | S30: 33549 | T30: 33549 | U30: 33549 | V30: 33549 | W30: 33549 | X30: 33549 | Y30: 33549 | Z30: 33549 | AA30: 44241 | AB30: 44241 | AC30: 44241 | AD30: 44241 | AE30: 44241 | AF30: 44241 | AG30: 44241 | AH30: 38871 | AI30: 38870.96 | AJ30: 38870.96 | AK30: =SUM(AK26:AK29) -> 38870.96 | AL30: 38870.96 | AM30: 38870.96 | AN30: 38870.96 | AO30: 38870.96 | AP30: =SUM(AP26:AP29) -> 38870.96 | AQ30: 38870.96 | AR30: =SUM(AR26:AR29) -> 38870.96 | AS30: 38985.49 | AT30: 38980.17 | AU30: 38795.71 | AV30: 38795.71 | AW30: =SUM(AW26:AW29) -> 39009.71
A31: Total | B31: 405958 | C31: 405492 | D31: 406971 | E31: 406341 | F31: 435289 | G31: 442993 | H31: 442616 | I31: 447675 | J31: 447675 | K31: 482968 | L31: 490468 | M31: 490468 | N31: 490468 | O31: 491649 | P31: 555836 | Q31: 613010 | R31: 613577 | S31: 660500 | T31: 660500 | U31: 660500 | V31: 660500 | W31: 679671 | X31: 714959 | Y31: 714959 | Z31: 714959 | AA31: 746027 | AB31: 746027 | AC31: 746027 | AD31: 746027 | AE31: 746027 | AF31: 746027 | AG31: 746027 | AH31: 737465.58 | AI31: 737467.31 | AJ31: 737467.31 | AK31: =AK30+AK25 -> 757355.22 | AL31: 758335.9 | AM31: 758335.9 | AN31: 728011.9 | AO31: 709989.22 | AP31: =AP30+AP25 -> 710574.15 | AQ31: 710509.77 | AR31: =AR30+AR25 -> 710569.09 | AS31: 710894.76 | AT31: 711192.05 | AU31: 708485.57 | AV31: 709108.25 | AW31: =AW30+AW25 -> 709304.42
A34: Iguatemi Interest | B34: 1Q10 | C34: 2Q10 | D34: 3Q10 | E34: 4Q10 | F34: 1Q11 | G34: 2Q11 | H34: 3Q11 | I34: 4Q11 | J34: 1Q12 | K34: 2Q12 | L34: 3Q12 | M34: 4Q12 | N34: 1Q13 | O34: 2Q13 | P34: 3Q13 | Q34: 4Q13 | R34: 1Q14 | S34: 2Q14 | T34: 3Q14 | U34: 4Q14 | V34: 1Q15 | W34: 2Q15 | X34: 3Q15 | Y34: 4Q15 | Z34: 1Q16 | AA34: 2Q16 | AB34: 3Q16 | AC34: 4Q16 | AD34: 1Q17 | AE34: 2Q17 | AF34: 3Q17 | AG34: 4Q17 | AH34: 1Q18 | AI34: =AI1 -> 2Q18 | AJ34: =AJ1 -> 3Q18 | AK34: =AK1 -> 4Q18 | AL34: =AL1 -> 1Q19 | AM34: =AM1 -> 2Q19 | AN34: =AN1 -> 3Q19 | AO34: =AO1 -> 4Q19 | AP34: =AP1 -> 1Q20 | ... AW34: =AW1 -> 4Q21
A35: Iguatemi São Paulo | B35: 50,5% | C35: 0.505 | D35: 0.505 | E35: 50,5% | F35: 0.506 | G35: 0.506 | H35: 0.506 | I35: 0.576 | J35: 0.576 | K35: 0.576 | L35: 0.576 | M35: 0.5775 | N35: 0.5775 | O35: 0.5775 | P35: 0.5775 | Q35: 0.5775 | R35: 0.5777 | S35: 0.5777 | T35: 0.5777 | U35: 0.5801 | V35: 0.5801 | W35: 0.5801 | X35: 0.5813 | Y35: 0.5813 | Z35: 0.5841 | AA35: 0.5841 | AB35: 0.5841 | AC35: 0.5841 | AD35: 0.5841 | AE35: 0.5841 | AF35: 0.5844 | AG35: 0.5845 | AH35: 0.5849 | AI35: 0.5854 | AJ35: 0.5855 | AK35: 0.5858 | AL35: 0.5858 | AM35: 0.5858 | AN35: 0.5858 | AO35: 0.5858 | AP35: 0.5858 | AQ35: 0.5858 | AR35: 0.5858 | AS35: 0.5858 | AT35: 0.5858 | AU35: 0.5858 | AV35: 0.5858 | AW35: 0.5858
A36: JK Iguatemi | B36: - | C36: - | D36: - | E36: - | F36: - | G36: - | H36: - | I36: - | J36: - | K36: 0.5 | L36: 0.5 | M36: 0.5 | N36: 0.5 | O36: 0.5 | P36: 0.5 | Q36: 0.5 | R36: 0.64 | S36: 0.64 | T36: 0.64 | U36: 0.64 | V36: 0.64 | W36: 0.64 | X36: 0.63998627 | Y36: 0.63998627 | Z36: 0.63998627 | AA36: 0.64 | AB36: 0.64 | AC36: 0.64 | AD36: 0.64 | AE36: 0.64 | AF36: 0.64 | AG36: 0.64 | AH36: 0.64 | AI36: 0.64 | AJ36: 0.64 | AK36: 0.64 | AL36: 0.64 | AM36: 0.64 | AN36: 0.64 | AO36: 0.64 | AP36: 0.64 | AQ36: 0.64 | AR36: 0.64 | AS36: 0.64 | AT36: 0.64 | AU36: 0.64 | AV36: 0.64 | AW36: 0.64
A37: Pátio Higienópolis | B37: - | C37: - | D37: - | E37: - | F37: - | G37: - | H37: - | I37: - | J37: - | K37: - | L37: - | M37: - | N37: - | O37: - | P37: - | Q37: - | R37: - | S37: - | T37: - | U37: - | V37: - | W37: - | X37: 0.0284 | Y37: 0.112 | Z37: 0.112 | AA37: 0.112 | AB37: 0.112 | AC37: 0.112 | AD37: 0.112 | AE37: 0.112 | AF37: 0.112 | AG37: 0.112 | AH37: 0.1154 | AI37: 0.1154 | AJ37: 0.1154 | AK37: 0.1154 | AL37: 0.1154 | AM37: 0.1154 | AN37: 0.1154 | AO37: 0.1154 | AP37: 0.1154 | AQ37: 0.1154 | AR37: 0.1154 | AS37: 0.1154 | AT37: 0.1154 | AU37: 0.1154 | AV37: 0.1154 | AW37: 0.1154
A38: Market Place | B38: 1 | C38: 1 | D38: 1 | E38: 1 | F38: 1 | G38: 1 | H38: 1 | I38: 1 | J38: 1 | K38: 1 | L38: 1 | M38: 1 | N38: 1 | O38: 1 | P38: 1 | Q38: 1 | R38: 1 | S38: 1 | T38: 1 | U38: 1 | V38: 1 | W38: 1 | X38: 1 | Y38: 1 | Z38: 1 | AA38: 1 | AB38: 1 | AC38: 1 | AD38: 1 | AE38: 1 | AF38: 1 | AG38: 1 | AH38: 1 | AI38: 1 | AJ38: 1 | AK38: 1 | AL38: 1 | AM38: 1 | AN38: 1 | AO38: 1 | AP38: 1 | AQ38: 1 | AR38: 1 | AS38: 1 | AT38: 1 | AU38: 1 | AV38: 1 | AW38: 1
A39: Iguatemi Alphaville | B39: - | C39: - | D39: - | E39: - | F39: 0.78 | G39: 0.78 | H39: 0.78 | I39: 0.78 | J39: 0.78 | K39: 0.78 | L39: 0.78 | M39: 0.78 | N39: 0.78 | O39: 0.78 | P39: 0.78 | Q39: 0.78 | R39: 0.78 | S39: 0.78 | T39: 0.78 | U39: 0.78 | V39: 0.78 | W39: 0.78 | X39: 0.7799885 | Y39: 0.7799885 | Z39: 0.7799885 | AA39: 0.78 | AB39: 0.78 | AC39: 0.78 | AD39: 0.78 | AE39: 0.78 | AF39: 0.78 | AG39: 0.78 | AH39: 0.78 | AI39: 0.78 | AJ39: 0.78 | AK39: 0.78 | AL39: 0.78 | AM39: 0.78 | AN39: 0.78 | AO39: 0.78 | AP39: 0.78 | AQ39: 0.78 | AR39: 0.78 | AS39: 0.78 | AT39: 0.78 | AU39: 0.78 | AV39: 0.78 | AW39: 0.78
A40: Iguatemi Campinas | B40: 0.65 | C40: 0.65 | D40: 0.65 | E40: 0.65 | F40: 0.65 | G40: 0.65 | H40: 0.65 | I40: 0.7 | J40: 0.7 | K40: 0.7 | L40: 0.7 | M40: 0.7 | N40: 0.7 | O40: 0.7 | P40: 0.7 | Q40: 0.7 | R40: 0.7 | S40: 0.7 | T40: 0.7 | U40: 0.7 | V40: 0.7 | W40: 0.7 | X40: 0.7 | Y40: 0.7 | Z40: 0.7 | AA40: 0.7 | AB40: 0.7 | AC40: 0.7 | AD40: 0.7 | AE40: 0.7 | AF40: 0.7 | AG40: 0.7 | AH40: 0.7 | AI40: 0.7 | AJ40: 0.7 | AK40: 0.7 | AL40: 0.7 | AM40: 0.7 | AN40: 0.7 | AO40: 0.7 | AP40: 0.7 | AQ40: 0.7 | AR40: 0.7 | AS40: 0.7 | AT40: 0.7 | AU40: 0.7 | AV40: 0.7 | AW40: 0.7
A41: Galleria | B41: 0.5 | C41: 0.5 | D41: 0.5 | E41: 0.5 | F41: 0.5 | G41: 0.5 | H41: 0.5 | I41: 0.5 | J41: 0.5 | K41: 0.5 | L41: 0.5 | M41: 0.5 | N41: 0.5 | O41: 0.5 | P41: 0.8 | Q41: 1 | R41: 1 | S41: 1 | T41: 1 | U41: 1 | V41: 1 | W41: 1 | X41: 1 | Y41: 1 | Z41: 1 | AA41: 1 | AB41: 1 | AC41: 1 | AD41: 1 | AE41: 1 | AF41: 1 | AG41: 1 | AH41: 1 | AI41: 1 | AJ41: 1 | AK41: 1 | AL41: 1 | AM41: 1 | AN41: 1 | AO41: 1 | AP41: 1 | AQ41: 1 | AR41: 1 | AS41: 1 | AT41: 1 | AU41: 1 | AV41: 1 | AW41: 1
A42: Iguatemi Esplanada (1) | B42: 0.297 | C42: 0.297 | D42: 0.297 | E42: 0.297 | F42: 0.331 | G42: 0.331 | H42: 0.38 | I42: 0.38 | J42: 0.38 | K42: 0.38 | L42: 0.38 | M42: 0.38 | N42: 0.38 | O42: 0.38 | P42: 0.38 | Q42: 0.5533 | R42: 0.5537 | S42: 0.5537 | T42: 0.5537 | U42: 0.5537 | V42: 0.5537 | W42: 0.5537 | X42: 0.5537 | Y42: 0.5537 | Z42: 0.5537 | AA42: 0.5537 | AB42: 0.5537 | AC42: 0.5537 | AD42: 0.5537 | AE42: 0.5537 | AF42: 0.5537 | AG42: 0.5537 | AH42: 0.5537 | AI42: 0.5537 | AJ42: 0.5537 | AK42: 0.5537 | AL42: 0.5537 | AM42: 0.5537 | AN42: 0.5537 | AO42: 0.5537 | AP42: 0.60933899 | AQ42: 0.60933899 | AR42: 0.60933899 | AS42: 0.60933899 | AT42: 0.60933899 | AU42: 0.60933899 | AV42: 0.6093412 | AW42: 0.6093412
A43: Iguatemi Esplanada - propietary area (2) | B43: 1 | C43: 1 | D43: 1 | E43: 1 | F43: 1 | G43: 1 | H43: 1 | I43: 1 | J43: 1 | K43: 1 | L43: 1 | M43: 1 | N43: 1 | O43: 1 | P43: 1 | Q43: 1 | R43: 1 | S43: 1 | T43: 1 | U43: 1 | V43: 1 | W43: 1 | X43: 1 | Y43: 1 | Z43: 1 | AA43: 1 | AB43: 1 | AC43: 1 | AD43: 1 | AE43: 1 | AF43: 1 | AG43: 1 | AH43: 1 | AI43: 1 | AJ43: 1 | AK43: 1 | AL43: 1 | AM43: 1 | AN43: 1 | AO43: 1 | AP43: 1 | AQ43: 1 | AR43: 1 | AS43: 1 | AT43: 1 | AU43: 1 | AV43: 1 | AW43: 1
A44: Iguatemi São Carlos | B44: 0.45 | C44: 0.45 | D44: 0.45 | E44: 0.45 | F44: 0.45 | G44: 0.45 | H44: 0.45 | I44: 0.45 | J44: 0.45 | K44: 0.45 | L44: 0.45 | M44: 0.5 | N44: 0.5 | O44: 0.5 | P44: 0.5 | Q44: 0.5 | R44: 0.5 | S44: 0.5 | T44: 0.5 | U44: 0.5 | V44: 0.5 | W44: 0.5 | X44: 0.5 | Y44: 0.5 | Z44: 0.5 | AA44: 0.5 | AB44: 0.5 | AC44: 0.5 | AD44: 0.5 | AE44: 0.5 | AF44: 0.5 | AG44: 0.5 | AH44: 0.5 | AI44: 0.5 | AJ44: 0.5 | AK44: 0.5 | AL44: 0.5 | AM44: 0.5 | AN44: 0.5 | AO44: 0.5 | AP44: 0.5 | AQ44: 0.5 | AR44: 0.5 | AS44: 0.5 | AT44: 0.5 | AU44: 0.5 | AV44: 0.5 | AW44: 0.5
A45: Iguatemi Ribeirão Preto | B45: - | C45: - | D45: - | E45: - | F45: - | G45: - | H45: - | I45: - | J45: - | K45: - | L45: - | M45: - | N45: - | O45: - | P45: 0.88 | Q45: 0.88 | R45: 0.88 | S45: 0.88 | T45: 0.88 | U45: 0.88 | V45: 0.88 | W45: 0.88 | X45: 0.88 | Y45: 0.88 | Z45: 0.88 | AA45: 0.88 | AB45: 0.88 | AC45: 0.88 | AD45: 0.88 | AE45: 0.88 | AF45: 0.88 | AG45: 0.88 | AH45: 0.88 | AI45: 0.88 | AJ45: 0.88 | AK45: 0.88 | AL45: 0.88 | AM45: 0.88 | AN45: 0.88 | AO45: 0.88 | AP45: 0.88 | AQ45: 0.88 | AR45: 0.88 | AS45: 0.88 | AT45: 0.88 | AU45: 0.88 | AV45: 0.88 | AW45: 0.88
A46: Iguatemi Rio Preto | B46: - | C46: - | D46: - | E46: - | F46: - | G46: - | H46: - | I46: - | J46: - | K46: - | L46: - | M46: - | N46: - | O46: - | P46: - | Q46: - | R46: - | S46: 0.88 | T46: 0.88 | U46: 0.88 | V46: 0.88 | W46: 0.88 | X46: 0.88 | Y46: 0.88 | Z46: 0.88 | AA46: 0.88 | AB46: 0.88 | AC46: 0.88 | AD46: 0.88 | AE46: 0.88 | AF46: 0.88 | AG46: 0.88 | AH46: 0.88 | AI46: 0.88 | AJ46: 0.88 | AK46: 0.88 | AL46: 0.88 | AM46: 0.88 | AN46: 0.88 | AO46: 0.88 | AP46: 0.88 | AQ46: 0.88 | AR46: 0.88 | AS46: 0.88 | AT46: 0.88 | AU46: 0.88 | AV46: 0.88 | AW46: 0.88
A47: Iguatemi Porto Alegre (3) | B47: 0.36 | C47: 0.36 | D47: 0.36 | E47: 0.36 | F47: 0.36 | G47: 0.36 | H47: 0.36 | I47: 0.36 | J47: 0.36 | K47: 0.36 | L47: 0.36 | M47: 0.36 | N47: 0.36 | O47: 0.36 | P47: 0.36 | Q47: 0.36 | R47: 0.36 | S47: 0.36 | T47: 0.36 | U47: 0.36 | V47: 0.36 | W47: 0.36 | X47: 0.36 | Y47: 0.36 | Z47: 0.36 | AA47: 0.36 | AB47: 0.36 | AC47: 0.36 | AD47: 0.36 | AE47: 0.36 | AF47: 0.36 | AG47: 0.36 | AH47: 0.36 | AI47: 0.36 | AJ47: 0.36 | AK47: 0.36 | AL47: 0.36 | AM47: 0.36 | AN47: 0.36 | AO47: 0.36 | AP47: 0.4258 | AQ47: 0.4258 | AR47: 0.4258 | AS47: 0.4258 | AT47: 0.4258 | AU47: 0.4258 | AV47: 0.4258 | AW47: 0.4258
A48: Praia de Belas | B48: 0.375 | C48: 0.375 | D48: 0.378 | E48: 0.378 | F48: 0.378 | G48: 0.378 | H48: 0.378 | I48: 0.378 | J48: 0.378 | K48: 0.378 | L48: 0.378 | M48: 0.378 | N48: 0.378 | O48: 0.378 | P48: 0.378 | Q48: 0.378 | R48: 0.378 | S48: 0.378 | T48: 0.378 | U48: 0.378 | V48: 0.378 | W48: 0.378 | X48: 0.378 | Y48: 0.378 | Z48: 0.378 | AA48: 0.378 | AB48: 0.378 | AC48: 0.378 | AD48: 0.378 | AE48: 0.378 | AF48: 0.378 | AG48: 0.378 | AH48: 0.3755 | AI48: 0.3755 | AJ48: 0.3755 | AK48: 0.3755 | AL48: 0.3755 | AM48: 0.3755 | AN48: 0.3755 | AO48: 0.3755 | AP48: 0.5755 | AQ48: 0.5755 | AR48: 0.5755 | AS48: 0.5755 | AT48: 0.5755 | AU48: 0.5755 | AV48: 0.5755 | AW48: 0.5755
A49: Iguatemi Florianópolis | B49: 0.3 | C49: 0.3 | D49: 0.3 | E49: 0.3 | F49: 0.3 | G49: 0.3 | H49: 0.3 | I49: 0.3 | J49: 0.3 | K49: 0.3 | L49: 0.3 | M49: 0.3 | N49: 0.3 | O49: 0.3 | P49: 0.3 | Q49: 0.3 | R49: 0.3 | S49: 0.3 | T49: 0.3 | U49: 0.3 | V49: 0.3 | W49: 0.3 | X49: 0.3 | Y49: 0.3 | Z49: 0.3 | AA49: 0.3 | AB49: 0.3 | AC49: 0.3 | AD49: 0.3 | AE49: 0.3 | AF49: 0.3 | AG49: 0.3 | AH49: 0.3 | AI49: 0.3 | AJ49: 0.3 | AK49: 0.3 | AL49: 0.3 | AM49: 0.3 | AN49: 0.3 | AO49: 0 | AP49: 0 | AQ49: 0 | AR49: 0 | AS49: 1 | AT49: 0 | AU49: 0 | AV49: 0 | AW49: 0
A50: Iguatemi Caxias | B50: 0.084 | C50: 0.084 | D50: 0.084 | E50: 0.084 | F50: 0.084 | G50: 0.084 | H50: 0.084 | I50: 0.084 | J50: 0.084 | K50: 0.084 | L50: 0.084 | M50: 0.084 | N50: 0.084 | O50: 0.084 | P50: 0.084 | Q50: 0.084 | R50: 0.084 | S50: 0.084 | T50: 0.084 | U50: 0.084 | V50: 0.084 | W50: 0.084 | X50: 0.084 | Y50: 0.084 | Z50: 0.084 | AA50: 0.084 | AB50: 0.084 | AC50: 0.084 | AD50: 0.084 | AE50: 0.084 | AF50: 0.084 | AG50: 0.084 | AH50: 0.084 | AI50: 0.084 | AJ50: 0.084 | AK50: 0.084 | AL50: 0.084 | AM50: 0.084 | AN50: 0 | AO50: 0 | AP50: 0 | AQ50: 0 | AR50: 0 | AS50: 1 | AT50: 0 | AU50: 0 | AV50: 0 | AW50: 0
A51: Iguatemi Brasília | B51: 0.64 | C51: 0.64 | D51: 0.64 | E51: 0.64 | F51: 0.64 | G51: 0.64 | H51: 0.64 | I51: 0.64 | J51: 0.64 | K51: 0.64 | L51: 0.64 | M51: 0.64 | N51: 0.64 | O51: 0.64 | P51: 0.64 | Q51: 0.64 | R51: 0.64 | S51: 0.64 | T51: 0.64 | U51: 0.64 | V51: 0.64 | W51: 0.64 | X51: 0.64 | Y51: 0.64 | Z51: 0.64 | AA51: 0.64 | AB51: 0.64 | AC51: 0.64 | AD51: 0.64 | AE51: 0.64 | AF51: 0.64 | AG51: 0.64 | AH51: 0.64 | AI51: 0.64 | AJ51: 0.64 | AK51: 0.64 | AL51: 0.64 | AM51: 0.64 | AN51: 0.64 | AO51: 0.64 | AP51: 0.64 | AQ51: 0.64 | AR51: 0.64 | AS51: 0.64 | AT51: 0.64 | AU51: 0.64 | AV51: 0.64 | AW51: 0.64
A52: I Fashion Outlet Novo Hamburgo | B52: - | C52: - | D52: - | E52: - | F52: - | G52: - | H52: - | I52: - | J52: - | K52: - | L52: - | M52: - | N52: - | O52: - | P52: 0.41 | Q52: 0.41 | R52: 0.41 | S52: 0.41 | T52: 0.41 | U52: 0.41 | V52: 0.41 | W52: 0.41 | X52: 0.41 | Y52: 0.41 | Z52: 0.41 | AA52: 0.41 | AB52: 0.41 | AC52: 0.41 | AD52: 0.41 | AE52: 0.41 | AF52: 0.41 | AG52: 0.41 | AH52: 0.41 | AI52: 0.41 | AJ52: 0.41 | AK52: 0.41 | AL52: 0.41 | AM52: 0.41 | AN52: 0.41 | AO52: 0.41 | AP52: 0.41 | AQ52: 0.41 | AR52: 0.41 | AS52: 0.41 | AT52: 0.41 | AU52: 0.41 | AV52: 0.41 | AW52: 0.41
A53: I Fashion Outlet Santa Catarina | B53: - | C53: - | D53: - | E53: - | F53: - | G53: - | H53: - | I53: - | J53: - | K53: - | L53: - | M53: - | N53: - | O53: - | P53: - | Q53: - | R53: - | S53: - | T53: - | U53: - | V53: - | W53: - | X53: - | Y53: - | Z53: - | AA53: - | AB53: - | AC53: - | AD53: - | AE53: - | AF53: - | AG53: - | AH53: - | AI53: - | AJ53: - | AK53: 0.54 | AL53: 0.54 | AM53: 0.54 | AN53: 0.54 | AO53: 0.54 | AP53: 0.54 | AQ53: 0.54 | AR53: 0.54 | AS53: 0.54 | AT53: 0.54 | AU53: 0.54 | AV53: 0.54 | AW53: 0.54
A54: Power Center Iguatemi Campinas (4) | B54: 0.77 | C54: 0.77 | D54: 0.77 | E54: 0.77 | F54: 0.77 | G54: 0.77 | H54: 0.77 | I54: 0.77 | J54: 0.77 | K54: 0.77 | L54: 0.77 | M54: 0.77 | N54: 0.77 | O54: 0.77 | P54: 0.77 | Q54: 0.77 | R54: 0.77 | S54: 0.77 | T54: 0.77 | U54: 0.77 | V54: 0.77 | W54: 0.77 | X54: 0.77 | Y54: 0.77 | Z54: 0.77 | AA54: 0.77 | AB54: 0.77 | AC54: 0.77 | AD54: 0.77 | AE54: 0.77 | AF54: 0.77 | AG54: 0.77 | AH54: 0.77 | AI54: 0.77 | AJ54: 0.77 | AK54: 0.77 | AL54: 0.77 | AM54: 0.77 | AN54: 0.77 | AO54: 0.77 | AP54: 0.77 | AQ54: 0.77 | AR54: 0.77 | AS54: 0.77 | AT54: 0.77 | AU54: 0.77 | AV54: 0.77 | AW54: 0.77
A55: Boulevard Iguatemi Rio | B55: 0.607 | C55: 0.607 | D55: 0.607 | E55: 0.607 | F55: 0.607 | G55: 0.607 | H55: 0.689 | I55: 0.689 | J55: 0.689 | K55: 0.689 | L55: - | M55: - | N55: - | O55: - | P55: - | Q55: - | R55: - | S55: - | T55: - | U55: - | V55: - | W55: - | X55: - | Y55: - | Z55: - | AA55: - | AB55: - | AC55: - | AD55: - | AE55: - | AF55: - | AG55: - | AH55: 0 | AI55: 0 | AJ55: 0 | AK55: 0 | AL55: - | AM55: - | AN55: - | AO55: 0 | AP55: 0 | AQ55: 0 | AR55: 0 | AS55: 1 | AT55: 0 | AU55: 0 | AV55: 0 | AW55: 0
A56: Subtotal Shoppings | B56: 0.515 | C56: 0.516 | D56: 0.516 | E56: 0.516 | F56: 0.538 | G56: 0.538 | H56: 0.547 | I56: 0.558 | J56: 0.558 | K56: 0.554 | L56: 0.5458 | M56: 0.548 | N56: 0.548 | O56: 0.5495 | P56: 0.5911 | Q56: 0.6008 | R56: 0.6009 | S56: 0.6276 | T56: 0.6276 | U56: 0.6278 | V56: 0.6278 | W56: 0.63 | X56: 0.59985136 | Y56: 0.59985136 | Z56: 0.60422996 | AA56: 0.59714031 | AB56: 0.59714031 | AC56: 0.59714031 | AD56: 0.59714031 | AE56: 0.59714031 | AF56: 0.59714031 | AG56: 0.59716728 | AH56: 0.5948 | AI56: 0.5947847 | AJ56: 0.5947917 | AK56: 0.59329546 | AL56: 0.5932295 | AM56: 0.5932295 | AN56: 0.61563692 | AO56: 0.62677576 | AP56: 0.65167724 | AQ56: 0.65168032 | AR56: 0.65166503 | AS56: 0.65164116 | AT56: 0.65164116 | AU56: 0.65164116 | AV56: 0.65085165 | AW56: 0.6508306
A57: Market Place Torre I | B57: 1 | C57: 1 | D57: 1 | E57: 1 | F57: 1 | G57: 1 | H57: 1 | I57: 1 | J57: 1 | K57: 1 | L57: 1 | M57: 1 | N57: 1 | O57: 1 | P57: 1 | Q57: 1 | R57: 1 | S57: 1 | T57: 1 | U57: 1 | V57: 1 | W57: 1 | X57: 1 | Y57: 1 | Z57: 1 | AA57: 1 | AB57: 1 | AC57: 1 | AD57: 1 | AE57: 1 | AF57: 1 | AG57: 1 | AH57: 1 | AI57: 1 | AJ57: 1 | AK57: 1 | AL57: 1 | AM57: 1 | AN57: 1 | AO57: 1 | AP57: 1 | AQ57: 1 | AR57: 1 | AS57: 1 | AT57: 1 | AU57: 1 | AV57: 1 | AW57: 1
A58: Market Place Torre II | B58: 1 | C58: 1 | D58: 1 | E58: 1 | F58: 1 | G58: 1 | H58: 1 | I58: 1 | J58: 1 | K58: 1 | L58: 1 | M58: 1 | N58: 1 | O58: 1 | P58: 1 | Q58: 1 | R58: 1 | S58: 1 | T58: 1 | U58: 1 | V58: 1 | W58: 1 | X58: 1 | Y58: 1 | Z58: 1 | AA58: 1 | AB58: 1 | AC58: 1 | AD58: 1 | AE58: 1 | AF58: 1 | AG58: 1 | AH58: 1 | AI58: 1 | AJ58: 1 | AK58: 1 | AL58: 1 | AM58: 1 | AN58: 1 | AO58: 1 | AP58: 1 | AQ58: 1 | AR58: 1 | AS58: 1 | AT58: 1 | AU58: 1 | AV58: 1 | AW58: 1
A59: Torre Iguatemi Porto Alegre | B59: - | C59: - | D59: - | E59: - | F59: - | G59: - | H59: - | I59: - | J59: - | K59: - | L59: - | M59: - | N59: - | O59: - | P59: - | Q59: - | R59: - | S59: - | T59: - | U59: - | V59: - | W59: - | X59: - | Y59: - | Z59: - | AA59: 0.36 | AB59: 0.36 | AC59: 0.36 | AD59: 0.36 | AE59: 0.36 | AF59: 0.36 | AG59: 0.36 | AH59: 0.36 | AI59: 0.36 | AJ59: 0.36 | AK59: 0.36 | AL59: 0.36 | AM59: 0.36 | AN59: 0.36 | AO59: 0.36 | AP59: 0.4258 | AQ59: 0.4258 | AR59: 0.4258 | AS59: 0.4258 | AT59: 0.4258 | AU59: 0.4258 | AV59: 0.4258 | AW59: 0.4258
A60: Torre Iguatemi São Paulo | B60: - | C60: - | D60: - | E60: - | F60: - | G60: 0.506 | H60: 0.506 | I60: 0.576 | J60: 0.576 | K60: 0.576 | L60: 0.576 | M60: 0.5775 | N60: 0.5775 | O60: 0.5775 | P60: 0.5775 | Q60: 0.5775 | R60: 0.5777 | S60: 0.5777 | T60: 0.5777 | U60: 0.5801 | V60: 0.5801 | W60: 0.5801 | X60: 0.5813 | Y60: 0.5813 | Z60: 0.5841 | AA60: 0.5841 | AB60: 0.5841 | AC60: 0.5841 | AD60: 0.5841 | AE60: 0.5841 | AF60: 0.5844 | AG60: 0.5844 | AH60: - | AI60: - | AJ60: - | AK60: - | AL60: - | AM60: - | AN60: - | AO60: - | AP60: - | AQ60: - | AR60: - | AS60: - | AT60: - | AU60: - | AV60: 0 | AW60: 0
A61: Subtotal Towers | B61: 1 | C61: 1 | D61: 1 | E61: 1 | F61: 1 | G61: 1 | H61: 0.934 | I61: 0.944 | J61: 0.944 | K61: 1 | L61: 1 | M61: 0.9437 | N61: 0.9437 | O61: 0.9437 | P61: 0.9437 | Q61: 0.9437 | R61: 0.9437 | S61: 0.9437 | T61: 0.9437 | U61: 0.9441 | V61: 0.9441 | W61: 0.9441 | X61: 0.94422575 | Y61: 0.94422575 | Z61: 0.94422575 | AA61: 0.80331509 | AB61: 0.80331509 | AC61: 0.80331509 | AD61: 0.80331509 | AE61: 0.80331509 | AF61: 0.80331509 | AG61: 0.80331509 | AH61: 0.8308 | AI61: 0.83077975 | AJ61: 0.83077975 | AK61: 0.83077975 | AL61: 0.83077975 | AM61: 0.83077975 | AN61: 0.83077975 | AO61: 0.83077975 | AP61: 0.84817771 | AQ61: 0.84817771 | AR61: 0.84817771 | AS61: 0.84864258 | AT61: 0.84864258 | AU61: 0.84864258 | AV61: 0.85063229 | AW61: 0.84874332
A62: Total | B62: 54,8% | C62: 0.549 | D62: 0.549 | E62: 0.549 | F62: 0.567 | G62: 0.566 | H62: 0.574 | I62: 0.585 | J62: 0.585 | K62: 0.579 | L62: 0.5723 | M62: 0.575 | N62: 0.575 | P62: 0.6124 | Q62: 0.6196 | R62: 0.6197 | S62: 0.6437 | T62: 0.6437 | U62: 0.6439 | V62: 0.6439 | W62: 0.6455 | X62: 0.61601092 | Y62: 0.61601092 | Z62: 0.62020155 | AA62: 0.60936691 | AB62: 0.60936691 | AC62: 0.60936691 | AD62: 0.60936691 | AE62: 0.60936691 | AF62: 0.60936691 | AG62: 0.60936691 | AH62: 0.60717037 | AI62: 0.6072237 | AJ62: 0.60723033 | AK62: 0.60548425 | AL62: 0.6054059 | AM62: 0.6054059 | AN62: 0.62712411 | AO62: 0.63794471 | AP62: 0.66242652 | AQ62: 0.66243041 | AR62: 0.66241506 | AS62: 0.66244472 | AT62: 0.66244472 | AU62: 0.66244472 | AV62: 0.66178176 | AW62: 0.66171523
A65: Owned GLA | B65: 1Q10 | C65: 2Q10 | D65: 3Q10 | E65: 4Q10 | F65: 1Q11 | G65: 2Q11 | H65: 3Q11 | I65: 4Q11 | J65: 1Q12 | K65: 2Q12 | L65: 3Q12 | M65: 4Q12 | N65: 1Q13 | O65: 2Q13 | P65: 3Q13 | Q65: 4Q13 | R65: 1Q14 | S65: 2Q14 | T65: 3Q14 | U65: 4Q14 | V65: 1Q15 | W65: 2Q15 | X65: 3Q15 | Y65: 4Q15 | Z65: 1Q16 | AA65: 2Q16 | AB65: 3Q16 | AC65: 4Q16 | AD65: 1Q17 | AE65: 2T17 | AF65: 3Q17 | AG65: 4Q17 | AH65: 1Q18 | AI65: =AI1 -> 2Q18 | AJ65: =AJ1 -> 3Q18 | AK65: =AK1 -> 4Q18 | AL65: =AL1 -> 1Q19 | AM65: =AM1 -> 2Q19 | AN65: =AN1 -> 3Q19 | AO65: =AO1 -> 4Q19 | AP65: =AP1 -> 1Q20 | ... AW65: =AW1 -> 4Q21
A66: Iguatemi São Paulo | B66: 20147 | C66: 20139 | D66: 20316 | E66: 20308 | F66: 20377 | G66: 21602 | H66: 21499 | I66: 24252 | J66: 24252 | K66: 24252 | L66: 24252 | M66: 24315 | N66: 24315 | O66: 26916 | P66: 26916 | Q66: 26916 | R66: 26652 | S66: 26652 | T66: 26652 | U66: 26762 | V66: 26762 | W66: 26762 | X66: 27508.279 | Y66: 27508.279 | Z66: 27640.78 | AA66: 27640.78 | AB66: 27640.78 | AC66: 27640.78 | AD66: 27640.78 | AE66: 27640.78 | AF66: 27654.977 | AG66: 27659.709 | AH66: 28594.571 | AI66: 28619.015 | AJ66: 28623.904 | AK66: 28638.57 | AL66: 28739.926 | AM66: 28739.926 | AN66: 28739.926 | AO66: 28858.304 | AP66: 28896.715 | AQ66: 28856.295 | AR66: 28867.771 | AS66: 28856.295 | AT66: 28856.295 | AU66: 28856.295 | AV66: 28854.621 | AW66: 28850.911
A67: JK Iguatemi | B67: 0 | C67: 0 | D67: 0 | E67: 0 | F67: 0 | G67: 0 | H67: 0 | I67: 0 | J67: 0 | K67: 17647 | L67: 17647 | M67: 17647 | N67: 17647 | O67: 17647 | P67: 17647 | Q67: 17647 | R67: 22372 | S67: 22372 | T67: 22372 | U67: 22372 | V67: 22372 | W67: 22372 | X67: 22372 | Y67: 22372 | Z67: 22372 | AA67: 22372.48 | AB67: 22372.48 | AC67: 22372.48 | AD67: 22372.48 | AE67: 22372.48 | AF67: 22372.48 | AG67: 22372.48 | AH67: 21989.856 | AI67: 21989.856 | AJ67: 21989.856 | AK67: 21989.856 | AL67: 21989.856 | AM67: 21989.856 | AN67: 21989.856 | AO67: 21989.088 | AP67: 21989.088 | AQ67: 21989.088 | AR67: 21989.088 | AS67: 21988.448 | AT67: 21988.638 | AU67: 21828.378 | AV67: 21828.243 | AW67: 21826.323
A68: Pátio Higienópolis | B68: 0 | C68: 0 | D68: 0 | E68: 0 | F68: 0 | G68: 0 | H68: 0 | I68: 0 | J68: 0 | K68: 0 | L68: 0 | M68: 0 | N68: 0 | O68: 0 | P68: 0 | Q68: 0 | R68: 0 | S68: 0 | T68: 0 | U68: 0 | V68: 0 | W68: 0 | X68: 968.44 | Y68: 3819.2 | Z68: 3819.2 | AA68: 3819.2 | AB68: 3819.2 | AC68: 3819.2 | AD68: 3819.2 | AE68: 3819.2 | AF68: 3819.2 | AG68: 3819.2 | AH68: 3902.6664 | AI68: 3902.8557 | AJ68: 3902.8557 | AK68: 3902.8557 | AL68: 3902.7138 | AM68: 3902.7138 | AN68: 3902.7138 | AO68: 3850.3672 | AP68: 3850.0371 | AQ68: 3850.5703 | AR68: 3850.5703 | AS68: 3861.2251 | AT68: 3861.7923 | AU68: 3864.7148 | AV68: 3863.4766 | AW68: 3864.434
A69: Market Place | B69: 26126 | C69: 26252 | D69: 26236 | E69: 26023 | F69: 26017 | G69: 26017 | H69: 26848 | I69: 26927 | J69: 26927 | K69: 26927 | L69: 26927 | M69: 26927 | N69: 26927 | O69: 26927 | P69: 26927 | Q69: 26927 | R69: 26940 | S69: 26940 | T69: 26940 | U69: 26940 | V69: 26940 | W69: 26940 | X69: 26940 | Y69: 26940 | Z69: 26940 | AA69: 26940 | AB69: 26940 | AC69: 26940 | AD69: 26940 | AE69: 26940 | AF69: 26940 | AG69: 26940 | AH69: 26547.623 | AI69: 26547.623 | AJ69: 26547.623 | AK69: 26547.623 | AL69: 26713.053 | AM69: 26713.053 | AN69: 26713.053 | AO69: 26881.473 | AP69: 26882.313 | AQ69: 26882.313 | AR69: 26882.313 | AS69: 26881.875 | AT69: 26772.006 | AU69: 26552.993 | AV69: 26552.993 | AW69: 26560.15
A70: Iguatemi Alphaville | B70: - | C70: - | D70: - | E70: - | F70: 23539 | G70: 23539 | H70: 23830 | I70: 24041 | J70: 24041 | K70: 24041 | L70: 24041 | M70: 24041 | N70: 24041 | O70: 24041 | P70: 24041 | Q70: 24041 | R70: 24423 | S70: 24423 | T70: 24423 | U70: 24423 | V70: 24423 | W70: 24423 | X70: 24423 | Y70: 24423 | Z70: 24423 | AA70: 24423.36 | AB70: 24423.36 | AC70: 24423.36 | AD70: 24423.36 | AE70: 24423.36 | AF70: 24423.36 | AG70: 24423.36 | AH70: 24380.873 | AI70: 24380.873 | AJ70: 24380.873 | AK70: 24380.873 | AL70: 24375.023 | AM70: 24375.023 | AN70: 24375.023 | AO70: 24283.763 | AP70: 24294.683 | AQ70: 24294.683 | AR70: 24294.683 | AS70: 24294.683 | AT70: 24294.683 | AU70: 24294.683 | AV70: 24178.64 | AW70: 24120.619
A71: Iguatemi Campinas | B71: 35677 | C71: 35787 | D71: 35787 | E71: 35818 | F71: 35818 | G71: 36001 | H71: 35120 | I71: 37853 | J71: 37853 | K71: 37853 | L71: 37853 | M71: 37853 | N71: 37853 | O71: 37853 | P71: 37853 | Q71: 37853 | R71: 38025 | S71: 38025 | T71: 38025 | U71: 38025 | V71: 38025 | W71: 51445 | X71: 51445 | Y71: 51445 | Z71: 51445 | AA71: 51444.4 | AB71: 51444.4 | AC71: 51444.4 | AD71: 51444.4 | AE71: 51444.4 | AF71: 51444.4 | AG71: 51444.4 | AH71: 50861.3 | AI71: 50861.3 | AJ71: 50861.3 | AK71: 50861.3 | AL71: 50908.473 | AM71: 50908.473 | AN71: 50908.473 | AO71: 50907.647 | AP71: 50907.647 | AQ71: 50907.647 | AR71: 50907.633 | AS71: 50907.633 | AT71: 50915.781 | AU71: 50907.892 | AV71: 51375.903 | AW71: 51372.85
A72: Galleria | B72: 12007 | C72: 12007 | D72: 12037 | E72: 12028 | F72: 11992 | G72: 11971 | H72: 12126 | I72: 12868 | J72: 12868 | K72: 12868 | L72: 16618 | M72: 16618 | N72: 16618 | O72: 16618 | P72: 26589 | Q72: 33236 | R72: 33146 | S72: 33146 | T72: 33146 | U72: 33146 | V72: 33146 | W72: 33146 | X72: 33146 | Y72: 33146 | Z72: 33146 | AA72: 33146 | AB72: 33146 | AC72: 33146 | AD72: 33146 | AE72: 33146 | AF72: 33146 | AG72: 33146 | AH72: 33263 | AI72: 33263.24 | AJ72: 33263.24 | AK72: 33263.24 | AL72: 33244.82 | AM72: 33244.82 | AN72: 33244.82 | AO72: 33249.29 | AP72: 33142.21 | AQ72: 33142.21 | AR72: 33142.21 | AS72: 33141.21 | AT72: 33141.21 | AU72: 33141.21 | AV72: 33141.21 | AW72: 33141.21
A73: Iguatemi Esplanada (1) | B73: 8224 | C73: 8224 | D73: 8224 | E73: 8224 | F73: 9168 | G73: 9168 | H73: 10509 | I73: 10509 | J73: 10509 | K73: 10509 | L73: 10509 | M73: 10512 | N73: 10512 | O73: 9249 | P73: 9249 | Q73: 35352 | R73: 35636 | S73: 35636 | T73: 35636 | U73: 35636 | V73: 35636 | W73: 35636 | X73: 35636 | Y73: 35636 | Z73: 35636 | AA73: 35636.132 | AB73: 35636.132 | AC73: 35636.132 | AD73: 35636.132 | AE73: 35636.132 | AF73: 35636.132 | AG73: 35636.132 | AH73: 35703.683 | AI73: 35703.622 | AJ73: 35703.622 | AK73: 35703.622 | AL73: 35832.297 | AM73: 35832.297 | AN73: 35832.297 | AO73: 35883.686 | AP73: 39490.779 | AQ73: 39490.779 | AR73: 39490.779 | AS73: 39490.779 | AT73: 39490.779 | AU73: 39490.779 | AV73: 39489.825 | AW73: 39489.825
A74: Iguatemi Esplanada - propietary area (2) | B74: 3678 | C74: 3678 | D74: 3678 | E74: 3678 | F74: 3678 | G74: 3678 | H74: 3678 | I74: 3678 | J74: 3678 | K74: 3678 | L74: 3678 | M74: 3678 | N74: 3678 | O74: 3678 | P74: 3678 | Q74: 3678 | R74: 3678 | S74: 3678 | T74: 3678 | U74: 3678 | V74: 3678 | W74: 3678 | X74: 3678 | Y74: 3678 | Z74: 3678 | AA74: 3678 | AB74: 3678 | AC74: 3678 | AD74: 3678 | AE74: 3678 | AF74: 3678 | AG74: 3678 | AH74: 3678 | AI74: 3678 | AJ74: 3678 | AK74: 3678 | AL74: 3678 | AM74: 3678 | AN74: 3678 | AO74: 3678 | AP74: 3678 | AQ74: 3678 | AR74: 3678 | AS74: 3678 | AT74: 3678 | AU74: 3678 | AV74: 3678 | AW74: 3678
A75: Iguatemi São Carlos | B75: 8571 | C75: 8571 | D75: 8571 | E75: 8560 | F75: 8559 | G75: 8559 | H75: 8559 | I75: 8566 | J75: 8566 | K75: 8566 | L75: 8566 | M75: 9518 | N75: 9518 | O75: 9518 | P75: 9518 | Q75: 9518 | R75: 9525 | S75: 11162 | T75: 11162 | U75: 11162 | V75: 11162 | W75: 11162 | X75: 11162 | Y75: 11162 | Z75: 11162 | AA75: 11161.5 | AB75: 11161.5 | AC75: 11161.5 | AD75: 11161.5 | AE75: 11161.5 | AF75: 11161.5 | AG75: 11161.5 | AH75: 11165.73 | AI75: 11165.73 | AJ75: 11165.73 | AK75: 11165.73 | AL75: 11165.73 | AM75: 11165.73 | AN75: 11165.73 | AO75: 11166.98 | AP75: 11166.98 | AQ75: 11166.98 | AR75: 11166.98 | AS75: 11166.98 | AT75: 11166.98 | AU75: 11166.98 | AV75: 11166.98 | AW75: 11171.86
A76: Iguatemi Ribeirão Preto | B76: 0 | C76: 0 | D76: 0 | E76: 0 | F76: 0 | G76: 0 | H76: 0 | I76: 0 | J76: 0 | K76: 0 | L76: 0 | M76: 0 | N76: 0 | O76: 0 | P76: 38808 | Q76: 38808 | R76: 38410 | S76: 38410 | T76: 38410 | U76: 38410 | V76: 38410 | W76: 38410 | X76: 38410 | Y76: 38410 | Z76: 38410 | AA76: 38410.24 | AB76: 38410.24 | AC76: 38410.24 | AD76: 38410.24 | AE76: 38410.24 | AF76: 38410.24 | AG76: 38410.24 | AH76: 35677.84 | AI76: 35677.84 | AJ76: 35677.84 | AK76: 35677.84 | AL76: 35632.96 | AM76: 35632.96 | AN76: 35632.96 | AO76: 38126.176 | AP76: 38093.088 | AQ76: 38093.088 | AR76: 38093.088 | AS76: 38218.048 | AT76: 38217.027 | AU76: 38129.925 | AV76: 38129.925 | AW76: 38129.925
A77: Iguatemi Rio Preto | B77: 0 | C77: 0 | D77: 0 | E77: 0 | F77: 0 | G77: 0 | H77: 0 | I77: 0 | J77: 0 | K77: 0 | L77: 0 | M77: 0 | N77: 0 | O77: 0 | P77: 0 | Q77: 0 | R77: 0 | S77: 38411 | T77: 38411 | U77: 38411 | V77: 38411 | W77: 38411 | X77: 38411 | Y77: 38411 | Z77: 38411 | AA77: 38411.12 | AB77: 38411.12 | AC77: 38411.12 | AD77: 38411.12 | AE77: 38411.12 | AF77: 38411.12 | AG77: 38411.12 | AH77: 38320.48 | AI77: 38320.48 | AJ77: 38320.48 | AK77: 38320.48 | AL77: 38323.12 | AM77: 38323.12 | AN77: 38323.12 | AO77: 38324 | AP77: 38324 | AQ77: 38324 | AR77: 38324 | AS77: 38324 | AT77: 38324 | AU77: 38324 | AV77: 38324 | AW77: 38324
A78: Iguatemi Porto Alegre (3) | B78: 14159 | C78: 14160 | D78: 14155 | E78: 14151 | F78: 14151 | G78: 14150 | H78: 14150 | I78: 14150 | J78: 14150 | K78: 14150 | L78: 14150 | M78: 14150 | N78: 14150 | O78: 14150 | P78: 14150 | Q78: 14150 | R78: 14013 | S78: 14013 | T78: 14013 | U78: 14013 | V78: 14013 | W78: 14013 | X78: 14013 | Y78: 14013 | Z78: 14013 | AA78: 21348.72 | AB78: 21348.72 | AC78: 21348.72 | AD78: 21348.72 | AE78: 21348.72 | AF78: 21348.72 | AG78: 21348.72 | AH78: 22811.753 | AI78: 22811.753 | AJ78: 22811.753 | AK78: 22811.753 | AL78: 22811.753 | AM78: 22811.753 | AN78: 22811.753 | AO78: 23130.99 | AP78: 27358.817 | AQ78: 27358.817 | AR78: 27375.742 | AS78: 27375.674 | AT78: 27521.274 | AU78: 27594.638 | AV78: 27594.638 | AW78: 27588.594
A79: Praia de Belas | B79: 10536 | C79: 10515 | D79: 11003 | E79: 10962 | F79: 10962 | G79: 10911 | H79: 10914 | I79: 11404 | J79: 11404 | K79: 11404 | L79: 11404 | M79: 11371 | N79: 11371 | O79: 11371 | P79: 11371 | Q79: 18032 | R79: 17843 | S79: 17843 | T79: 17843 | U79: 17843 | V79: 17843 | W79: 17843 | X79: 17843 | Y79: 17843 | Z79: 17843 | AA79: 17843.49 | AB79: 17843.49 | AC79: 17843.49 | AD79: 17843.49 | AE79: 17843.49 | AF79: 17843.49 | AG79: 17843.49 | AH79: 16659.786 | AI79: 16659.786 | AJ79: 16659.786 | AK79: 16659.786 | AL79: 16814.342 | AM79: 16814.342 | AN79: 16814.342 | AO79: 16772.631 | AP79: 25715.302 | AQ79: 25715.302 | AR79: 25715.302 | AS79: 25715.302 | AT79: 25706.509 | AU79: 25710.681 | AV79: 25778.552 | AW79: 25812.487
A80: Iguatemi Florianópolis | B80: 6069 | C80: 6053 | D80: 6053 | E80: 6059 | F80: 6054 | G80: 6054 | H80: 6074 | I80: 6146 | J80: 6146 | K80: 6146 | L80: 6146 | M80: 6146 | N80: 6146 | O80: 6146 | P80: 6146 | Q80: 6146 | R80: 6357 | S80: 6357 | T80: 6357 | U80: 6357 | V80: 6357 | W80: 6357 | X80: 6357 | Y80: 6357 | Z80: 6357 | AA80: 6356.7 | AB80: 6356.7 | AC80: 6356.7 | AD80: 6356.7 | AE80: 6356.7 | AF80: 6356.7 | AG80: 6356.7 | AH80: 6332.799 | AI80: 6332.799 | AJ80: 6332.799 | AK80: 6332.799 | AL80: 6332.799 | AM80: 6332.799 | AN80: 6332.799 | AO80: 0 | AP80: 0 | AQ80: 0 | AR80: 0 | AS80: 0 | AT80: 0 | AU80: 0 | AV80: 0
A81: Iguatemi Caxias | B81: 2602 | C81: 2547 | D81: 2547 | E81: 2547 | F81: 2444 | G81: 2444 | H81: 2444 | I81: 2547 | J81: 2547 | K81: 2547 | L81: 2547 | M81: 2547 | N81: 2547 | O81: 2547 | P81: 2547 | Q81: 2547 | R81: 2547 | S81: 2547 | T81: 2547 | U81: 2547 | V81: 2547 | W81: 2547 | X81: 2547 | Y81: 2547 | Z81: 2547 | AA81: 2547.216 | AB81: 2547.216 | AC81: 2547.216 | AD81: 2547.216 | AE81: 2547.216 | AF81: 2547.216 | AG81: 2547.216 | AH81: 2547.216 | AI81: 2547.216 | AJ81: 2547.216 | AK81: 2547.216 | AL81: 2547.216 | AM81: 2547.216 | AN81: 0 | AO81: 0 | AP81: 0 | AQ81: 0 | AR81: 0 | AS81: 0 | AT81: 0 | AU81: 0 | AV81: 0
A82: Iguatemi Brasília | B82: 21632 | C82: 21632 | D82: 21632 | E82: 21632 | F82: 21632 | G82: 21632 | H82: 21632 | I82: 20366 | J82: 20366 | K82: 20366 | L82: 20366 | M82: 20366 | N82: 20366 | O82: 20366 | P82: 20366 | Q82: 20366 | R82: 20673 | S82: 20673 | T82: 20673 | U82: 20673 | V82: 20673 | W82: 20673 | X82: 20673 | Y82: 20673 | Z82: 20673 | AA82: 20673 | AB82: 20673 | AC82: 20673 | AD82: 20673 | AE82: 20673 | AF82: 20673 | AG82: 20673 | AH82: 21854.4 | AI82: 21854.4 | AJ82: 21854.4 | AK82: 21854.4 | AL82: 21858.24 | AM82: 21858.24 | AN82: 21858.24 | AO82: 21639.501 | AP82: 22045.261 | AQ82: 22045.261 | AR82: 22045.261 | AS82: 22045.901 | AT82: 22090.778 | AU82: 22180.877 | AV82: 22180.877 | AW82: 22180.877
A83: I Fashion Outlet Novo Hamburgo | B83: 0 | C83: 0 | D83: 0 | E83: 0 | F83: 0 | G83: 0 | H83: 0 | I83: 0 | J83: 0 | K83: 0 | L83: 0 | M83: 0 | N83: 0 | O83: 0 | P83: 8236 | Q83: 8236 | R83: 8247 | S83: 8247 | T83: 8247 | U83: 8247 | V83: 8247 | W83: 8247 | X83: 8247 | Y83: 8247 | Z83: 8247 | AA83: 8247.15 | AB83: 8247.15 | AC83: 8247.15 | AD83: 8247.15 | AE83: 8247.15 | AF83: 8247.15 | AG83: 8247.15 | AH83: 8235.014 | AI83: 8235.014 | AJ83: 8235.014 | AK83: 8235.014 | AL83: 8235.014 | AM83: 8235.014 | AN83: 8235.014 | AO83: 8223.083 | AP83: 8223.083 | AQ83: 8223.083 | AR83: 8223.083 | AS83: 8223.083 | AT83: 8223.083 | AU83: 8223.083 | AV83: 8223.3017 | AW83: 8223.411
A84: I Fashion Outlet Santa Catarina | B84: 0 | C84: 0 | D84: 0 | E84: 0 | F84: 0 | G84: 0 | H84: 0 | I84: 0 | J84: 0 | K84: 0 | L84: 0 | M84: 0 | N84: 0 | O84: 0 | P84: 0 | Q84: 0 | R84: 0 | S84: 0 | T84: 0 | U84: 0 | V84: 0 | W84: 0 | X84: 0 | Y84: 0 | Z84: 0 | AA84: 0 | AB84: 0 | AC84: 0 | AD84: 0 | AE84: 0 | AF84: 0 | AG84: 0 | AH84: 0 | AI84: 0 | AJ84: 0 | AK84: 10739.471 | AL84: 10739.471 | AM84: 10739.471 | AN84: 10739.471 | AO84: 10712.66 | AP84: 10712.66 | AQ84: 10712.66 | AR84: 10712.66 | AS84: 10711.58 | AT84: 10711.58 | AU84: 10711.58 | AV84: 10711.58 | AW84: 10711.58
A85: Power Center Iguatemi Campinas (4) | B85: 22466 | C85: 22466 | D85: 22466 | E85: 22466 | F85: 22466 | G85: 22466 | H85: 22466 | I85: 24691 | J85: 24691 | K85: 24691 | L85: 24691 | M85: 24691 | N85: 24691 | O85: 24691 | P85: 24691 | Q85: 24691 | R85: 24965 | S85: 24965 | T85: 24965 | U85: 24965 | V85: 24965 | W85: 24965 | X85: 24965 | Y85: 24965 | Z85: 24965 | AA85: 24964.94 | AB85: 24964.94 | AC85: 24964.94 | AD85: 24964.94 | AE85: 24964.94 | AF85: 24964.94 | AG85: 24964.94 | AH85: 22963.017 | AI85: 22963.017 | AJ85: 22963.017 | AK85: 22963.017 | AL85: 22963.017 | AM85: 22963.017 | AN85: 22963.017 | AO85: 22963.017 | AP85: 22963.017 | AQ85: 22963.017 | AR85: 22963.017 | AS85: 22963.017 | AT85: 22963.017 | AU85: 21201.257 | AV85: 21201.257 | AW85: 21201.257
A86: Boulevard Iguatemi Rio | B86: 15755 | C86: 15892 | D86: 15892 | E86: 15892 | F86: 15892 | G86: 15906 | H86: 18061 | I86: 17995 | J86: 17995 | K86: 17995 | L86: - | M86: - | N86: - | O86: - | P86: - | Q86: - | R86: - | S86: - | T86: - | U86: - | V86: - | W86: - | X86: - | Y86: - | Z86: - | AA86: - | AB86: - | AC86: - | AD86: - | AE86: - | AF86: - | AG86: - | AH86: 0 | AI86: 0 | AJ86: - | AK86: - | AL86: 0 | AM86: 0 | AN86: 0 | AO86: 0 | AP86: 0 | AQ86: 0 | AR86: 0 | AS86: 0 | AT86: 0 | AU86: 0 | AV86: 0 | AW86: 0
A87: Subtotal Shoppings | B87: 191894 | C87: 192031 | D87: 192705 | E87: 192456 | F87: 216857 | G87: 218192 | H87: 219849 | I87: 227998 | J87: 227998 | K87: 245645 | L87: 249395 | M87: 250380 | N87: 250380 | O87: 251718 | P87: 308733 | Q87: 348144 | R87: 348559 | S87: 393500 | T87: 393500 | U87: 393610 | V87: 393610 | W87: 407030 | X87: 408744.72 | Y87: 411595.48 | Z87: 411728.34 | AA87: 419064.43 | AB87: 419064.43 | AC87: 419064.43 | AD87: 419064.43 | AE87: 419064.43 | AF87: 419078.62 | AG87: 419083.36 | AH87: 415489.61 | AI87: 415514.42 | AJ87: 415519.31 | AK87: =SUM(AK66:AK86) -> 426273.45 | AL87: 426807.82 | AM87: 426807.82 | AN87: 424260.61 | AO87: 420640.66 | AP87: 437733.68 | AQ87: 437693.79 | AR87: 437722.18 | AS87: 437723.18 | AT87: 437923.43 | AU87: 435857.96 | AV87: 436274.02 | AW87: 436275.02
A88: Market Place Torre I | B88: 15685 | C88: 15685 | D88: 15685 | E88: 15685 | F88: 15685 | G88: 15685 | H88: 15685 | I88: 15685 | J88: 15685 | K88: 15685 | L88: 15685 | M88: 15685 | N88: 15685 | O88: 15685 | P88: 15685 | Q88: 15685 | R88: 15685 | S88: 15685 | T88: 15685 | U88: 15685 | V88: 15685 | W88: 15685 | X88: 15685 | Y88: 15685 | Z88: 15685 | AA88: 15685 | AB88: 15685 | AC88: 15685 | AD88: 15685 | AE88: 15685 | AF88: 15685 | AG88: 15685 | AH88: 15274 | AI88: 15274.01 | AJ88: 15274.01 | AK88: 15274.01 | AL88: 15274.01 | AM88: 15274.01 | AN88: 15274.01 | AO88: 15274.01 | AP88: 15274.01 | AQ88: 15274.01 | AR88: 15274.01 | AS88: 15315.09 | AT88: 15315.09 | AU88: 15315.09 | AV88: 15315.09 | AW88: 15345.09
A89: Market Place Torre II | B89: 13395 | C89: 13395 | D89: 13395 | E89: 13395 | F89: 13395 | G89: 13395 | H89: 13395 | I89: 13395 | J89: 13395 | K89: 13395 | L89: 13395 | M89: 13395 | N89: 13395 | O89: 13395 | P89: 13395 | Q89: 13395 | R89: 13395 | S89: 13395 | T89: 13395 | U89: 13395 | V89: 13395 | W89: 13395 | X89: 13395 | Y89: 13395 | Z89: 13395 | AA89: 13395 | AB89: 13395 | AC89: 13395 | AD89: 13395 | AE89: 13395 | AF89: 13395 | AG89: 13395 | AH89: 13319 | AI89: 13319.21 | AJ89: 13319.21 | AK89: 13319.21 | AL89: 13319.21 | AM89: 13319.21 | AN89: 13319.21 | AO89: 13319.21 | AP89: 13319.21 | AQ89: 13319.21 | AR89: 13319.21 | AS89: 13393.94 | AT89: 13388.62 | AU89: 13388.62 | AV89: 13388.62 | AW89: 13388.62
A90: Torre Iguatemi Porto Alegre | B90: 0 | C90: 0 | D90: 0 | E90: 0 | F90: 0 | G90: 0 | H90: 0 | I90: 0 | J90: 0 | K90: 0 | L90: 0 | M90: 0 | N90: 0 | O90: 0 | P90: 0 | Q90: 0 | R90: 0 | S90: 0 | T90: 0 | U90: 0 | V90: 0 | W90: 0 | X90: 0 | Y90: 0 | Z90: 0 | AA90: 3849.12 | AB90: 3849.12 | AC90: 3849.12 | AD90: 3849.12 | AE90: 3849.12 | AF90: 3849.12 | AG90: 3849.12 | AH90: 3700 | AI90: 3699.9864 | AJ90: 3699.9864 | AK90: 3699.9864 | AL90: 3699.9864 | AM90: 3699.9864 | AN90: 3699.9864 | AO90: 3699.9864 | AP90: 4376.2617 | AQ90: 4376.2617 | AR90: 4376.2617 | AS90: 4375.7167 | AT90: 4375.7167 | AU90: 4297.1736 | AV90: 4297.1736 | AW90: 4375.5208
A91: Torre Iguatemi São Paulo | B91: 0 | C91: 0 | D91: 0 | E91: 0 | F91: 0 | G91: 2467 | H91: 2261 | I91: 2574 | J91: 2574 | K91: 2574 | L91: 2574 | M91: 2581 | N91: 2581 | O91: 2581 | P91: 2581 | Q91: 2581 | R91: 2582 | S91: 2582 | T91: 2582 | U91: 2592 | V91: 2592 | W91: 2592 | X91: 2597.8297 | Y91: 2597.8297 | Z91: 2597.8297 | AA91: 2610.3429 | AB91: 2610.3429 | AC91: 2610.3429 | AD91: 2610.3429 | AE91: 2610.3429 | AF91: 2611.6836 | AG91: 2611.6836 | AH91: 0 | AI91: 0 | AJ91: 0 | AK91: 0 | AL91: 0 | AM91: 0 | AN91: 0 | AO91: 0 | AP91: 0 | AQ91: 0 | AR91: 0 | AS91: 0 | AT91: 0 | AU91: 0 | AV91: 0 | AW91: 0
A92: Subtotal Towers | B92: 29080 | C92: 29080 | D92: 29080 | E92: 29080 | F92: 29080 | G92: 31547 | H92: 31341 | I92: 31654 | J92: 31654 | K92: 31654 | L92: 31654 | M92: 31661 | N92: 31661 | O92: 31661 | P92: 31661 | Q92: 31661 | R92: 31662 | S92: 31662 | T92: 31662 | U92: 31672 | V92: 31672 | W92: 31672 | X92: 31677.83 | Y92: 31677.83 | Z92: 31677.83 | AA92: 35539.463 | AB92: 35539.463 | AC92: 35539.463 | AD92: 35539.463 | AE92: 35539.463 | AF92: 35540.804 | AG92: 35540.804 | AH92: 32293 | AI92: 32293.206 | AJ92: 32293.206 | AK92: =SUM(AK88:AK91) -> 32293.206 | AL92: 32293.206 | AM92: 32293.206 | AN92: 32293.206 | AO92: 32293.206 | AP92: 32969.482 | AQ92: 32969.482 | AR92: 32969.482 | AS92: 32970.482 | AT92: 33079.427 | AU92: 33000.884 | AV92: 33000.884 | AW92: 33001.884
A93: Total | B93: 220974 | C93: 221111 | D93: 221785 | E93: 221536 | F93: 245937 | G93: 249739 | H93: 251190 | I93: 259652 | J93: 259652 | K93: 277299 | L93: 281049 | M93: 282041 | N93: 282041 | O93: 283379 | P93: 340394 | Q93: 379805 | R93: 380221 | S93: 425162 | T93: 425162 | U93: 425282 | V93: 425282 | W93: 438702 | X93: 440422.55 | Y93: 443273.31 | Z93: 443418.68 | AA93: 454603.89 | AB93: 454603.89 | AC93: 454603.89 | AD93: 454603.89 | AE93: 454603.89 | AF93: 454619.43 | AG93: 454624.16 | AH93: 447782.61 | AI93: 447807.63 | AJ93: 447812.52 | AK93: =AK92+AK87 -> 458566.65 | AL93: 459101.03 | AM93: 459101.03 | AN93: 456553.81 | AO93: 452933.86 | AP93: 470703.16 | AQ93: 470663.28 | AR93: 470691.66 | AS93: 470692.66 | AT93: 471002.86 | AU93: 468858.85 | AV93: 469274.91 | AW93: 469275.91
A95: (1) Considers Esplanada Shopping and Iguatemi Esplanada as a single asset.
A96: (2) Area owned by Iguatemi in Esplanada, held through a subsidiary.
A97: (3) Considers the 6,58% indirect stake owned by Maiojama Participações.
A98: (4) Power Center is contiguous to the Iguatemi Campinas mall.

Sheet Operational Performance
A1: Operatinal Performance (100%) | B1: 1Q10 | C1: 2Q10 | D1: 3Q10 | E1: 4Q10 | F1: 1Q11 | G1: 2Q11 | H1: 3Q11 | I1: 4Q11 | J1: 1Q12 | K1: 2Q12 | L1: 3Q12 | M1: 4Q12 | N1: 1Q13 | O1: 2Q13 | P1: 3Q13 | Q1: 4Q13 | R1: 1Q14 | S1: 2Q14 | T1: 3Q14 | U1: 4Q14 | V1: 1Q15 | W1: 2Q15 | X1: 3Q15 | Y1: 4Q15 | Z1: 1Q16 | AA1: 2Q16 | AB1: 3Q16 | AC1: 4Q16 | AD1: 1Q17 | AE1: 2Q17 | AF1: 3Q17 | AG1: 4Q17 | AH1: ='Indicators - Quaterly'!AH1 -> 1Q18 | AI1: ='Indicators - Quaterly'!AI1 -> 2Q18 | AJ1: ='Indicators - Quaterly'!AJ1 -> 3Q18 | AK1: ='Indicators - Quaterly'!AK1 -> 4Q18 | AL1: ='Indicators - Quaterly'!AL1 -> 1Q19 | AM1: ='Indicators - Quaterly'!AM1 -> 2Q19 | AN1: ='Indicators - Quaterly'!AN1 -> 3Q19 | AO1: ='Indicators - Quaterly'!AO1 -> 4Q19 | ... AT1: ='Indicators - Quaterly'!AT1 -> 1Q21 | AU1: 2Q21 | AV1: 3Q21 | AW1: 4Q21
A3: Minimum Rental + Overage + Temporary Rent (R$ ‘000) (1) | B3: 1Q10 | C3: 2Q10 | D3: 3Q10 | E3: 4Q10 | F3: 1Q11 | G3: 2Q11 | H3: 3Q11 | I3: 4Q11 | J3: 1Q12 | K3: 2Q12 | L3: 3Q12 | M3: 4Q12 | N3: 1Q13 | O3: 2Q13 | P3: 3Q13 | Q3: 4Q13 | R3: 1Q14 | S3: 2Q14 | T3: 3Q14 | U3: 4Q14 | V3: 1Q15 | W3: 2Q15 | X3: 3Q15 | Y3: 4Q15 | Z3: 1Q16 | AA3: 2Q16 | AB3: 3Q16 | AC3: 4Q16 | AD3: 1Q17 | AE3: 2Q17 | AF3: 3Q17 | AG3: 4Q17 | AH3: =AH1 -> 1Q18 | AI3: =AI1 -> 2Q18 | AJ3: =AJ1 -> 3Q18 | AK3: =AK1 -> 4Q18 | AL3: =AL1 -> 1Q19 | AM3: =AM1 -> 2Q19 | AN3: =AN1 -> 3Q19 | AO3: =AO1 -> 4Q19 | ... AW3: =AW1 -> 4Q21
A4: Iguatemi São Paulo | B4: 23087.838 | C4: 25156.796 | D4: 25023.156 | E4: 35650.239 | F4: 26113.244 | G4: 28447.158 | H4: 28317.589 | I4: 40289.579 | J4: 29588.192 | K4: 32008.808 | L4: 30575.838 | M4: 41135.042 | N4: 30653.26 | O4: 33654.018 | P4: 33890.096 | Q4: 45504.733 | R4: 34438.42 | S4: 36205.364 | T4: 36720.182 | U4: 50782.094 | V4: 37059.925 | W4: 38768.96 | X4: 40368.389 | Y4: 52981.82 | Z4: 39889.391 | AA4: 44469.8 | AB4: 42429.84 | AC4: 56986.33 | AD4: 43241.985 | AE4: 45805.599 | AF4: 46036.474 | AG4: 62831.588 | AH4: 45095.725 | AI4: 49063.646 | AJ4: 48081.693 | AK4: 58500.446 | AL4: 47265.763 | AM4: 50577.503 | AN4: 51141.086 | AO4: 69090.275 | AP4: 49577.067 | AQ4: 49787.561 | AR4: 51101.231 | AS4: 76388.816 | AT4: 55497.317 | AU4: 62110.481 | AV4: 68221.935 | AW4: 96116.517
A5: JK Iguatemi | B5: - | C5: - | D5: - | E5: - | F5: - | G5: - | H5: - | I5: - | J5: - | K5: 1071.9642 | L5: 13481.097 | M5: 18714.384 | N5: 13451.814 | O5: 15640.129 | P5: 15441.233 | Q5: 19564.63 | R5: 15077.888 | S5: 15387.203 | T5: 17133.26 | U5: 22154.1 | V5: 16351.064 | W5: 18400.442 | X5: 17048.807 | Y5: 22326.16 | Z5: 16559.635 | AA5: 17748.8 | AB5: 17938.624 | AC5: 23859.265 | AD5: 16808.447 | AE5: 18345.977 | AF5: 18022.686 | AG5: 24493.382 | AH5: 16936.786 | AI5: 19062.026 | AJ5: 19611.46 | AK5: 26546.008 | AL5: 19518.432 | AM5: 22148.281 | AN5: 21810.255 | AO5: 28999.434 | AP5: 20250.702 | AQ5: 19065.267 | AR5: 20524.466 | AS5: 28490.986 | AT5: 20735.265 | AU5: 25088.002 | AV5: 30858.658 | AW5: 43090.236
A6: Pátio Higienópolis (3) | B6: - | C6: - | D6: - | E6: - | F6: - | G6: - | H6: - | I6: - | J6: - | K6: - | L6: - | M6: - | N6: - | O6: - | P6: - | Q6: - | R6: - | S6: - | T6: - | U6: - | V6: - | W6: - | X6: 19033.777 | Y6: 25452.072 | Z6: 21403.222 | AA6: 22010.18 | AB6: 20884.848 | AC6: 27398.374 | AD6: 22534.25 | AE6: 23142.83 | AF6: 22976.691 | AG6: 31189.982 | AH6: 22763.637 | AI6: 23601.595 | AJ6: 23936.601 | AK6: 32035.135 | AL6: 24693.883 | AM6: 24993.072 | AN6: 25161.703 | AO6: 32922.438 | AP6: 25314.67 | AQ6: 24158.125 | AR6: 23293.575 | AS6: 31909.983 | AT6: 24975.847 | AU6: 25604.643 | AV6: 27503.828 | AW6: 38191.347
A7: Market Place | B7: 4797.1672 | C7: 4885.6637 | D7: 5154.92 | E7: 7129.1178 | F7: 5272.7378 | G7: 5377.0799 | H7: 6637.7792 | I7: 8156.8431 | J7: 5903.8789 | K7: 6176.9051 | L7: 6674.6967 | M7: 8328.7486 | N7: 6053.6037 | O7: 6602.1349 | P7: 6544.8146 | Q7: 8297.6917 | R7: 6006.4668 | S7: 6673.8947 | T7: 6765.9277 | U7: 9101.7372 | V7: 6184.4077 | W7: 6415.7813 | X7: 7563.4337 | Y7: 7969.672 | Z7: 6344.6001 | AA7: 6725.1278 | AB7: 7438.1188 | AC7: 8956.2312 | AD7: 6928.3423 | AE7: 7069.2101 | AF7: 6850.7042 | AG7: 9887.7209 | AH7: 6928.2923 | AI7: 6921.7593 | AJ7: 7096.8637 | AK7: 8722.4151 | AL7: 6406.329 | AM7: 6808.1724 | AN7: 7744.6632 | AO7: 9723.829 | AP7: 6642.9468 | AQ7: 6070.7981 | AR7: 6367.5994 | AS7: 7849.3569 | AT7: 6201.4042 | AU7: 6219.4079 | AV7: 6993.5487 | AW7: 8972.4134
A8: Torres Market Place | B8: 5514.8325 | C8: 5551 | D8: 5631 | E8: 5757 | F8: 5849 | G8: 5943 | H8: 6095.1302 | I8: 6283 | J8: 6600 | K8: 6508 | L8: 6506 | M8: 6731 | N8: 6865 | O8: 6825 | P8: 7031 | Q8: 7803 | R8: 7508 | S8: 7321 | T8: 7735 | U8: 7013.1269 | V8: 7057 | W8: 7244 | X8: 6335 | Y8: 6264 | Z8: 6230 | AA8: 5985 | AB8: 6154 | AC8: 6068.9353 | AD8: 6128.9082 | AE8: 6046 | AF8: 6094 | AG8: 5560.8536 | AH8: 5383.5255 | AI8: 5349.7694 | AJ8: 5445.7884 | AK8: 5682.3025 | AL8: 5080.3283 | AM8: 4151.6024 | AN8: 4402.7203 | AO8: 6288.13 | AP8: 6064.5788 | AQ8: 6726.0266 | AR8: 6329.9975 | AS8: 7269.5517 | AT8: 5945.2153 | AU8: 6585.4829 | AV8: 4239.9564 | AW8: 5272.8379
A9: Iguatemi Alphaville | B9: - | C9: - | D9: - | E9: - | F9: - | G9: 4271.9709 | H9: 6455.2891 | I9: 8495.7765 | J9: 6450.5755 | K9: 6784.5133 | L9: 6728.9265 | M9: 8332.4856 | N9: 6231.4196 | O9: 6556.2796 | P9: 6544.9042 | Q9: 8658.9049 | R9: 6416.517 | S9: 6887.6617 | T9: 6740.8512 | U9: 9167.7244 | V9: 6773.0065 | W9: 7281.2051 | X9: 7251.2682 | Y9: 11001.549 | Z9: 6960.0324 | AA9: 7434.5124 | AB9: 7384.7096 | AC9: 11446.228 | AD9: 6996.5224 | AE9: 7490.5809 | AF9: 8247.3867 | AG9: 9374.9441 | AH9: 7312.9082 | AI9: 7598.5459 | AJ9: 8324.986 | AK9: 10963.051 | AL9: 7138.0178 | AM9: 7928.8393 | AN9: 8378.1144 | AO9: 11363.356 | AP9: 8247.2042 | AQ9: 7752.6994 | AR9: 7799.7695 | AS9: 10331.741 | AT9: 8127.3454 | AU9: 8472.2963 | AV9: 9387.4044 | AW9: 12677.168
A10: Iguatemi Campinas | B10: 11817.54 | C10: 12372.129 | D10: 12774.582 | E10: 17208.717 | F10: 12552.992 | G10: 13358.415 | H10: 13444.579 | I10: 18981.11 | J10: 13406.72 | K10: 14623.848 | L10: 15685.859 | M10: 20171.146 | N10: 15457.924 | O10: 16189.368 | P10: 17040.541 | Q10: 22185.228 | R10: 16907.674 | S10: 17929.387 | T10: 18114.349 | U10: 23711.383 | V10: 17969.031 | W10: 20942.616 | X10: 22062.428 | Y10: 29909.745 | Z10: 22367.046 | AA10: 23140.511 | AB10: 24143.481 | AC10: 34887.06 | AD10: 23726.407 | AE10: 25198.802 | AF10: 25638.464 | AG10: 34068.821 | AH10: 25105.988 | AI10: 26316.778 | AJ10: 27355.877 | AK10: 35303.084 | AL10: 27210.834 | AM10: 28434.54 | AN10: 28737.256 | AO10: 37095.962 | AP10: 27526.235 | AQ10: 25018.966 | AR10: 24324.856 | AS10: 33701.314 | AT10: 25926.783 | AU10: 28009.022 | AV10: 30976.073 | AW10: 43482.982
A11: Galleria | B11: 2495.7101 | C11: 2603.5662 | D11: 2651.2866 | E11: 4166.72 | F11: 2686.4503 | G11: 2927.2479 | H11: 3176.2502 | I11: 4113.8085 | J11: 3074.5974 | K11: 3279.7955 | L11: 3781.9052 | M11: 6081.5023 | N11: 4854.1102 | O11: 4794.0781 | P11: 4966.2757 | Q11: 6376.9317 | R11: 4917.5271 | S11: 5072.2727 | T11: 4991.1908 | U11: 7454.9937 | V11: 4919.6752 | W11: 5077.0903 | X11: 5041.3167 | Y11: 6745.3426 | Z11: 5136.9179 | AA11: 5208.2419 | AB11: 5137.5524 | AC11: 6945.2335 | AD11: 5343.1975 | AE11: 5389.9156 | AF11: 4784.4306 | AG11: 7268.4847 | AH11: 5461.3944 | AI11: 5405.5815 | AJ11: 5579.8922 | AK11: 7996.6816 | AL11: 5272.0169 | AM11: 5227.417 | AN11: 5222.4801 | AO11: 6567.3397 | AP11: 5662.0231 | AQ11: 4998.7004 | AR11: 5158.1465 | AS11: 7156.705 | AT11: 5760.8203 | AU11: 6134.3014 | AV11: 6757.6539 | AW11: 9706.7433
A12: Iguatemi Esplanada (2) | B12: 5749.0915 | C12: 5940.6222 | D12: 6101.0929 | E12: 8051.8446 | F12: 6158.0597 | G12: 6511.4471 | H12: 6710.5091 | I12: 8998.8178 | J12: 7043.4479 | K12: 7186.005 | L12: 7395.9225 | M12: 9901.7919 | N12: 7822.2315 | O12: 7919.7265 | P12: 8044.2518 | Q12: 14733.865 | R12: 14347.964 | S12: 14066.966 | T12: 14032.677 | U12: 19674.778 | V12: 14361.612 | W12: 14590.283 | X12: 14530.833 | Y12: 19309.107 | Z12: 14845.271 | AA12: 15065.598 | AB12: 15082.635 | AC12: 20381.722 | AD12: 15870.054 | AE12: 15838.371 | AF12: 16199.442 | AG12: 22560.409 | AH12: 16164.206 | AI12: 16356.678 | AJ12: 16272.654 | AK12: 22512.91 | AL12: 15899.931 | AM12: 16493.142 | AN12: 16335.629 | AO12: 21977.15 | AP12: 16484.208 | AQ12: 15458.09 | AR12: 14627.164 | AS12: 20065.603 | AT12: 16320.474 | AU12: 17479.331 | AV12: 18572.79 | AW12: 25898.743
A13: Iguatemi São Carlos | B13: 1246.5503 | C13: 1383.0492 | D13: 1357.9692 | E13: 2072.8303 | F13: 1444.946 | G13: 1602.7944 | H13: 1402.9121 | I13: 2212.1351 | J13: 1513.984 | K13: 1740.4452 | L13: 1703.69 | M13: 2344.573 | N13: 1783.2171 | O13: 1786.9834 | P13: 1819.9702 | Q13: 2810.0523 | R13: 1861.0468 | S13: 2000.9552 | T13: 2257.9801 | U13: 3060.1164 | V13: 2354.4091 | W13: 2416.7924 | X13: 2469.2964 | Y13: 3462.3941 | Z13: 2472.2469 | AA13: 2716.5737 | AB13: 2595.6464 | AC13: 3734.9595 | AD13: 2680.5912 | AE13: 2706.4749 | AF13: 2741.1386 | AG13: 3801.4704 | AH13: 2759.891 | AI13: 2826.7013 | AJ13: 2831.5462 | AK13: 4457.1468 | AL13: 2990.0369 | AM13: 3154.8404 | AN13: 3192.4955 | AO13: 4099.8826 | AP13: 3135.1433 | AQ13: 2779.7412 | AR13: 2846.5017 | AS13: 3771.7374 | AT13: 3030.7215 | AU13: 3307.5015 | AV13: 3499.3462 | AW13: 4714.5851
A14: Iguatemi Ribeirão Preto | B14: - | C14: - | D14: - | E14: - | F14: - | G14: - | H14: - | I14: - | J14: - | K14: - | L14: - | M14: - | N14: - | O14: - | P14: 82 | Q14: 6167.0537 | R14: 4641.1082 | S14: 4721.0419 | T14: 4691.0577 | U14: 6325.2371 | V14: 5173.5595 | W14: 4884.7284 | X14: 5087.996 | Y14: 6585.6671 | Z14: 5779.2063 | AA14: 5278.6786 | AB14: 5470.571 | AC14: 7004.9505 | AD14: 6108.517 | AE14: 5356.4921 | AF14: 5512.6921 | AG14: 6694.602 | AH14: 5672.4067 | AI14: 5312.8967 | AJ14: 5338.3468 | AK14: 7602.0454 | AL14: 6093.7081 | AM14: 6241.6727 | AN14: 6738.2014 | AO14: 8529.6462 | AP14: 6796.1147 | AQ14: 5254.366 | AR14: 5680.2379 | AS14: 7914.9785 | AT14: 6406.8688 | AU14: 6594.3007 | AV14: 7416.3742 | AW14: 10587.579
A15: Iguatemi Rio Preto | B15: - | C15: - | D15: - | E15: - | F15: - | G15: - | H15: - | I15: - | J15: - | K15: - | L15: - | M15: - | N15: - | O15: - | P15: - | Q15: - | R15: - | S15: 3658.0515 | T15: 5221.1871 | U15: 6521.9966 | V15: 5296.1331 | W15: 5082.211 | X15: 5683.6888 | Y15: 7255.8264 | Z15: 5739.0503 | AA15: 6544.4548 | AB15: 6382.3587 | AC15: 8972.9647 | AD15: 6268.3335 | AE15: 6776.9464 | AF15: 6523.6007 | AG15: 8335.4225 | AH15: 7635.8404 | AI15: 7745.3093 | AJ15: 7824.5731 | AK15: 10081.051 | AL15: 7545.8633 | AM15: 7642.1259 | AN15: 8981.54 | AO15: 11145.022 | AP15: 7480.7322 | AQ15: 6901.5079 | AR15: 7260.2907 | AS15: 9271.534 | AT15: 7544.1101 | AU15: 9566.4562 | AV15: 9948.0827 | AW15: 13310.77
A16: Iguatemi Porto Alegre | B16: 12581.151 | C16: 13567.646 | D16: 14031.803 | E16: 18104.117 | F16: 13476.842 | G16: 14427.12 | H16: 14908.691 | I16: 19218.154 | J16: 14864.123 | K16: 15967.891 | L16: 15727.998 | M16: 20214.595 | N16: 15992.098 | O16: 17221.353 | P16: 16427.322 | Q16: 21953.286 | R16: 16971.955 | S16: 17382.075 | T16: 17061.814 | U16: 23255.161 | V16: 17056.973 | W16: 17539.295 | X16: 17521.286 | Y16: 24915.919 | Z16: 18722.69 | AA16: 21408.446 | AB16: 24753.91 | AC16: 31722.736 | AD16: 24058.971 | AE16: 25275.282 | AF16: 28193.742 | AG16: 34111.781 | AH16: 26265.787 | AI16: 27946.875 | AJ16: 27070.374 | AK16: 37908.89 | AL16: 28154.645 | AM16: 30850.956 | AN16: 30259.837 | AO16: 39765.43 | AP16: 30627.671 | AQ16: 27513.689 | AR16: 26920.261 | AS16: 35913.147 | AT16: 29325.299 | AU16: 32365.267 | AV16: 35652.091 | AW16: 49610.191
A17: Torre Iguatemi Porto Alegre | AH17: 1245.6491 | AI17: 1485.2684 | AJ17: 1543.2761 | AK17: 1605.6509 | AL17: 1771.7595 | AM17: 1890.6839 | AN17: 2026.156 | AO17: 2035.8032 | AP17: 2219.3659 | AQ17: 2316.0006 | AR17: 2378.9485 | AS17: 2423.0214 | AT17: 2419.7234 | AU17: 2429.9852 | AV17: 2384.5461 | AW17: 2537.2884
A18: Praia de Belas | B18: 5989.8834 | C18: 6438.6401 | D18: 6579.5574 | E18: 8789.0716 | F18: 6464.8887 | G18: 6973.0923 | H18: 6924.7837 | I18: 9268.7055 | J18: 6823.8305 | K18: 7403.7825 | L18: 7159.6295 | M18: 10081.058 | N18: 7265.2551 | O18: 7998.202 | P18: 8412.6076 | Q18: 11719.732 | R18: 9457.353 | S18: 10760.859 | T18: 10291.255 | U18: 13771.604 | V18: 10342.624 | W18: 11140.18 | X18: 10641.253 | Y18: 14451.282 | Z18: 11166.627 | AA18: 11410.445 | AB18: 11173.595 | AC18: 14940.016 | AD18: 11835.448 | AE18: 12069.766 | AF18: 11831.304 | AG18: 15151.953 | AH18: 11985.866 | AI18: 12070.882 | AJ18: 12221.126 | AK18: 15726.464 | AL18: 12574.269 | AM18: 13026.202 | AN18: 12933.7 | AO18: 16915.777 | AP18: 12970.82 | AQ18: 11337.03 | AR18: 11139.363 | AS18: 14724.319 | AT18: 12210.495 | AU18: 13636.802 | AV18: 14020.878 | AW18: 18742.058
A19: Iguatemi Florianópolis | B19: 4174.8834 | C19: 4728.7311 | D19: 4647.0211 | E19: 6139.5959 | F19: 5166.1478 | G19: 5448.0509 | H19: 5402.2324 | I19: 7050.6416 | J19: 5573.2364 | K19: 5667.4221 | L19: 5523.4807 | M19: 7446.2182 | N19: 5601.7092 | O19: 5964.5595 | P19: 5625.9565 | Q19: 7784.7272 | R19: 6053.0825 | S19: 6200.7063 | T19: 6279.8256 | U19: 8418.5674 | V19: 6018.31 | W19: 6146.7505 | X19: 6060.8997 | Y19: 8445.4267 | Z19: 6578.8746 | AA19: 6292.5378 | AB19: 6316.5416 | AC19: 9079.6672 | AD19: 6648.9032 | AE19: 6638.0681 | AF19: 6500.0594 | AG19: 9356.4661 | AH19: 6664.1691 | AI19: 6765.897 | AJ19: 6690.1332 | AK19: 8633.1207 | AL19: 6437.4691 | AM19: 6330.362 | AN19: 6289.7622 | AO19: 0 | AP19: 0 | AQ19: 0 | AR19: 0 | AS19: 0 | AT19: 0 | AU19: 0 | AW19: 0
A20: Iguatemi Caxias | B20: - | C20: - | D20: - | E20: - | F20: - | G20: - | H20: - | I20: - | J20: 4084.4353 | K20: 4660.1344 | L20: 4788.2593 | M20: 6108.3954 | N20: 4727.8119 | O20: 5312.2168 | P20: 5227.9755 | Q20: 7113.6198 | R20: 5310.6897 | S20: 5945.3023 | T20: 5820.4981 | U20: 7843.2898 | V20: 5534.0843 | W20: 6503.6216 | X20: 6986.5291 | Y20: 8731.1902 | Z20: 6057.1097 | AA20: 6678 | AB20: 6360.11 | AC20: 8175.8814 | AD20: 5923.1125 | AE20: 5837.8396 | AF20: 5752.7117 | AG20: 7748.0482 | AH20: 5359.0971 | AI20: 5736.6411 | AJ20: 5575.7425 | AK20: 7458.1955 | AL20: 5672.4936 | AM20: 5952.3163 | AN20: 0 | AO20: 0 | AP20: 0 | AQ20: 0 | AR20: 0 | AS20: 0 | AT20: 0 | AU20: 0 | AW20: 0
A21: Iguatemi Brasília | B21: 109.76 | C21: 5469.6669 | D21: 5733.1141 | E21: 8430.2769 | F21: 6403.0625 | G21: 7092.5302 | H21: 7196.1912 | I21: 9705.7323 | J21: 7335.9517 | K21: 7735.4718 | L21: 7671.6874 | M21: 10300.815 | N21: 7324.7366 | O21: 8168.3809 | P21: 8279.4981 | Q21: 10873.784 | R21: 7967.0798 | S21: 8571.1798 | T21: 8742.4905 | U21: 11374.538 | V21: 8858.7102 | W21: 9140.8707 | X21: 9229.616 | Y21: 12219.749 | Z21: 9461.7079 | AA21: 9961.4334 | AB21: 9738.0139 | AC21: 12958.926 | AD21: 9913.6597 | AE21: 10124.593 | AF21: 10305.53 | AG21: 15078.846 | AH21: 9682.5138 | AI21: 9708.3213 | AJ21: 9813.8759 | AK21: 14142.835 | AL21: 9711.383 | AM21: 10390.806 | AN21: 9886.336 | AO21: 13004.108 | AP21: 9800.7082 | AQ21: 10103.442 | AR21: 9596.9671 | AS21: 12848.853 | AT21: 10209.528 | AU21: 12000.517 | AV21: 12460.104 | AW21: 17012.613
A22: I Fashion Outlet Novo Hamburgo | B22: - | C22: - | D22: - | E22: - | F22: - | G22: - | H22: - | I22: - | J22: - | K22: - | L22: - | M22: - | N22: - | O22: - | P22: - | Q22: 1799.974 | R22: 2124.0203 | S22: 1908.1926 | T22: 2244.3737 | U22: 2983.2715 | V22: 2343.5365 | W22: 2610.9759 | X22: 2502.1777 | Y22: 3626.4275 | Z22: 2587.263 | AA22: 2727.4815 | AB22: 2717.832 | AC22: 3758.6544 | AD22: 2683.993 | AE22: 2833.4026 | AF22: 2817.5349 | AG22: 4726.9339 | AH22: 2932.8387 | AI22: 3005.4797 | AJ22: 3149.8002 | AK22: 3688.2812 | AL22: 2677.6379 | AM22: 2999.3169 | AN22: 3012.0724 | AO22: 4089.409 | AP22: 2700.1564 | AQ22: 2321.3716 | AR22: 2561.822 | AS22: 4445.9778 | AT22: 2730.5823 | AU22: 3594.0545 | AV22: 3996.6542 | AW22: 5665.4193
A23: I Fashion Outlet Santa Catarina | B23: - | C23: - | D23: - | E23: - | F23: - | G23: - | H23: - | I23: - | J23: - | K23: - | L23: - | M23: - | N23: - | O23: - | P23: - | Q23: - | R23: - | S23: - | T23: - | U23: - | V23: - | W23: - | X23: - | Y23: - | Z23: - | AA23: - | AB23: - | AC23: - | AD23: - | AE23: - | AF23: - | AG23: - | AH23: - | AI23: - | AJ23: - | AK23: 107.15404 | AL23: 1061.6304 | AM23: 1519.2211 | AN23: 970.57337 | AO23: 1604.6379 | AP23: 1082.1465 | AQ23: 799.37699 | AR23: 1036.7847 | AS23: 1665.3587 | AT23: 1307.3732 | AU23: 1499.0702 | AV23: 1465.8851 | AW23: 2235.1589
A24: Power Center Iguatemi Campinas | B24: 352.75728 | C24: 473.56003 | D24: 928.68454 | E24: 520.53966 | F24: 664.87739 | G24: 615.74364 | H24: 642.49446 | I24: 664.78586 | J24: 777.95225 | K24: 682.69683 | L24: 781.59079 | M24: - | N24: 672.50557 | O24: 689.98957 | P24: 773.76532 | Q24: 878.23862 | R24: 799.91192 | S24: 749.80782 | T24: 808.89578 | U24: 835.62533 | V24: 835.84099 | W24: 823.65249 | X24: 877.8187 | Y24: 934.51004 | Z24: 840.03635 | AA24: 712.93842 | AB24: 735.57408 | AC24: 899.6568 | AD24: 841.14693 | AE24: 788.77909 | AF24: 835.59338 | AG24: 987.45638 | AH24: 859 | AI24: 769.05846 | AJ24: 848.78463 | AK24: 1002.3319 | AL24: 884.09851 | AM24: 757.67889 | AN24: 759.94874 | AO24: 793.60727 | AP24: 753.67491 | AQ24: 708.77212 | AR24: 731.58842 | AS24: 823.94034 | AT24: 776.49103 | AU24: 706.1269 | AV24: 720.681 | AW24: 839.89107
A27: Parking (R$ ‘000) | B27: 1Q10 | C27: 2Q10 | D27: 3Q10 | E27: 4Q10 | F27: 1Q11 | G27: 2Q11 | H27: 3Q11 | I27: 4Q11 | J27: 1Q12 | K27: 2Q12 | L27: 3Q12 | M27: 4Q12 | N27: 1Q13 | O27: 2Q13 | P27: 3Q13 | Q27: 4Q13 | R27: 1Q14 | S27: 2Q14 | T27: 3Q14 | U27: 4Q14 | V27: 1Q15 | W27: 2Q15 | X27: 3Q15 | Y27: 4Q15 | Z27: 1Q16 | AA27: 2Q16 | AB27: 3Q16 | AC27: 4Q16 | AD27: 1Q17 | AE27: 2Q17 | AF27: 3Q17 | AG27: 4Q17 | AH27: =AH1 -> 1Q18 | AI27: =AI1 -> 2Q18 | AJ27: =AJ1 -> 3Q18 | AK27: =AK1 -> 4Q18 | AL27: =AL1 -> 1Q19 | AM27: =AM1 -> 2Q19 | AN27: =AN1 -> 3Q19 | AO27: =AO1 -> 4Q19 | ... AW27: =AW1 -> 4Q21
A28: Iguatemi São Paulo | B28: 4606.58 | C28: 4741.537 | D28: 4788.067 | E28: 6140.423 | F28: 5190.0317 | G28: 5588.875 | H28: 5463.544 | I28: 6092.7513 | J28: 6193.8373 | K28: 6434.7397 | L28: 5541.8756 | M28: 6758.1335 | N28: 5945.2655 | O28: 6137.185 | P28: 5987.7831 | Q28: 7221.2075 | R28: 6770.629 | S28: 6940.3421 | T28: 6784.496 | U28: 7563.7 | V28: 6802.7947 | W28: 7162.037 | X28: 7005.4785 | Y28: 8913.646 | Z28: 7077.691 | AA28: 7447.124 | AB28: 7122.987 | AC28: 8518.1133 | AD28: 7115.4945 | AE28: 7505.885 | AF28: 7586.746 | AG28: 8894.9275 | AH28: 6880.466 | AI28: 7642.935 | AJ28: 7422.5105 | AK28: 8698.6424 | AL28: 7184.801 | AM28: 7657.3209 | AN28: 7318.2126 | AO28: 8782.7885 | AP28: 6324.2165 | AQ28: 417.44402 | AR28: 3445.94 | AS28: 6604.5938 | AT28: 3599.932 | AU28: 4925.438 | AV28: 6818.889 | AW28: 9326.7937
A29: JK Iguatemi | B29: - | C29: - | D29: - | E29: - | F29: - | G29: - | H29: - | I29: - | J29: - | K29: 591.234 | L29: 4570.8005 | M29: 4127.275 | N29: 3902.384 | O29: 4032.9059 | P29: 4261.2851 | Q29: 4888.055 | R29: 4723.279 | S29: 4832.335 | T29: 4807.438 | U29: 5378.948 | V29: 5167.748 | W29: 5544.0372 | X29: 4900.0846 | Y29: 5827.4234 | Z29: 5069.899 | AA29: 5483.772 | AB29: 5233.636 | AC29: 5975.3952 | AD29: 4862.364 | AE29: 5108.075 | AF29: 5241.7241 | AG29: 5654.646 | AH29: 5060.192 | AI29: 5639.4771 | AJ29: 5629.6787 | AK29: 6142.4013 | AL29: 5734.837 | AM29: 6010.5715 | AN29: 5784.6943 | AO29: 6312.6958 | AP29: 4562.6322 | AQ29: 315.74159 | AR29: 1991.2789 | AS29: 3565.4896 | AT29: 2020.6217 | AU29: 2677.39 | AV29: 3993.5707 | AW29: 5728.3041
A30: Pátio Higienópolis (3) | B30: - | C30: - | D30: - | E30: - | F30: - | G30: - | H30: - | I30: - | J30: - | K30: - | L30: - | M30: - | N30: - | O30: - | P30: - | Q30: - | R30: - | S30: - | T30: - | U30: - | V30: - | W30: - | X30: 3622.5603 | Y30: 4577.359 | Z30: 3544.9142 | AA30: 3602.7487 | AB30: 3576.4798 | AC30: 4231.4552 | AD30: 4133.1016 | AE30: 3770.8075 | AF30: 3913.0085 | AG30: 3781.6638 | AH30: 4286.4594 | AI30: 3853.9202 | AJ30: 3983.1227 | AK30: 4726.3016 | AL30: 4546.8154 | AM30: 3184.0721 | AN30: 3839.6283 | AO30: 4933.1141 | AP30: 3995.6167 | AQ30: 748.31879 | AR30: 34.89397 | AS30: 2169.3806 | AT30: 2410.7771 | AU30: 931.14645 | AV30: 2702.404 | AW30: 3428.2894
A31: Market Place | B31: 3302.0644 | C31: 3275.3032 | D31: 3476.4303 | E31: 3876.5902 | F31: 3519.3573 | G31: 3645.5229 | H31: 3732.418 | I31: 3839.874 | J31: 4124.1957 | K31: 4196.377 | L31: 4149.3892 | M31: 4687.1858 | N31: 4595.0332 | O31: 4446.75 | P31: 4664.5145 | Q31: 4812.2925 | R31: 5628.8454 | S31: 5483.5526 | T31: 5191.1958 | U31: 5466.4973 | V31: 5836.5208 | W31: 5817.1685 | X31: 5715.0528 | Y31: 6809.153 | Z31: 6509.5643 | AA31: 6084.5892 | AB31: 6023.6176 | AC31: 6325.4721 | AD31: 6113.2535 | AE31: 5735.543 | AF31: 5705.0807 | AG31: 6013.677 | AH31: 5506.9803 | AI31: 4971.5916 | AJ31: 5238.491 | AK31: 5766.91 | AL31: 5066.737 | AM31: 5166.5195 | AN31: 4911.027 | AO31: 5331.7705 | AP31: 4153.529 | AQ31: 210.64 | AR31: 759.815 | AS31: 1994.0035 | AT31: 1974.2599 | AU31: 1884.4495 | AV31: 2781.866 | AW31: 3722.124
A32: Torres Market Place | B32: - | C32: - | D32: - | E32: - | F32: - | G32: - | H32: - | I32: - | J32: - | K32: - | L32: - | M32: - | N32: - | O32: - | P32: - | Q32: - | R32: - | S32: - | T32: - | U32: - | V32: - | W32: - | X32: - | Y32: - | Z32: - | AA32: - | AB32: - | AC32: 0 | AD32: - | AE32: - | AF32: - | AG32: - | AH32: - | AI32: 0 | AJ32: - | AK32: 0 | AL32: 0 | AM32: 0 | AN32: 0 | AO32: 0 | AP32: 0 | AQ32: 0 | AR32: 0 | AS32: 0 | AT32: 0 | AU32: 0 | AV32: 0 | AW32: 0
A33: Iguatemi Alphaville | B33: - | C33: - | D33: - | E33: - | F33: - | G33: 1440.5792 | H33: 1549.698 | I33: 1757.217 | J33: 1515.224 | K33: 1713.102 | L33: 1763.657 | M33: 2150.908 | N33: 1905.789 | O33: 2089.7372 | P33: 2092.8275 | Q33: 2439.226 | R33: 2335.098 | S33: 2564.573 | T33: 2375.7376 | U33: 3004.468 | V33: 3140.144 | W33: 3206.583 | X33: 3142.348 | Y33: 3711.119 | Z33: 3478.073 | AA33: 3550.878 | AB33: 3547.664 | AC33: 4014.784 | AD33: 3799.2131 | AE33: 3849.904 | AF33: 3578.83 | AG33: 3933.653 | AH33: 3553.127 | AI33: 3846.1794 | AJ33: 3804.5209 | AK33: 4211.701 | AL33: 3709.836 | AM33: 4084.862 | AN33: 4018.831 | AO33: 4632.1632 | AP33: 3472.625 | AQ33: 269.9469 | AR33: 1744.7244 | AS33: 2980.09 | AT33: 1616.593 | AU33: 2140.121 | AV33: 3348.316 | AW33: 4481.6611
A34: Iguatemi Campinas | B34: 2973.121 | C34: 2990.6734 | D34: 3127.3097 | E34: 3647.8502 | F34: 3346.0305 | G34: 3790.3712 | H34: 3740.1764 | I34: 4411.7382 | J34: 3718.1275 | K34: 3926.6793 | L34: 3813.4515 | M34: 4423.2982 | N34: 4011.162 | O34: 4215.2935 | P34: 4203.3365 | Q34: 4866.0905 | R34: 4468.4755 | S34: 4505.0035 | T34: 4365.4695 | U34: 5122.0832 | V34: 4413.852 | W34: 5021.8665 | X34: 5518.5431 | Y34: 6670.728 | Z34: 6145.6855 | AA34: 6512.637 | AB34: 6183.5202 | AC34: 8182.2806 | AD34: 6979.3716 | AE34: 7089.488 | AF34: 6681.3493 | AG34: 8884.0335 | AH34: 7653.7975 | AI34: 7298.6178 | AJ34: 7829.815 | AK34: 9546.3477 | AL34: 8224.3895 | AM34: 8247.908 | AN34: 7761.496 | AO34: 9825.7225 | AP34: 7007.0535 | AQ34: 332.969 | AR34: 2474.271 | AS34: 6325.228 | AT34: 3117.6328 | AU34: 3857.576 | AV34: 5640.312 | AW34: 9133.212
A35: Galleria | B35: - | C35: 380.864 | D35: 801.3935 | E35: 926.237 | F35: 826.543 | G35: 814.59411 | H35: 958.28 | I35: 1053.0902 | J35: 1083.3804 | K35: 1052.026 | L35: 1126.3134 | M35: 1340.245 | N35: 1462.895 | O35: 1388.7885 | P35: 1432.3347 | Q35: 1646.1345 | R35: 1659.5075 | S35: 1662.634 | T35: 1748.658 | U35: 2232.8255 | V35: 2027.136 | W35: 1896.7315 | X35: 2084.026 | Y35: 2568.484 | Z35: 2343.6085 | AA35: 2109.3163 | AB35: 2187.988 | AC35: 2426.4353 | AD35: 2278.0715 | AE35: 2293.8902 | AF35: 2351.5877 | AG35: 2636.4054 | AH35: 2512.9251 | AI35: 2512.9434 | AJ35: 2630.8167 | AK35: 2825.9507 | AL35: 2444.6431 | AM35: 2364.8953 | AN35: 2595.6496 | AO35: 2842.6814 | AP35: 2290.1696 | AQ35: 331.0632 | AR35: 901.14305 | AS35: 1810.5858 | AT35: 1145.8165 | AU35: 1254.7267 | AV35: 1806.831 | AW35: 2331.94
A36: Iguatemi Esplanada (2) | B36: 1411.5108 | C36: 1544.118 | D36: 1604.7496 | E36: 1828.2186 | F36: 1401.0461 | G36: 1501.9997 | H36: 1799.0677 | I36: 2114.6221 | J36: 1718.1263 | K36: 1798.9055 | L36: 2001.0978 | M36: 2368.8029 | N36: 1918.9496 | O36: 1942.7591 | P36: 2221.364 | Q36: 3305.7354 | R36: 2712.2897 | S36: 3120.3391 | T36: 3241.6167 | U36: 4064.7931 | V36: 3162.4367 | W36: 3397.2418 | X36: 3400.9199 | Y36: 4638.1988 | Z36: 3669.6339 | AA36: 4159.7275 | AB36: 4029.8414 | AC36: 4978.1567 | AD36: 4102.447 | AE36: 5019.8405 | AF36: 4819.7283 | AG36: 5854.9781 | AH36: 4801.5645 | AI36: 4577.1552 | AJ36: 4831.6591 | AK36: 6356.5371 | AL36: 4988.616 | AM36: 5120.4519 | AN36: 5325.837 | AO36: 6830.1319 | AP36: 2589.538 | AQ36: 708.04315 | AR36: 2541.239 | AS36: 5630.7412 | AT36: 2710.0769 | AU36: 3567.3743 | AV36: 5164.5448 | AW36: 7328.0469
A37: Iguatemi São Carlos | B37: - | C37: - | D37: - | E37: - | F37: - | G37: - | H37: - | I37: - | J37: - | K37: - | L37: - | M37: - | N37: - | O37: - | P37: - | Q37: - | R37: - | S37: - | T37: 162.568 | U37: 667.201 | V37: 566.2905 | W37: 588.4999 | X37: 675.862 | Y37: 885.846 | Z37: 685.44801 | AA37: 705.6791 | AB37: 694.937 | AC37: 863.8895 | AD37: 844.064 | AE37: 840.14905 | AF37: 798.574 | AG37: 1004.8882 | AH37: 847.7925 | AI37: 818.121 | AJ37: 855.186 | AK37: 1052.353 | AL37: 896.1436 | AM37: 901.59558 | AN37: 870.9325 | AO37: 1059.784 | AP37: 759.328 | AQ37: 132.42 | AR37: 372.776 | AS37: 699.2905 | AT37: 254.704 | AU37: 452.188 | AV37: 614.683 | AW37: 888.192
A38: Iguatemi Ribeirão Preto | B38: - | C38: - | D38: - | E38: - | F38: - | G38: - | H38: - | I38: - | J38: - | K38: - | L38: - | M38: - | N38: - | O38: - | P38: - | Q38: 52.02351 | R38: 16.81 | S38: 12.139 | T38: 12.4825 | U38: 42.277 | V38: 8.731 | W38: - | X38: - | Y38: - | Z38: - | AA38: - | AB38: - | AC38: - | AD38: - | AE38: - | AF38: - | AG38: - | AH38: - | AI38: 0 | AJ38: - | AK38: - | AL38: 0 | AM38: 0 | AN38: 0 | AO38: 0 | AP38: 0 | AQ38: 0 | AR38: 0 | AS38: 0 | AT38: 0 | AU38: 0 | AV38: 0 | AW38: 0
A39: Iguatemi Rio Preto | B39: - | C39: - | D39: - | E39: - | F39: - | G39: - | H39: - | I39: - | J39: - | K39: - | L39: - | M39: - | N39: - | O39: - | P39: - | Q39: - | R39: - | S39: 52.124 | T39: 73.804 | U39: 89.687 | V39: 62.872 | W39: 57.532 | X39: 53.596 | Y39: 80.49 | Z39: 56.59 | AA39: 64.167 | AB39: 59.547 | AC39: 94.42 | AD39: 81.635 | AE39: 83.74 | AF39: 44.33 | AG39: - | AH39: - | AI39: 0 | AJ39: - | AK39: - | AL39: 0 | AM39: 0 | AN39: 0 | AO39: 0 | AP39: 0 | AQ39: 0 | AR39: 0 | AS39: 0 | AT39: 0 | AU39: 0 | AV39: 0 | AW39: 0
A40: Iguatemi Porto Alegre | B40: 2385.3321 | C40: 2663.1406 | D40: 2725.9741 | E40: 3090.0265 | F40: 2814.2721 | G40: 3037.5433 | H40: 3122.6633 | I40: 3381.4937 | J40: 3014.031 | K40: 3139.4693 | L40: 3222.7612 | M40: 3664.9766 | N40: 3242.8268 | O40: 3431.6925 | P40: 3474.6555 | Q40: 3567.467 | R40: 3315.4934 | S40: 2970.9741 | T40: 3142.9591 | U40: 3764.4214 | V40: 3498.9835 | W40: 3802.1404 | X40: 3762.2998 | Y40: 4540.6821 | Z40: 3382.7923 | AA40: 5167.7237 | AB40: 5437.7484 | AC40: 6888.2737 | AD40: 6254.6882 | AE40: 6444.5262 | AF40: 6222.252 | AG40: 7678.2531 | AH40: 6433.3281 | AI40: 6837.4675 | AJ40: 6799.0397 | AK40: 8104.3712 | AL40: 6577.4638 | AM40: 6990.8969 | AN40: 6954.5001 | AO40: 8731.7633 | AP40: 5842.6362 | AQ40: 1217.4742 | AR40: 2173.8805 | AS40: 5982.1484 | AT40: 3478.5222 | AU40: 5199.2447 | AV40: 6171.772 | AW40: 8791.0217
A41: Torre Iguatemi Porto Alegre | AH41: - | AI41: 0 | AJ41: - | AK41: - | AL41: 0 | AM41: 0 | AN41: 0 | AO41: 0 | AP41: 0 | AQ41: 0 | AR41: 0 | AS41: 0 | AT41: 0 | AU41: 0 | AV41: 0 | AW41: 0
A42: Praia de Belas | B42: 1443.2297 | C42: 1551.0595 | D42: 1608.1174 | E42: 1727.8021 | F42: 1463.4897 | G42: 1674.8521 | H42: 1724.1095 | I42: 1777.8175 | J42: 1567.5692 | K42: 1891.868 | L42: 1924.298 | M42: 2084.616 | N42: 1820.3336 | O42: 2031.0158 | P42: 2225.2815 | Q42: 2309.8701 | R42: 2324.6363 | S42: 2662.0782 | T42: 2664.6754 | U42: 2850.624 | V42: 2616.9275 | W42: 3156.992 | X42: 3520.676 | Y42: 3808.454 | Z42: 2972.245 | AA42: 3547.8445 | AB42: 3641.319 | AC42: 3972.5672 | AD42: 3623.4 | AE42: 3949.9245 | AF42: 4365.0296 | AG42: 4728.0854 | AH42: 3910.778 | AI42: 4459.503 | AJ42: 5029.3085 | AK42: 5293.842 | AL42: 4522.2791 | AM42: 4897.891 | AN42: 4836.514 | AO42: 5282.666 | AP42: 3725.112 | AQ42: 482.077 | AR42: 833.42199 | AS42: 2501.014 | AT42: 1509.651 | AU42: 2131.268 | AV42: 2764.997 | AW42: 3603.646
A43: Iguatemi Florianópolis | B43: 930.44383 | C43: 886.83005 | D43: 909.10576 | E43: 1022.4908 | F43: 944.1615 | G43: 886.87877 | H43: 821.86275 | I43: 991.94683 | J43: 1099.5473 | K43: 1046.0433 | L43: 1063.7775 | M43: 1162.2007 | N43: 1212.2152 | O43: 993.18558 | P43: 1040.9175 | Q43: 1205.5289 | R43: 1358.0089 | S43: 1234.2337 | T43: 1142.3213 | U43: 1354.8438 | V43: 1426.2052 | W43: 1234.3955 | X43: 1170.814 | Y43: 1520.1367 | Z43: 1574.4152 | AA43: 1308.031 | AB43: 1223.0765 | AC43: 1551.542 | AD43: 1435.687 | AE43: 1212.7432 | AF43: 1173.1175 | AG43: 1493.2476 | AH43: 1680.1645 | AI43: 1296.3358 | AJ43: 1361.2275 | AK43: 1546.0332 | AL43: 1511.1095 | AM43: 1322.738 | AN43: 1289.654 | AO43: 0 | AP43: 0 | AQ43: 0 | AR43: 0 | AS43: 0 | AT43: 0 | AU43: 0 | AV43: 2146.1302 | AW43: 0
A44: Iguatemi Caxias | B44: - | C44: - | D44: - | E44: - | F44: - | G44: - | H44: - | I44: - | J44: - | K44: - | L44: - | M44: - | N44: - | O44: - | P44: - | Q44: - | R44: - | S44: - | T44: - | U44: - | V44: 688.54266 | W44: 622.24247 | X44: 1321.461 | Y44: 1507.9012 | Z44: 1344.6918 | AA44: 956 | AB44: 1416.6742 | AC44: 1416.2223 | AD44: 1438.4718 | AE44: 1656.3577 | AF44: 1263.5804 | AG44: 1522.043 | AH44: 1210.2538 | AI44: 1158.7476 | AJ44: 1333.8868 | AK44: 1621.6753 | AL44: 1348.6415 | AM44: 1397.2486 | AN44: 0 | AO44: 0 | AP44: 0 | AQ44: 0 | AR44: 0 | AS44: 0 | AT44: 0 | AU44: 0 | AV44: 0 | AW44: 0
A45: Iguatemi Brasília | B45: - | C45: 821.74814 | D45: 933.34944 | E45: 1292.831 | F45: 1611.1761 | G45: 1525.4929 | H45: 1586.5258 | I45: 2038.5332 | J45: 1623.908 | K45: 1653.0765 | L45: 1689.1786 | M45: 2065.367 | N45: 2012.4451 | O45: 1935.4168 | P45: 1961.1343 | Q45: 2424.4659 | R45: 2100.1787 | S45: 2299.8457 | T45: 2006.4916 | U45: 2690.1512 | V45: 2375.8428 | W45: 2445.651 | X45: 2263.0784 | Y45: 2871.6393 | Z45: 2796.067 | AA45: 2907.4592 | AB45: 2705.2851 | AC45: 3504.9564 | AD45: 2860.9832 | AE45: 2698.841 | AF45: 2420.3529 | AG45: 3054.0151 | AH45: 2698.9617 | AI45: 2665.6188 | AJ45: 2755.1206 | AK45: 3411.455 | AL45: 2776.6949 | AM45: 2594.7628 | AN45: 2517.0209 | AO45: 3341.4333 | AP45: 2469.6373 | AQ45: 320.77307 | AR45: 1163.9948 | AS45: 2022.5817 | AT45: 1097.7742 | AU45: 1552.9836 | AV45: 2146.1302 | AW45: 3118.1557
A46: I Fashion Outlet Novo Hamburgo | B46: - | C46: - | D46: - | E46: - | F46: - | G46: - | H46: - | I46: - | J46: - | K46: - | L46: - | M46: - | N46: - | O46: - | P46: - | Q46: - | R46: - | S46: - | T46: - | U46: - | V46: - | W46: - | X46: - | Y46: - | Z46: - | AA46: - | AB46: - | AC46: - | AD46: - | AE46: - | AF46: - | AG46: - | AH46: - | AI46: 0 | AJ46: - | AK46: - | AL46: 0 | AM46: 0 | AN46: 0 | AO46: 0 | AP46: 0 | AQ46: 0 | AR46: 0 | AS46: 0 | AT46: 0 | AU46: 0 | AV46: 0 | AW46: 0
A47: I Fashion Outlet Santa Catarina | B47: - | C47: - | D47: - | E47: - | F47: - | G47: - | H47: - | I47: - | J47: - | K47: - | L47: - | M47: - | N47: - | O47: - | P47: - | Q47: - | R47: - | S47: - | T47: - | U47: - | V47: - | W47: - | X47: - | Y47: - | Z47: - | AA47: - | AB47: - | AC47: - | AD47: - | AE47: - | AF47: - | AG47: - | AH47: - | AI47: - | AJ47: - | AK47: - | AL47: 0 | AM47: 0 | AN47: 0 | AO47: 0 | AP47: 0 | AQ47: 0 | AR47: 0 | AS47: 0 | AT47: 0 | AU47: 0 | AV47: 0 | AW47: 0
A48: Power Center Iguatemi Campinas | B48: - | C48: - | D48: - | E48: - | F48: - | G48: 44.839 | H48: 142.214 | I48: 114.099 | J48: 106.65 | K48: 90.033 | L48: 84.0095 | M48: 81.691 | N48: 93.7805 | O48: 86.3935 | P48: 99.9145 | Q48: 126.686 | R48: 117.408 | S48: 108.54 | T48: 112.218 | U48: 115.286 | V48: 129.3295 | W48: 106.6075 | X48: 100.894 | Y48: 106.53 | Z48: 122.0775 | AA48: 129.594 | AB48: 131.996 | AC48: 227.043 | AD48: 218.5745 | AE48: 200.274 | AF48: 219.186 | AG48: 248.37601 | AH48: 244.091 | AI48: 212.9335 | AJ48: 256.551 | AK48: 295.718 | AL48: 271.98 | AM48: 283.051 | AN48: 304.071 | AO48: 365.726 | AP48: 312.402 | AQ48: 120.375 | AR48: 229.502 | AS48: 293.272 | AT48: 169.73502 | AU48: 237.056 | AV48: 281.317 | AW48: 344.757
A50: (1) Numbers do not include the linearization effect.
A51: (2) Considers Iguatemi Esplanada and Esplanada Shopping as one asset.
A52: (3) Revenues for Pátio Higienópolis calculated using the cash accounting regime in 2015 and 2016 (accumulated Revenues for 2015 not disclosed as we acquired a stake in the mall in July/2015). From 2017 onwards the mall started reporting under the formal accounting method.

Sheet P&L
A1: Financial Performance | B1: 1Q10 | C1: 2Q10 | D1: 3Q10 | E1: 4Q10 | F1: 1Q11 | G1: 2Q11 | H1: 3Q11 | I1: 4Q11 | J1: 1Q12 | K1: 2Q12 | L1: 3Q12 | M1: 4Q12 | N1: 1Q13 | O1: 2Q13 | P1: 3Q13 | Q1: 4Q13 | R1: 1Q14 | S1: 2Q14 | T1: 3Q14 | U1: 4Q14 | V1: 1Q15 | W1: 2Q15 | X1: 3Q15 | Y1: 4Q15 | Z1: 1Q16 | AA1: 2Q16 | AB1: 3Q16 | AC1: 4Q16 | AD1: 1Q17 | AE1: 2Q17 | AF1: 3Q17 | AG1: 4Q17 | AH1: ='Indicators - Quaterly'!AH1 -> 1Q18 | AI1: ='Indicators - Quaterly'!AI1 -> 2Q18 | AJ1: ='Indicators - Quaterly'!AJ1 -> 3Q18 | AK1: ='Indicators - Quaterly'!AK1 -> 4Q18 | AL1: ='Indicators - Quaterly'!AL1 -> 1Q19 | AM1: ='Indicators - Quaterly'!AM1 -> 2Q19 | AN1: ='Indicators - Quaterly'!AN1 -> 3Q19 | AO1: ='Indicators - Quaterly'!AO1 -> 4Q19 | ... AT1: ='Indicators - Quaterly'!AT1 -> 1Q21 | AU1: 2Q21 | AV1: 3Q21 | AW1: 4Q21
A3: Consolidated P&L - Management Accounting (R$ ‘000) | B3: =B$1 -> 1Q10 | C3: =C$1 -> 2Q10 | D3: =D$1 -> 3Q10 | E3: =E$1 -> 4Q10 | F3: =F$1 -> 1Q11 | G3: =G$1 -> 2Q11 | H3: =H$1 -> 3Q11 | I3: =I$1 -> 4Q11 | ... AW3: =AW$1 -> 4Q21
A4: Gross Revenue | B4: 62667 | C4: 74741 | D4: 75554 | E4: 81474 | F4: 76912 | G4: 90095 | H4: 95632 | I4: 106862 | J4: 102506 | K4: 108702 | L4: 119612 | M4: 131813 | N4: 115464 | O4: 122038 | P4: 125957 | Q4: 156248 | R4: 145102 | S4: 159223 | T4: 165590 | U4: 187149 | V4: 165606 | W4: 175716 | X4: 177761 | Y4: 196600 | Z4: 180418 | AA4: 188954 | AB4: 186755 | AC4: 213043 | AD4: 192548 | AE4: 196793 | AF4: 197835 | AG4: 218292 | AH4: 192285 | AI4: 201163 | AJ4: 202173 | AK4: 230522 | AL4: 197009 | AM4: 214042 | AN4: 209459 | AO4: 241018 | AP4: 204843 | AQ4: 159989 | AR4: 179263 | AS4: 228136 | AT4: 196122 | AU4: 228158 | AV4: 255238 | AW4: 323183
A5: Taxes and Discounts | B5: -6350 | C5: -8041 | D5: -7945 | E5: -8521 | F5: -8025 | G5: -9448 | H5: -10875 | I5: -11631 | J5: -11842 | K5: -11628 | L5: -15306 | M5: -13336 | N5: -12966 | O5: -13922 | P5: -12903 | Q5: -16166 | R5: -13894 | S5: -15385 | T5: -17615 | U5: -20566 | V5: -16784 | W5: -19106 | X5: -18139 | Y5: -24459 | Z5: -19931 | AA5: -26143 | AB5: -25658 | AC5: -29291 | AD5: -25199 | AE5: -27380 | AF5: -28144 | AG5: -32589 | AH5: -23815 | AI5: -26153 | AJ5: -24619 | AK5: -30029 | AL5: -24016 | AM5: -26369 | AN5: -27080 | AO5: -29793 | AP5: -48048 | AQ5: -80802 | AR5: -62164 | AS5: -59173 | AT5: -56399 | AU5: -60570 | AV5: -58644 | AW5: -68321
A6: Straight-line effect | AQ6: 81727 | AR6: 65034 | AS6: 15440 | AT6: 29666 | AU6: 2713 | AV6: 15600 | AW6: 60616
A7: Net Revenue | B7: 56317 | C7: 66700 | D7: 67609 | E7: 72953 | F7: 68887 | G7: 80647 | H7: 84757 | I7: 95231 | J7: 90664 | K7: 97074 | L7: 104306 | M7: 118477 | N7: 102498 | O7: 108116 | P7: 113054 | Q7: 140082 | R7: 131208 | S7: 143838 | T7: 147975 | U7: 166583 | V7: 148822 | W7: 156610 | X7: 159622 | Y7: 172141 | Z7: 160487 | AA7: 162811 | AB7: 161097 | AC7: 183752 | AD7: 167349 | AE7: 169413 | AF7: 169690 | AG7: 185704 | AH7: 168470 | AI7: 175011 | AJ7: 177553 | AK7: 200492 | AL7: 172993 | AM7: 187674 | AN7: 182378 | AO7: 211225 | AP7: 156795 | AQ7: 160914 | AR7: 182131 | AS7: 184403 | AT7: 169390 | AU7: 170302 | AV7: 212194 | AW7: 315478
A8: Costs and Expenses | B8: -21357 | C8: -28417 | D8: -25574 | E8: -35254 | F8: -28088 | G8: -31426 | H8: -40514 | I8: -43064 | J8: -30891 | K8: -37278 | L8: -49816 | M8: -47639 | N8: -34891 | O8: -39332 | P8: -42141 | Q8: -57465 | R8: -41375 | S8: -46748 | T8: -45849 | U8: -46992.53 | V8: -44688.553 | W8: -46763.541 | X8: -44275.691 | Y8: -54120.222 | Z8: -41035 | AA8: -45981 | AB8: -38439 | AC8: -41324 | AD8: -41704 | AE8: -46684 | AF8: -40645 | AG8: -46044 | AH8: -45463 | AI8: -48636 | AJ8: -46469 | AK8: -57352 | AL8: -48521 | AM8: -54663 | AN8: -53644 | AO8: -63345 | AP8: -51235 | AQ8: -38929 | AR8: -52463 | AS8: -68082 | AT8: -63754 | AU8: -74436 | AV8: -82076 | AW8: -103422
A9: Other Operational Revenues | B9: 189 | C9: 11402 | D9: 13286 | E9: 7077 | F9: 509 | G9: 8522 | H9: 20824 | I9: 18721 | J9: 1156 | K9: 22579 | L9: 110636 | M9: 26494 | N9: 14418 | O9: 2481 | P9: 6765 | Q9: 34204 | R9: 8693 | S9: 3084 | T9: 10324 | U9: 23593 | V9: -1460 | W9: 12520 | X9: 19384 | Y9: 26013 | Z9: 9354 | AA9: 4534 | AB9: 5010 | AC9: 91 | AD9: -180 | AE9: 7444 | AF9: 4499 | AG9: 10526 | AH9: 2493 | AI9: 5852 | AJ9: 9828 | AK9: 15621 | AL9: 4636 | AM9: 4369 | AN9: 39491 | AO9: 52013 | AP9: -2984 | AQ9: -7394 | AR9: 4066 | AS9: 45583 | AT9: -4432 | AU9: 12788 | AV9: 23166 | AW9: -26398
A10: Asset Equivalence Result | B10: 0 | C10: 0 | D10: 0 | E10: 0 | F10: 0 | G10: 0 | H10: 0 | I10: 0 | J10: 0 | K10: 0 | L10: 0 | M10: 0 | N10: 0 | O10: 0 | P10: 0 | Q10: 0 | R10: 0 | S10: 0 | T10: 0 | U10: 0 | V10: 0 | W10: 0 | X10: 0 | Y10: 0 | Z10: 218 | AA10: 223 | AB10: 257 | AC10: 241 | AD10: 299 | AE10: 299 | AF10: 298 | AG10: 294 | AH10: 279 | AI10: 287 | AJ10: 281 | AK10: 277 | AL10: 305 | AM10: 292 | AN10: 293 | AO10: 299 | AP10: 336 | AQ10: 339 | AR10: 335 | AS10: 338 | AT10: 236 | AU10: 251 | AV10: 238 | AW10: 249
A11: EBITDA | B11: 35149 | C11: 49673 | D11: 55310 | E11: 44757 | F11: 41299 | G11: 57731 | H11: 65067 | I11: 70888 | J11: 60929 | K11: 82375 | L11: 165126 | M11: 97332 | N11: 82025 | O11: 71265 | P11: 77678 | Q11: 116821 | R11: 98526 | S11: 100175 | T11: 112450 | U11: 143183.47 | V11: 102673.45 | W11: 122366.46 | X11: 134730.31 | Y11: 144033.78 | Z11: 129024 | AA11: 121587 | AB11: 127925 | AC11: 142760 | AD11: 125764 | AE11: 130472 | AF11: 133842 | AG11: 150480 | AH11: 125779 | AI11: 132514 | AJ11: 141193 | AK11: 159038 | AL11: 129413 | AM11: 137672 | AN11: 168518 | AO11: 200192 | AP11: 102912 | AQ11: 114930 | AR11: 134069 | AS11: 162242 | AT11: 101440 | AU11: 108905 | AV11: 153522 | AW11: 185907
A12: EBITDA Margin | B12: 0.624 | C12: 0.745 | D12: 0.818 | E12: 0.614 | F12: 0.6 | G12: 0.716 | H12: 0.768 | I12: 0.744 | J12: 0.672 | K12: 0.849 | L12: 1.583 | M12: 0.822 | N12: 0.8 | O12: 0.659 | P12: 0.687 | Q12: 0.834 | R12: 0.751 | S12: 0.696 | T12: 0.76 | U12: 0.85953231 | V12: 0.68990772 | W12: 0.78134512 | X12: 0.84405852 | Y12: 0.83671977 | Z12: 0.80395297 | AA12: 0.74679843 | AB12: 0.79408679 | AC12: 0.77691671 | AD12: 0.75150733 | AE12: 0.77014161 | AF12: 0.78874418 | AG12: 0.8103218 | AH12: 0.74659583 | AI12: 0.75717526 | AJ12: 0.79521608 | AK12: 0.79323863 | AL12: 0.74808229 | AM12: 0.73356991 | AN12: 0.92400399 | AO12: 0.9477666 | AP12: 0.65634746 | AQ12: 0.71423245 | AR12: 0.73611302 | AS12: 0.879823 | AT12: 0.59885471 | AU12: 0.63948163 | AV12: 0.72349831 | AW12: 0.58928673
A13: Ajusted EBITDA | B13: - | C13: - | D13: - | E13: - | F13: - | G13: - | H13: - | I13: - | J13: - | K13: - | L13: 56921 | M13: - | N13: - | O13: - | P13: - | Q13: - | R13: - | S13: - | T13: - | U13: - | V13: - | W13: - | X13: - | Y13: - | Z13: - | AA13: - | AB13: - | AC13: - | AD13: - | AE13: - | AF13: - | AG13: - | AH13: - | AI13: - | AJ13: - | AK13: - | AL13: - | AN13: 154956 | AO13: 153054
A14: Ajusted EBITDA Margin | B14: - | C14: - | D14: - | E14: - | F14: - | G14: - | H14: - | I14: - | J14: - | K14: - | L14: 0.546 | M14: - | N14: - | O14: - | P14: - | Q14: - | R14: - | S14: - | T14: - | U14: - | V14: - | W14: - | X14: - | Y14: - | Z14: - | AA14: - | AB14: - | AC14: - | AD14: - | AE14: - | AF14: - | AG14: - | AH14: - | AI14: - | AJ14: - | AK14: - | AL14: - | AN14: 0.84964195 | AO14: 0.72460173
A15: Depreciation and Amortization | B15: -4414 | C15: -5537 | D15: -5209 | E15: -5275 | F15: -5056 | G15: -6010 | H15: -6523 | I15: -8142 | J15: -8357 | K15: -9509 | L15: -11208 | M15: -11594 | N15: -11892 | O15: -12057 | P15: -13259 | Q15: -16879 | R15: -18574 | S15: -21824 | T15: -23180 | U15: -23856.775 | V15: -24335.447 | W15: -25184.539 | X15: -25917.826 | Y15: -27306.866 | Z15: -27847 | AA15: -27223 | AB15: -26751 | AC15: -26500 | AD15: -26479 | AE15: -26381 | AF15: -26743 | AG15: -26729 | AH15: -27069 | AI15: -27274 | AJ15: -27468 | AK15: -27830 | AL15: -31104 | AM15: -31524 | AN15: -31948 | AO15: -33446 | AP15: -37005 | AQ15: -37281 | AR15: -36509 | AS15: -38205 | AT15: -37144 | AU15: -38727 | AV15: -39679 | AW15: -39834
A16: EBIT | B16: 30735 | C16: 44136 | D16: 50101 | E16: 39482 | F16: 36243 | G16: 51721 | H16: 58544 | I16: 62746 | J16: 52572 | K16: 72866 | L16: 153918 | M16: 85738 | N16: 70133 | O16: 59208 | P16: 64419 | Q16: 99942 | R16: 79952 | S16: 78351 | T16: 89270 | U16: 119326.69 | V16: 78338 | W16: 97181.92 | X16: 108812.48 | Y16: 116726.91 | Z16: 101177 | AA16: 94364 | AB16: 101174 | AC16: 116260 | AD16: 99285 | AE16: 104091 | AF16: 107099 | AG16: 123751 | AH16: 98710 | AI16: 105240 | AJ16: 113725 | AK16: 131208 | AL16: 98309 | AM16: 106148 | AN16: 136570 | AO16: 166746 | AP16: 65907 | AQ16: 77649 | AR16: 97560 | AS16: 124037 | AT16: 64296 | AU16: 70178 | AV16: 113843 | AW16: 146073
A17: EBIT Margin | B17: 0.54574995 | C17: 0.66170915 | D17: 0.74104039 | E17: 0.54119776 | F17: 0.52612249 | G17: 0.64132578 | H17: 0.69072761 | I17: 0.659 | J17: 0.58 | K17: 0.751 | L17: 1.476 | M17: 0.724 | N17: 0.684 | O17: 0.548 | P17: 0.57 | Q17: 0.713 | R17: 0.609 | S17: 0.545 | T17: 0.603 | U17: 0.71631976 | V17: 0.52638723 | W17: 0.62053458 | X17: 0.68168851 | Y17: 0.67808897 | Z17: 0.63043736 | AA17: 0.57959229 | AB17: 0.62803156 | AC17: 0.6327006 | AD17: 0.59328111 | AE17: 0.61442156 | AF17: 0.63114503 | AG17: 0.66638845 | AH17: 0.58592034 | AI17: 0.60133363 | AJ17: 0.64051297 | AK17: 0.6544301 | AL17: 0.56828311 | AM17: 0.56559779 | AN17: 0.74882935 | AO17: 0.7894236 | AP17: 0.42033866 | AQ17: 0.48254968 | AR17: 0.5356584 | AS17: 0.6726409 | AT17: 0.37957376 | AU17: 0.41207972 | AV17: 0.53650433 | AW17: 0.46302119
A18: Financial Revenue (Expenses) | B18: -5964 | C18: 564 | D18: 4153 | E18: -1859 | F18: 4791 | G18: -1702 | H18: -11566 | I18: -12400 | J18: -10894 | K18: -9021 | L18: -13699 | M18: -15611 | N18: -12800 | O18: -11177 | P18: -7741 | Q18: -31188 | R18: -20591 | S18: -21182 | T18: -31485 | U18: -39653 | V18: -28143 | W18: -37759 | X18: -40123 | Y18: -53931 | Z18: -51853 | AA18: -52919 | AB18: -53816 | AC18: -51179 | AD18: -43478 | AE18: -43387 | AF18: -42827 | AG18: -39688 | AH18: -26175 | AI18: -30114 | AJ18: -31957 | AK18: -31131 | AL18: -27852 | AM18: -29061 | AN18: -27323 | AO18: -23095 | AP18: -25187 | AQ18: -19562 | AR18: -20869 | AS18: -26941 | AT18: -7504 | AU18: 365522 | AV18: -211533 | AW18: -20848
A19: Income Tax and Social Contribution Tax | B19: -9483 | C19: -6989 | D19: -11374 | E19: -6128 | F19: 9546 | G19: -7040 | H19: -16261 | I19: -3574 | J19: -9464 | K19: -9797 | L19: -11269 | M19: -17031 | N19: -9995 | O19: -12487 | P19: -11714 | Q19: -12314 | R19: -11226 | S19: -7035 | T19: 9298 | U19: -14315 | V19: -5067 | W19: -11523 | X19: -10247 | Y19: -20610 | Z19: -10612 | AA19: -6357 | AB19: -6735 | AC19: -15309 | AD19: -5188 | AE19: -9729 | AF19: -11211 | AG19: -17415 | AH19: -14431 | AI19: -14559 | AJ19: -16190 | AK19: -24000 | AL19: -15004 | AM19: -16975 | AN19: -22332 | AO19: -31830 | AP19: -28267 | AQ19: -11798 | AR19: -15125 | AS19: -15080 | AT19: -16952 | AU19: -156692 | AV19: 39733 | AW19: -42337
A20: Net Profit | B20: 15288 | C20: 37711 | D20: 42880 | E20: 31495 | F20: 50580 | G20: 42979 | H20: 30717 | I20: 46772 | J20: 32214 | K20: 54048 | L20: 128950 | M20: 53096 | N20: 47338 | O20: 35544 | P20: 44963 | Q20: 56440 | R20: 48135 | S20: 50134 | T20: 67082 | U20: 65358.695 | V20: 45128 | W20: 47899.92 | X20: 58442.484 | Y20: 42185.913 | Z20: 38712 | AA20: 35088 | AB20: 40623 | AC20: 49772 | AD20: 50619 | AE20: 50975 | AF20: 53061 | AG20: 66648 | AH20: 58104 | AI20: 60567 | AJ20: 65578 | AK20: 76077 | AL20: 55453 | AM20: 60112 | AN20: 86915 | AO20: 111821 | AP20: 12453 | AQ20: 46289 | AR20: 61566 | AS20: 82016 | AT20: 39840 | AU20: 279008 | AV20: -57957 | AW20: 82888
A21: Net Margin | B21: 0.27146332 | C21: 0.56538231 | D21: 0.63423509 | E21: 0.43171631 | F21: 0.73424594 | G21: 0.53292745 | H21: 0.36241254 | I21: 0.491 | J21: 0.355 | K21: 0.557 | L21: 1.236 | M21: 0.448 | N21: 0.462 | O21: 0.329 | P21: 0.398 | Q21: 0.403 | R21: 0.367 | S21: 0.349 | T21: 0.453 | U21: 0.39234913 | V21: 0.30323474 | W21: 0.3058548 | X21: 0.36613051 | Y21: 0.24506604 | Z21: 0.2412158 | AA21: 0.21551369 | AB21: 0.25216484 | AC21: 0.27086508 | AD21: 0.30247566 | AE21: 0.3008919 | AF21: 0.31269374 | AG21: 0.333 | AH21: 0.34489227 | AI21: 0.34607539 | AJ21: 0.369 | AK21: 0.379 | AL21: 0.32055054 | AM21: 0.32030009 | AN21: 0.47656516 | AO21: 0.52939283 | AP21: 0.079422175 | AQ21: 0.28766298 | AR21: 0.33803142 | AS21: 0.444765 | AT21: 0.23519688 | AU21: 1.6383131 | AV21: -0.27313213 | AW21: 0.26273781
A22: FFO | B22: 19702 | C22: 43248 | D22: 48089 | E22: 36770 | F22: 55636 | G22: 48989 | H22: 37240 | I22: 54914 | J22: 40571 | K22: 63557 | L22: 140158 | M22: 64690 | N22: 59230 | O22: 47601 | P22: 58222 | Q22: 73319 | R22: 66709 | S22: 71958 | T22: 90262 | U22: 89215.47 | V22: 69463.447 | W22: 73084.459 | X22: 84360.309 | Y22: 69492.778 | Z22: 66559 | AA22: 62311 | AB22: 67374 | AC22: 76272 | AD22: 77098 | AE22: 77356 | AF22: 79804 | AG22: 88517 | AH22: 85173 | AI22: 87841 | AJ22: 93046 | AK22: 103907 | AL22: 86557 | AM22: 91636 | AN22: 118863 | AO22: 145267 | AP22: 49458 | AQ22: 83570 | AR22: 98075 | AS22: 120221 | AT22: 76984 | AU22: 317735 | AV22: -18278 | AW22: 122722
A23: FFO Margin | B23: 0.34984108 | C23: 0.6483958 | D23: 0.71128104 | E23: 0.50402314 | F23: 0.8076415 | G23: 0.60744975 | H23: 0.43937374 | I23: 0.577 | J23: 0.447 | K23: 0.655 | L23: 1.344 | M23: 0.546 | N23: 0.578 | O23: 0.44 | P23: 0.515 | Q23: 0.523 | R23: 0.508 | S23: 0.5 | T23: 0.61 | U23: 0.53556167 | V23: 0.46675523 | W23: 0.46666534 | X23: 0.52850051 | Y23: 0.40369684 | Z23: 0.41473141 | AA23: 0.38271984 | AB23: 0.41822008 | AC23: 0.4150812 | AD23: 0.46070189 | AE23: 0.45661195 | AF23: 0.47029289 | AG23: 0.4766564 | AH23: 0.50556776 | AI23: 0.50191702 | AJ23: 0.52404634 | AK23: 0.51826008 | AL23: 0.50034973 | AM23: 0.48827222 | AN23: 0.65173979 | AO23: 0.68773583 | AP23: 0.31543098 | AQ23: 0.51934574 | AR23: 0.53848603 | AS23: 0.65194709 | AT23: 0.45447783 | AU23: 1.865715 | AV23: -0.086138157 | AW23: 0.38900335
A26: Consolidated P&L - Malls (R$ ‘000) | B26: =B$1 -> 1Q10 | C26: =C$1 -> 2Q10 | D26: =D$1 -> 3Q10 | E26: =E$1 -> 4Q10 | F26: =F$1 -> 1Q11 | G26: =G$1 -> 2Q11 | H26: =H$1 -> 3Q11 | I26: =I$1 -> 4Q11 | ... AW26: =AW$1 -> 4Q21
A27: Gross Revenue | AL27: 190765.09 | AM27: 205624.9 | AN27: 201652.6 | AO27: 227200.79 | AP27: 198223.55 | AQ27: 156473.35 | AR27: 168203.69 | AS27: 205348.16 | AT27: 185709.55 | AU27: 204296.27 | AV27: 226248.46 | AW27: 274403.99
A28: Taxes and Discounts | AL28: -22077.456 | AM28: -23806.828 | AN28: -24733.864 | AO28: -25669.763 | AP28: -45944.353 | AQ28: -79881.467 | AR28: -58968.093 | AS28: -52020.257 | AT28: -52733.85 | AU28: -53290.614 | AV28: -49488.339 | AW28: -53182.941
A29: Straight-line effect | AL29: -4305.3659 | AM29: -5854.9289 | AN29: -5460.2643 | AO29: 0 | AP29: 0 | AQ29: 81727 | AR29: 65034 | AS29: 15440 | AT29: 29666 | AU29: 2713 | AV29: 15600 | AW29: 60616
A30: Net Revenue | AL30: 177952.79 | AM30: 193744.83 | AN30: 188597.59 | AO30: 201531.02 | AP30: 152279.2 | AQ30: 158318.89 | AR30: 174267.59 | AS30: 168767.91 | AT30: 162642.7 | AU30: 153719.65 | AV30: 192360.12 | AW30: 281837.05
A31: Costs and Expenses | AL31: -48423.808 | AM31: -54307.281 | AN31: -54046.393 | AO31: -49919.814 | AP31: -41132.387 | AQ31: -31169.403 | AR31: -39168.411 | AS31: -46828.97 | AT31: -46606.786 | AU31: -49989.011 | AV31: -54625.683 | AW31: -61168.445
A32: Other Operational Revenues | AL32: 4636 | AM32: 4369 | AN32: 39491 | AO32: 52907.432 | AP32: -3248.2051 | AQ32: -6976.796 | AR32: 2941.1778 | AS32: 46307.734 | AT32: -5094.9026 | AU32: 13419.869 | AV32: 22284.548 | AW32: -26290.873
A33: Asset Equivalence Result | AL33: 1056.621 | AM33: 863.61874 | AN33: 649.93407 | AO33: 299 | AP33: 336 | AQ33: 339 | AR33: 335 | AS33: 338 | AT33: 236 | AU33: 251 | AV33: 238 | AW33: 249
A34: EBITDA | AL34: 129413.17 | AM34: 137672.1 | AN34: 168518.07 | AO34: 204817.64 | AP34: 108234.61 | AQ34: 120511.69 | AR34: 138375.36 | AS34: 168584.67 | AT34: 111177.01 | AU34: 117401.51 | AV34: 160256.98 | AW34: 194626.73
A35: EBITDA Margin | AL35: 0.72723317 | AM35: 0.71058463 | AN35: 0.89353244 | AO35: 1.0163082 | AP35: 0.71076423 | AQ35: 0.7611959 | AR35: 0.79403954 | AS35: 0.99891427 | AT35: 0.68356594 | AU35: 0.76373781 | AV35: 0.83310919 | AW35: 0.69056475
A36: Ajusted EBITDA | AN36: 155312.93 | AO36: 157679.64
A37: Ajusted EBITDA Margin | AN37: 0.82351494 | AO37: 0.78240877
A41: Consolidated P&L -Retail Operations (i-Retail and Iguatemi 365) (R$ ‘000) | B41: =B$1 -> 1Q10 | C41: =C$1 -> 2Q10 | D41: =D$1 -> 3Q10 | E41: =E$1 -> 4Q10 | F41: =F$1 -> 1Q11 | G41: =G$1 -> 2Q11 | H41: =H$1 -> 3Q11 | I41: =I$1 -> 4Q11 | ... AW41: =AW$1 -> 4Q21
A42: Gross Revenue | AL42: 6243.9101 | AM42: 8417.1006 | AN42: 7806.4003 | AO42: 13817.212 | AP42: 6619.4481 | AQ42: 3515.6473 | AR42: 11059.313 | AS42: 22787.835 | AT42: 10412.454 | AU42: 23861.733 | AV42: 28989.543 | AW42: 48779.01
A43: Taxes and Discounts | AL43: -1938.5442 | AM43: -2562.1717 | AN43: -2346.1359 | AO43: -4123.2368 | AP43: -2103.6471 | AQ43: -920.53288 | AR43: -3195.9069 | AS43: -7152.7426 | AT43: -3665.1498 | AU43: -7279.3865 | AV43: -9155.6607 | AW43: -15138.059
A44: Net Revenue | AL44: 4305.3659 | AM44: 5854.9289 | AN44: 5460.2643 | AO44: 9693.9752 | AP44: 4515.801 | AQ44: 2595.1144 | AR44: 7863.4061 | AS44: 15635.093 | AT44: 6747.3037 | AU44: 16582.347 | AV44: 19833.882 | AW44: 33640.951
A45: Costs and Expenses | AL45: -4959.7949 | AM45: -6070.8287 | AN45: -6219.5915 | AO45: -13425.186 | AP45: -10102.613 | AQ45: -7759.5969 | AR45: -13294.589 | AS45: -21253.03 | AT45: -17147.214 | AU45: -24446.989 | AV45: -27450.317 | AW45: -42253.555
A46: Other Operational Revenues | AL46: -97.192 | AM46: -355.71897 | AN46: 402.3931 | AO46: -894.43185 | AP46: 264.20505 | AQ46: -417.20403 | AR46: 1124.8222 | AS46: -724.73357 | AT46: 662.90259 | AU46: -631.86943 | AV46: 881.45225 | AW46: -107.12746
A47: Asset Equivalence Result | AL47: 0 | AM47: 0 | AN47: 0 | AO47: 0 | AP47: 0 | AQ47: 0 | AR47: 0 | AS47: 0 | AT47: 0 | AU47: 0 | AV47: 0 | AW47: 0
A48: EBITDA | AL48: -751.62103 | AM48: -571.61874 | AN48: -356.93407 | AO48: -4625.6423 | AP48: -5322.6075 | AQ48: -5581.6865 | AR48: -4306.3606 | AS48: -6342.6707 | AT48: -9737.0074 | AU48: -8496.512 | AV48: -6734.9829 | AW48: -8719.7317
A49: EBITDA Margin | AL49: -0.17457773 | AM49: -0.097630347 | AN49: -0.065369376 | AO49: -0.47716671 | AP49: -1.178663 | AQ49: -2.1508441 | AR49: -0.54764571 | AS49: -0.40566889 | AT49: -1.4430961 | AU49: -0.51238296 | AV49: -0.33956957 | AW49: -0.25919992
A52: Consolidated Profit and Loss Account – Formal Accounting (R$ '000) | B52: 1Q10 | C52: 2Q10 | D52: 3Q10 | E52: 4Q10 | F52: 1Q11 | G52: 2Q11 | H52: 3Q11 | I52: 4Q11 | J52: 1Q12 | K52: 2Q12 | L52: 3Q12 | M52: 4Q12 | N52: 1Q13 | O52: 2Q13 | P52: 3Q13 | Q52: 4Q13 | R52: 1Q14 | S52: 2Q14 | T52: 3Q14 | U52: 4Q14 | V52: 1Q15 | W52: 2Q15 | X52: 3Q15 | Y52: 4Q15 | Z52: 1Q16 | AA52: 2Q16 | AB52: 3Q16 | AC52: 4Q16 | AD52: 1Q17 | AE52: 2Q17 | AF52: 3Q17 | AG52: 4Q17 | AH52: =AH1 -> 1Q18 | AI52: =AI1 -> 2Q18 | AJ52: =AJ1 -> 3Q18 | AK52: =AK1 -> 4Q18 | AL52: =AL1 -> 1Q19 | AM52: =AM1 -> 2Q19 | AN52: =AN1 -> 3Q19 | AO52: =AO1 -> 4Q19 | AP52: =AP$1 -> 1Q20 | AQ52: =AQ$1 -> 2Q20 | AR52: =AR$1 -> 3Q20 | AS52: =AS$1 -> 4Q20 | AT52: =AT$1 -> 1Q21 | AU52: =AU$1 -> 2Q21 | AV52: =AV$1 -> 3Q21 | AW52: =AW$1 -> 4Q21
A53: Gross Revenue | B53: 62667 | C53: 74741 | D53: 75554 | E53: 81474 | F53: 76912 | G53: 90095 | H53: 95632 | I53: 106862 | J53: 100614 | K53: 105549 | L53: 104600 | M53: 116290 | N53: 103862 | O53: 109572 | P53: 113302 | Q53: 143082 | R53: 132637 | S53: 158966 | T53: 165332 | U53: 186892 | V53: 165357 | W53: 175466 | X53: 177512 | Y53: 196329 | Z53: 180418 | AA53: 188954 | AB53: 186755 | AC53: 213043 | AD53: 192548 | AE53: 196793 | AF53: 197835 | AG53: 218292 | AH53: 192285 | AI53: 201163 | AJ53: 202173 | AK53: 230522 | AL53: 197009 | AM53: 214042 | AN53: 209459 | AO53: 241018 | AP53: 202352 | AQ53: 157888 | AR53: 177224 | AS53: 225440 | AT53: 193092 | AU53: 225580 | AV53: 252355 | AW53: 319522
A54: Taxes and Discounts | B54: -6350 | C54: -8041 | D54: -7945 | E54: -8521 | F54: -8025 | G54: -9448 | H54: -10875 | I54: -11631 | J54: -11315 | K54: -10852 | L54: -11701 | M54: -10665 | N54: -11045 | O54: -12663 | P54: -12122 | Q54: -15118 | R54: -13154 | S54: -15366 | T54: -17595 | U54: -20546 | V54: -16765 | W54: -19087 | X54: -18120 | Y54: -24438 | Z54: -19931 | AA54: -26143 | AB54: -25658 | AC54: -29291 | AD54: -25199 | AE54: -27380 | AF54: -28144 | AG54: -32589 | AH54: -23815 | AI54: -26153 | AJ54: -24619 | AK54: -30029 | AL54: -24016 | AM54: -26369 | AN54: -27080 | AO54: -29793 | AP54: -47468 | AQ54: 1157 | AR54: 2568 | AS54: -43585 | AT54: -26453 | AU54: -57187 | AV54: -42711 | AW54: -7561
A55: Net Revenue | B55: 56317 | C55: 66700 | D55: 67609 | E55: 72953 | F55: 68887 | G55: 80647 | H55: 84757 | I55: 95231 | J55: 89299 | K55: 94697 | L55: 92899 | M55: 105625 | N55: 92817 | O55: 96909 | P55: 101180 | Q55: 127962 | R55: 119483 | S55: 143600 | T55: 147737 | U55: 166346 | V55: 148592 | W55: 156379 | X55: 159392 | Y55: 171891 | Z55: 160487 | AA55: 162811 | AB55: 161097 | AC55: 183752 | AD55: 167349 | AE55: 169413 | AF55: 169690 | AG55: 185704 | AH55: 168470 | AI55: 175011 | AJ55: 177553 | AK55: 200492 | AL55: 172993 | AM55: 187674 | AN55: 182378 | AO55: 211225 | AP55: 154884 | AQ55: 159045 | AR55: 179792 | AS55: 181855 | AT55: 166639 | AU55: 168393 | AV55: 209644 | AW55: 311961
A56: Costs and Expenses | B56: -21357 | C56: -19795 | D56: -17400 | E56: -19617 | F56: -18456 | G56: -19967 | H56: -40514 | I56: -43064 | J56: -26893 | K56: -30897 | L56: -45608 | M56: -44515 | N56: -32915 | O56: -36848 | P56: -39591 | Q56: -55584 | R56: -39471 | S56: -46728 | T56: -45824 | U56: -47113 | V56: -44666 | W56: -46735 | X56: -44260 | Y56: -54124 | Z56: -41035 | AA56: -45981 | AB56: -38439 | AC56: -41324 | AD56: -41704 | AE56: -46684 | AF56: -40645 | AG56: -46044 | AH56: -45463 | AI56: -48636 | AJ56: -46469 | AK56: -57352 | AL56: -48521 | AM56: -54663 | AN56: -53644 | AO56: -63345 | AP56: -51128 | AQ56: -38846 | AR56: -52382 | AS56: -67806 | AT56: -63607 | AU56: -74214 | AV56: -81884 | AW56: -102906
A57: Other Operational Revenues | B57: 189 | C57: 11402 | D57: 13286 | E57: 7077 | F57: 509 | G57: 8522 | H57: 20824 | I57: 18721 | J57: 1145 | K57: 22509 | L57: 110853 | M57: 27776 | N57: 14487 | O57: 2571 | P57: 6148 | Q57: 34581 | R57: 8650 | S57: 3084 | T57: 10324 | U57: 23737 | V57: -1460 | W57: 12520 | X57: 19384 | Y57: 26013 | Z57: 9354 | AA57: 4534 | AB57: 5010 | AC57: 91 | AD57: -180 | AE57: 7444 | AF57: 4499 | AG57: 10526 | AH57: 2493 | AI57: 5852 | AJ57: 9828 | AK57: 15621 | AL57: 4636 | AM57: 4369 | AN57: 39491 | AO57: 52013 | AP57: -2962 | AQ57: -7307 | AR57: 4022 | AS57: 45553 | AT57: -4320 | AU57: 12802 | AV57: 23344 | AW57: -26079
A58: Asset Equivalence Result | B58: - | C58: - | D58: - | E58: - | F58: - | G58: - | H58: - | I58: - | J58: -2942 | K58: -3848 | L58: 4279 | M58: 5585 | N58: 5152 | O58: 5730 | P58: 6978 | Q58: 6462 | R58: 6757 | S58: 195 | T58: 187 | U58: 187 | V58: 183 | W58: 177 | X58: 190 | Y58: 227 | Z58: 218 | AA58: 223 | AB58: 257 | AC58: 241 | AD58: 299 | AE58: 299 | AF58: 298 | AG58: 294 | AH58: 279 | AI58: 287 | AJ58: 281 | AK58: 277 | AL58: 305 | AM58: 292 | AN58: 293 | AO58: 299 | AP58: 270 | AQ58: 564 | AR58: 1204 | AS58: 1276 | AT58: 1615 | AU58: 352 | AV58: 349 | AW58: 513
A59: EBITDA | B59: 35149 | C59: 49673 | D59: 55310 | E59: 44757 | F59: 41299 | G59: 57731 | H59: 65067 | I59: 70888 | J59: 60609 | K59: 82461 | L59: 162423 | M59: 94471 | N59: 79541 | O59: 68362 | P59: 74715 | Q59: 113421 | R59: 95419 | S59: 100151 | T59: 112424 | U59: 143157 | V59: 102649 | W59: 122341 | X59: 134706 | Y59: 144007 | Z59: 129024 | AA59: 121587 | AB59: 127925 | AC59: 142760 | AD59: 125764 | AE59: 130472 | AF59: 133842 | AG59: 150480 | AH59: 125779 | AI59: 132514 | AJ59: 141193 | AK59: 159038 | AL59: 129413 | AM59: 137672 | AN59: 168518 | AO59: 200192 | AP59: 101064 | AQ59: 113456 | AR59: 132636 | AS59: 160878 | AT59: 100327 | AU59: 107333 | AV59: 151453 | AW59: 183489
A60: EBITDA Margin | B60: 0.624 | C60: 0.745 | D60: 0.818 | E60: 0.614 | F60: 0.6 | G60: 0.716 | H60: 0.768 | I60: 0.744 | J60: 0.679 | K60: 0.871 | L60: 1.748 | M60: 0.894 | N60: 0.857 | O60: 0.705 | P60: 0.738 | Q60: 0.886 | R60: 0.799 | S60: 0.697 | T60: 0.761 | U60: 0.86059779 | V60: 0.69081108 | W60: 0.7823365 | X60: 0.84512397 | Y60: 0.83778092 | Z60: 0.80395297 | AA60: 0.74679843 | AB60: 0.79408679 | AC60: 0.77691671 | AD60: 0.75150733 | AE60: 0.77014161 | AF60: 0.78874418 | AG60: 0.8103218 | AH60: 0.74659583 | AI60: 0.75717526 | AJ60: 0.79521608 | AK60: 0.79323863 | AL60: 0.74808229 | AM60: 0.73356991 | AN60: 0.92400399 | AO60: 0.9477666 | AP60: 0.65251414 | AQ60: 0.71335785 | AR60: 0.73771914 | AS60: 0.88464986 | AT60: 0.60206194 | AU60: 0.63739585 | AV60: 0.72242945 | AW60: 0.58817929
A61: Ajusted EBITDA | B61: - | C61: - | D61: - | E61: - | F61: - | G61: - | H61: - | I61: - | J61: - | K61: - | L61: 54218 | M61: - | N61: - | O61: - | P61: - | Q61: - | R61: - | S61: - | T61: - | U61: - | V61: - | W61: - | X61: - | Y61: - | Z61: - | AA61: - | AB61: - | AC61: - | AD61: - | AE61: - | AF61: - | AG61: - | AH61: - | AI61: - | AJ61: - | AK61: - | AL61: - | AN61: 154956 | AO61: 153054
A62: Ajusted EBITDA Margin | B62: - | C62: - | D62: - | E62: - | F62: - | G62: - | H62: - | I62: - | J62: - | K62: - | L62: 0.584 | M62: - | N62: - | O62: - | P62: - | Q62: - | R62: - | S62: - | T62: - | U62: - | V62: - | W62: - | X62: - | Y62: - | Z62: - | AA62: - | AB62: - | AC62: - | AD62: - | AE62: - | AF62: - | AG62: - | AH62: - | AI62: - | AJ62: - | AK62: - | AL62: - | AN62: 0.84964195 | AO62: 0.72460173
A63: Depreciation and Amortization | B63: -8300 | C63: -5537 | D63: -5209 | E63: -5275 | F63: -5056 | G63: -6010 | H63: -6523 | I63: -8142 | J63: -8029 | K63: -9801 | L63: -9750 | M63: -10061 | N63: -10318 | O63: -10269 | P63: -11445 | Q63: -15040 | R63: -16719 | S63: -21825 | T63: -23180 | U63: -23856 | V63: -24336 | W63: -25184 | X63: -25918 | Y63: -27307 | Z63: -27847 | AA63: -27223 | AB63: -26751 | AC63: -26500 | AD63: -26479 | AE63: -26381 | AF63: -26743 | AG63: -26729 | AH63: -27069 | AI63: -27274 | AJ63: -27468 | AK63: -27830 | AL63: -31104 | AM63: -31524 | AN63: -31948 | AO63: -33446 | AP63: -37004 | AQ63: -37282 | AR63: -36509 | AS63: -38205 | AT63: -37144 | AU63: -38727 | AV63: -39679 | AW63: -39834
A64: EBIT | B64: 26849 | C64: 44136 | D64: 50101 | E64: 39482 | F64: 36243 | G64: 51721 | H64: 58544 | I64: 62746 | J64: 52580 | K64: 72660 | L64: 152673 | M64: 84410 | N64: 69223 | O64: 58093 | P64: 63270 | Q64: 98381 | R64: 78700 | S64: 78326 | T64: 89244 | U64: 119301 | V64: 78313 | W64: 97157 | X64: 108788 | Y64: 116700 | Z64: 101177 | AA64: 94364 | AB64: 101174 | AC64: 116260 | AD64: 99285 | AE64: 104091 | AF64: 107099 | AG64: 123751 | AH64: 98710 | AI64: 105240 | AJ64: 113725 | AK64: 131208 | AL64: 98309 | AM64: 106148 | AN64: 136570 | AO64: 166746 | AP64: 64060 | AQ64: 76174 | AR64: 96127 | AS64: 122673 | AT64: 63183 | AU64: 68606 | AV64: 111774 | AW64: 143655
A65: EBIT Margin | B65: 0.4767477 | C65: 0.66170915 | D65: 0.74104039 | E65: 0.54119776 | F65: 0.52612249 | G65: 0.64132578 | H65: 0.691 | I65: 0.659 | J65: 0.589 | K65: 0.767 | L65: 1.643 | M65: 0.799 | N65: 0.746 | O65: 0.599 | P65: 0.625 | Q65: 0.769 | R65: 0.659 | S65: 0.545 | T65: 0.604 | U65: 0.71718587 | V65: 0.52703376 | W65: 0.62129186 | X65: 0.68251857 | Y65: 0.67891862 | Z65: 0.63043736 | AA65: 0.57959229 | AB65: 0.62803156 | AC65: 0.6327006 | AD65: 0.59328111 | AE65: 0.61442156 | AF65: 0.63114503 | AG65: 0.66638845 | AH65: 0.58592034 | AI65: 0.60133363 | AJ65: 0.64051297 | AK65: 0.6544301 | AL65: 0.56828311 | AM65: 0.56559779 | AN65: 0.74882935 | AO65: 0.7894236 | AP65: 0.41359986 | AQ65: 0.47894621 | AR65: 0.53465671 | AS65: 0.6745649 | AT65: 0.37916094 | AU65: 0.40741599 | AV65: 0.53316098 | AW65: 0.46049025
A66: Financial Revenue (Expenses) | B66: -5964 | C66: 564 | D66: 4153 | E66: -1859 | F66: -4791 | G66: -1702 | H66: -11566 | I66: -12400 | J66: -11046 | K66: -9051 | L66: -13445 | M66: -15861 | N66: -13109 | O66: -11444 | P66: -8060 | Q66: -31399 | R66: -20750 | S66: -21183 | T66: -31485 | U66: -39654 | V66: -28143 | W66: -37759 | X66: -40123 | Y66: -53931 | Z66: -51853 | AA66: -52919 | AB66: -53816 | AC66: -51179 | AD66: -43478 | AE66: -43387 | AF66: -42827 | AG66: -39688 | AH66: -26175 | AI66: -30114 | AJ66: -31957 | AK66: -31131 | AL66: -27852 | AM66: -29061 | AN66: -27323 | AO66: -23095 | AP66: -23559 | AQ66: -18294 | AR66: -19713 | AS66: -25881 | AT66: -6853 | AU66: 366864 | AV66: -209767 | AW66: -18551
A67: Income Tax and Social Contribution Tax | B67: -8162 | C67: -6989 | D67: -11374 | E67: 6128 | F67: 9546 | G67: -7040 | H67: -16261 | I67: -3574 | J67: -9320 | K67: -9561 | L67: -10024 | M67: -15585 | N67: -8776 | O67: -11105 | P67: -10247 | Q67: -10543 | R67: -9815 | S67: -7009 | T67: 9323 | U67: -14289 | V67: -5042 | W67: -11498 | X67: -10222 | Y67: -20583 | Z67: -10612 | AA67: -6357 | AB67: -6735 | AC67: -15309 | AD67: -5188 | AE67: -9729 | AF67: -11211 | AG67: -17415 | AH67: -14432 | AI67: -14559 | AJ67: -16190 | AK67: -24000 | AL67: -15004 | AM67: -16975 | AN67: -22332 | AO67: -31830 | AP67: -28048 | AQ67: -11591 | AR67: -14848 | AS67: -14776 | AT67: -16490 | AU67: -156463 | AV67: 40036 | AW67: -41911
A68: Net Profit | B68: 27205 | C68: 37711 | D68: 42880 | E68: 43751 | F68: 31488 | G68: 42989 | H68: 30717 | I68: 46772 | J68: 32214 | K68: 54048 | L68: 129204 | M68: 52964 | N68: 47338 | O68: 35544 | P68: 44963 | Q68: 56439 | R68: 48135 | S68: 50134 | T68: 67082 | U68: 65358 | V68: 45128 | W68: 47900 | X68: 58443 | Y68: 42186 | Z68: 38712 | AA68: 35088 | AB68: 40623 | AC68: 49772 | AD68: 50619 | AE68: 50975 | AF68: 53061 | AG68: 66648 | AH68: 58104 | AI68: 60567 | AJ68: 65578 | AK68: 76077 | AL68: 55453 | AM68: 60112 | AN68: 86915 | AO68: 111821 | AP68: 12453 | AQ68: 46289 | AR68: 61566 | AS68: 82016 | AT68: 39840 | AU68: 279007 | AV68: -57957 | AW68: 83193
A69: Net Margin | B69: 0.48306906 | C69: 0.56538231 | D69: 0.63423509 | E69: 0.59971488 | F69: 0.4570964 | G69: 0.53305145 | H69: 0.362 | I69: 0.491 | J69: 0.361 | K69: 0.571 | L69: 1.391 | M69: 0.501 | N69: 0.51 | O69: 0.367 | P69: 0.444 | Q69: 0.441 | R69: 0.403 | S69: 0.349 | T69: 0.454 | U69: 0.39290395 | V69: 0.3037041 | W69: 0.30630711 | X69: 0.36666207 | Y69: 0.24542297 | Z69: 0.2412158 | AA69: 0.21551369 | AB69: 0.25216484 | AC69: 0.27086508 | AD69: 0.30247566 | AE69: 0.3008919 | AF69: 0.31269374 | AG69: 0.333 | AH69: 0.34489227 | AI69: 0.34607539 | AJ69: 0.369 | AK69: 0.379 | AL69: 0.32055054 | AM69: 0.32030009 | AN69: 0.47656516 | AO69: 0.52939283 | AP69: 0.080402107 | AQ69: 0.29104342 | AR69: 0.34242903 | AS69: 0.45099667 | AT69: 0.23907969 | AU69: 1.65688 | AV69: -0.27645437 | AW69: 0.26667757
A70: FFO | B70: 31620 | C70: 43248 | D70: 48089 | E70: 49026 | F70: 36544 | G70: 48989 | H70: 37240 | I70: 54914 | J70: 40243 | K70: 63849 | L70: 138954 | M70: 63025 | N70: 57656 | O70: 45813 | P70: 56408 | Q70: 71479 | R70: 64854 | S70: 71959 | T70: 90262 | U70: 89214 | V70: 69464 | W70: 73084 | X70: 84361 | Y70: 69493 | Z70: 66559 | AA70: 62311 | AB70: 67374 | AC70: 76272 | AD70: 77098 | AE70: 77356 | AF70: 79804 | AG70: 88517 | AH70: 85173 | AI70: 87841 | AJ70: 93046 | AK70: 103907 | AL70: 86557 | AM70: 91636 | AN70: 118863 | AO70: 145267 | AP70: 49457 | AQ70: 83571 | AR70: 98075 | AS70: 120221 | AT70: 76984 | AU70: 317734 | AV70: -18278 | AW70: 123027
A71: FFO Margin | B71: 0.56146457 | C71: 0.6483958 | D71: 0.71128104 | E71: 0.67202171 | F71: 0.53049197 | G71: 0.60744975 | H71: 0.439 | I71: 0.577 | J71: 0.451 | K71: 0.674 | L71: 1.496 | M71: 0.597 | N71: 0.621 | O71: 0.473 | P71: 0.558 | Q71: 0.559 | R71: 0.543 | S71: 0.501 | T71: 0.611 | U71: 0.53631587 | V71: 0.46748143 | W71: 0.46735175 | X71: 0.52926747 | Y71: 0.40428527 | Z71: 0.41473141 | AA71: 0.38271984 | AB71: 0.41822008 | AC71: 0.4150812 | AD71: 0.46070189 | AE71: 0.45661195 | AF71: 0.47029289 | AG71: 0.4766564 | AH71: 0.50556776 | AI71: 0.50191702 | AJ71: 0.52404634 | AK71: 0.51826008 | AL71: 0.50034973 | AM71: 0.48827222 | AN71: 0.65173979 | AO71: 0.68773583 | AP71: 0.31931639 | AQ71: 0.52545506 | AR71: 0.54549146 | AS71: 0.66108163 | AT71: 0.46198069 | AU71: 1.8868599 | AV71: -0.087185896 | AW71: 0.3943666
A73: (1) The Company’s Independent Management Reporting, based on the consolidated financial statements, has been prepared to reflect Iguatemi’s investment in all malls, including the equity stake held in JK Iguatemi – which was 50% up to March 31, 2014 and 64% as from April 1, 2014.
A74: (2) Considera o investimento no JK Iguatemi consolidado via método de equivalência patrimonial.
A75: (3)Adjusted EBITDA for the sale of Shopping Boulevard Rio Iguatemi and in 3Q19 for the sale of Iguatemi Caxias.

Sheet Gross Revenue
A1: Gross Revenue - Managerial | B1: 1Q10 | C1: 2Q10 | D1: 3Q10 | E1: 4Q10 | F1: 1Q11 | G1: 2Q11 | H1: 3Q11 | I1: 4Q11 | J1: 1Q12 | K1: 2Q12 | L1: 3Q12 | M1: 4Q12 | N1: 1Q13 | O1: 2Q13 | P1: 3Q13 | Q1: 4Q13 | R1: 1Q14 | S1: 2Q14 | T1: 3Q14 | U1: 4Q14 | V1: 1Q15 | W1: 2Q15 | X1: 3Q15 | Y1: 4Q15 | Z1: 1Q16 | AA1: 2Q16 | AB1: 3Q16 | AC1: 4Q16 | AD1: 1Q17 | AE1: 2Q17 | AF1: 3Q17 | AG1: 4Q17 | AH1: ='Indicators - Quaterly'!AH1 -> 1Q18 | AI1: ='Indicators - Quaterly'!AI1 -> 2Q18 | AJ1: ='Indicators - Quaterly'!AJ1 -> 3Q18 | AK1: ='Indicators - Quaterly'!AK1 -> 4Q18 | AL1: ='Indicators - Quaterly'!AL1 -> 1Q19 | AM1: ='Indicators - Quaterly'!AM1 -> 2Q19 | AN1: ='Indicators - Quaterly'!AN1 -> 3Q19 | AO1: ='Indicators - Quaterly'!AO1 -> 4Q19 | ... AT1: ='Indicators - Quaterly'!AT1 -> 1Q21 | AU1: 2Q21 | AV1: 3Q21 | AW1: 4Q21
A3: Gross Revenues (R$ ‘000) | B3: 1Q10 | C3: 2Q10 | D3: 3Q10 | E3: 4Q10 | F3: 1Q11 | G3: 2Q11 | H3: 3Q11 | I3: 4Q11 | J3: 1Q12 | K3: 2Q12 | L3: 3Q12 | M3: 4Q12 | N3: 1Q13 | O3: 2Q13 | P3: 3Q13 | Q3: 4Q13 | R3: 1Q14 | S3: 2Q14 | T3: 3Q14 | U3: 4Q14 | V3: 1Q15 | W3: 2Q15 | X3: 3Q15 | Y3: 4Q15 | Z3: 1Q16 | AA3: 2Q16 | AB3: 3Q16 | AC3: 4Q16 | AD3: 1Q17 | AE3: 2Q17 | AF3: 3Q17 | AG3: 4Q17 | AH3: =AH1 -> 1Q18 | AI3: =AI1 -> 2Q18 | AJ3: =AJ1 -> 3Q18 | AK3: =AK1 -> 4Q18 | AL3: =AL1 -> 1Q19 | AM3: =AM1 -> 2Q19 | AN3: =AN1 -> 3Q19 | AO3: =AO1 -> 4Q19 | ... AW3: =AW1 -> 4Q21
A4: Rentals | B4: 46958 | C4: 53754 | D4: 54796 | E4: 57701 | F4: 54808 | G4: 63274 | H4: 66118 | I4: 72261 | J4: 69614 | K4: 73661 | L4: 80234 | M4: 85169 | N4: 78765 | O4: 83967 | P4: 84905 | Q4: 103869 | R4: 97762 | S4: 107071 | T4: 110251 | U4: 121776.18 | V4: 110411.89 | W4: 115566.68 | X4: 117964.89 | Y4: 128570.65 | Z4: 121438.41 | AA4: 126861 | AB4: 128066 | AC4: 143912 | AD4: 131250 | AE4: 133868 | AF4: 138120 | AG4: 148315 | AH4: 132971 | AI4: 138430 | AJ4: 139769 | AK4: 158100 | AL4: 138848 | AM4: 147376 | AN4: 148754 | AO4: 163525 | AP4: 151941 | AQ4: 143279 | AR4: 143038 | AS4: 163617 | AT4: 152886 | AU4: 169434 | AV4: 182553 | AW4: 212791
A5: Administration Fees | B5: 3527 | C5: 5172 | D5: 6222 | E5: 6750 | F5: 5623 | G5: 5995 | H5: 6185 | I5: 6156 | J5: 7048 | K5: 6189 | L5: 6182 | M5: 7139 | N5: 6407 | O5: 6430 | P5: 7002 | Q5: 8492 | R5: 8241 | S5: 8591 | T5: 9647 | U5: 10669.415 | V5: 9326.587 | W5: 10461.302 | X5: 10705.968 | Y5: 12083.527 | Z5: 11356 | AA5: 10969 | AB5: 10508 | AC5: 11116 | AD5: 11373 | AE5: 11474 | AF5: 11559 | AG5: 13760 | AH5: 11944 | AI5: 11547 | AJ5: 12378 | AK5: 13629 | AL5: 11981 | AM5: 13556 | AN5: 12634 | AO5: 14550 | AP5: 11432 | AQ5: 7071 | AR5: 8778 | AS5: 11978 | AT5: 10322 | AU5: 10664 | AV5: 12182 | AW5: 15226
A6: Parking | B6: 9523 | C6: 10704 | D6: 11262 | E6: 13143 | F6: 12375 | G6: 14313 | H6: 14796 | I6: 16480 | J6: 16673 | K6: 17645 | L6: 18680 | M6: 20839 | N6: 19313 | O6: 19783 | P6: 20441 | Q6: 24498 | R6: 24132 | S6: 27291 | T6: 26725 | U6: 30662.461 | V6: 29062.581 | W6: 30941.056 | X6: 30723.693 | Y6: 37308.413 | Z6: 33832 | AA6: 35200 | AB6: 33015 | AC6: 40002 | AD6: 35456 | AE6: 36024 | AF6: 35455 | AG6: 40968 | AH6: 35506 | AI6: 36121 | AJ6: 37671 | AK6: 43201 | AL6: 37201 | AM6: 38253 | AN6: 37251 | AO6: 43517 | AP6: 33025 | AQ6: 3199 | AR6: 12824 | AS6: 27704 | AT6: 16061 | AU6: 20373 | AV6: 28963 | AW6: 40852
A7: Other | B7: 2659 | C7: 5110 | D7: 3274 | E7: 3880 | F7: 4106 | G7: 6513 | H7: 8534 | I7: 11965 | J7: 9171 | K7: 11207 | L7: 14516 | M7: 18667 | N7: 10979 | O7: 11858 | P7: 13608 | Q7: 19389 | R7: 14967 | S7: 16270 | T7: 18966 | U7: 24041.078 | V7: 16805.157 | W7: 18746.634 | X7: 18366.347 | Y7: 18637.472 | Z7: 13791.593 | AA7: 15924 | AB7: 15166 | AC7: 18013 | AD7: 14469 | AE7: 15427 | AF7: 12701 | AG7: 15249 | AH7: 11864 | AI7: 15065 | AJ7: 12355 | AK7: 15592 | AL7: 8979 | AM7: 14857 | AN7: 10820 | AO7: 19426 | AP7: 8445 | AQ7: 6440 | AR7: 14623 | AS7: 24837 | AT7: 16853 | AU7: 27688 | AV7: 31540 | AW7: 5534.9901
A8: Retail operations (i-Retail and Iguatemi 365) | AW8: 48779.01
A9: Total | B9: 62667 | C9: 74741 | D9: 75554 | E9: 81474 | F9: 76912 | G9: 90095 | H9: 95632 | I9: 106862 | J9: 102506 | K9: 108702 | L9: 119612 | M9: 131813 | N9: 115464 | O9: 122038 | P9: 125957 | Q9: 156248 | R9: 145102 | S9: 159223 | T9: 165590 | U9: 187149.14 | V9: 165606.22 | W9: 175715.67 | X9: 177760.89 | Y9: 196600.06 | Z9: 180418 | AA9: 188954 | AB9: 186755 | AC9: 213043 | AD9: 192548 | AE9: 196793 | AF9: 197835 | AG9: 218292 | AH9: =SUM(AH4:AH7) -> 192285 | AI9: 201163 | AJ9: 202173 | AK9: 230522 | AL9: 197009 | AM9: 214042 | AN9: 209459 | AO9: 241018 | AP9: 204843 | AQ9: 159989 | AR9: 179263 | AS9: 228136 | AT9: 196122 | AU9: 228159 | AV9: 255238 | AW9: =SUM(AW4:AW8) -> 323183
A12: Rental Revenues (R$ ‘000) | B12: 1Q10 | C12: 2Q10 | D12: 3Q10 | E12: 4Q10 | F12: 1Q11 | G12: 2Q11 | H12: 3Q11 | I12: 4Q11 | J12: 1Q12 | K12: 2Q12 | L12: 3Q12 | M12: 4Q12 | N12: 1Q13 | O12: 2Q13 | P12: 3Q13 | Q12: 4Q13 | R12: 1Q14 | S12: 2Q14 | T12: 3Q14 | U12: 4Q14 | V12: 1Q15 | W12: 2Q15 | X12: 3Q15 | Y12: 4Q15 | Z12: 1Q16 | AA12: 2Q16 | AB12: 3Q16 | AC12: 4Q16 | AD12: 1Q17 | AE12: 2Q17 | AF12: 3Q17 | AG12: 4Q17 | AH12: =AH1 -> 1Q18 | AI12: =AI1 -> 2Q18 | AJ12: =AJ1 -> 3Q18 | AK12: =AK1 -> 4Q18 | AL12: =AL1 -> 1Q19 | AM12: =AM1 -> 2Q19 | AN12: =AN1 -> 3Q19 | AO12: =AO1 -> 4Q19 | ... AW12: =AW1 -> 4Q21
A13: Minimum Rental | B13: 41471 | C13: 46248 | D13: 47177 | E13: 45051 | F13: 47726 | G13: 53390 | H13: 56453 | I13: 52749 | J13: 58879 | K13: 60739 | L13: 66897 | M13: 67956 | N13: 68440 | O13: 69726 | P13: 71654 | Q13: 83552 | R13: 84405 | S13: 90160 | T13: 93863 | U13: 97567.425 | V13: 95372.843 | W13: 97678.683 | X13: 101133.89 | Y13: 105352.34 | Z13: 106329.52 | AA13: 107467 | AB13: 111953 | AC13: 118181 | AD13: 116354 | AE13: 115188 | AF13: 121382 | AG13: 122247 | AH13: 117027 | AI13: 119152 | AJ13: 122469 | AK13: 130088 | AL13: 120820 | AM13: 123647 | AN13: 126398 | AO13: 131749 | AP13: 134567 | AQ13: 136256 | AR13: 132070 | AS13: 137449 | AT13: 138981 | AU13: 148005 | AV13: 156305 | AW13: 170717
A14: Percentage Revenues (Overage) | B14: 2441 | C14: 3780 | D14: 3370 | E14: 5100 | F14: 2894 | G14: 4801 | H14: 4441 | I14: 10553 | J14: 5336 | K14: 6060 | L14: 6290 | M14: 8225 | N14: 5159 | O14: 6112 | P14: 5171 | Q14: 8917 | R14: 5679 | S14: 7502 | T14: 6802 | U14: 9430.7929 | V14: 6673.2766 | W14: 7874.978 | X14: 7180.4857 | Y14: 10363.904 | Z14: 6703.9944 | AA14: 8476 | AB14: 6906 | AC14: 11234 | AD14: 6526 | AE14: 8237 | AF14: 6382 | AG14: 10336 | AH14: 6251 | AI14: 7283 | AJ14: 6793 | AK14: 10852 | AL14: 7224 | AM14: 10414 | AN14: 8490 | AO14: 13251 | AP14: 4149 | AQ14: 3626 | AR14: 6892 | AS14: 14725 | AT14: 5787 | AU14: 13195 | AV14: 14210 | AW14: 22510
A15: Temporary Rentals | B15: 3046 | C15: 3727 | D15: 4250 | E15: 7550 | F15: 4188 | G15: 5083 | H15: 5224 | I15: 8959 | J15: 5399 | K15: 6861 | L15: 7047 | M15: 8987 | N15: 5166 | O15: 8129 | P15: 8080 | Q15: 11400 | R15: 7678 | S15: 9408 | T15: 9587 | U15: 14777.965 | V15: 8365.7711 | W15: 10013.02 | X15: 9650.5065 | Y15: 12854.401 | Z15: 8404.8913 | AA15: 10918 | AB15: 9207 | AC15: 14497 | AD15: 8370 | AE15: 10443 | AF15: 10356 | AG15: 15732 | AH15: 9693 | AI15: 11995 | AJ15: 10507 | AK15: 17160 | AL15: 10804 | AM15: 13315 | AN15: 13866 | AO15: 18525 | AP15: 13225 | AQ15: 3397 | AR15: 4076 | AS15: 11443 | AT15: 8118 | AU15: 8234 | AV15: 12038 | AW15: 19564
A16: Total | B16: 46958 | C16: 53754 | D16: 54796 | E16: 57701 | F16: 54808 | G16: 63274 | H16: 66118 | I16: 72261 | J16: 69614 | K16: 73661 | L16: 80234 | M16: 85169 | N16: 78765 | O16: 83967 | P16: 84905 | Q16: 103869 | R16: 97762 | S16: 107071 | T16: 110251 | U16: 121776.18 | V16: 110411.89 | W16: 115566.68 | X16: 117964.89 | Y16: 128570.65 | Z16: 121438.41 | AA16: 126861 | AB16: 128066 | AC16: 143912 | AD16: 131250 | AE16: 133868 | AF16: 138120 | AG16: 148315 | AH16: =SUM(AH13:AH15) -> 132971 | AI16: 138430 | AJ16: 139769 | AK16: 158100 | AL16: 138848 | AM16: 147376 | AN16: 148754 | AO16: 163525 | AP16: 151941 | AQ16: 143279 | AR16: 143038 | AS16: 163617 | AT16: 152886 | AU16: 169434 | AV16: 182553 | AW16: 212791

Sheet Costs and Expenses
A1: Costs and Expenses - Managerial | B1: ='Indicators - Quaterly'!B1 -> 1Q10 | C1: ='Indicators - Quaterly'!C1 -> 2Q10 | D1: ='Indicators - Quaterly'!D1 -> 3Q10 | E1: ='Indicators - Quaterly'!E1 -> 4Q10 | F1: ='Indicators - Quaterly'!F1 -> 1Q11 | G1: ='Indicators - Quaterly'!G1 -> 2Q11 | H1: ='Indicators - Quaterly'!H1 -> 3Q11 | I1: ='Indicators - Quaterly'!I1 -> 4Q11 | ... AT1: ='Indicators - Quaterly'!AT1 -> 1Q21 | AU1: 2Q21 | AV1: 3Q21 | AW1: 4Q21
A3: Managerial (R$ ’000) | B3: 1T10 | C3: 2T10 | D3: 3T10 | E3: 4T10 | F3: 1T11 | G3: 2T11 | H3: 3T11 | I3: 4T11 | J3: 1T12 | K3: 2T12 | L3: 3T12 | M3: 4T12 | N3: 1T13 | O3: 2T13 | P3: 3T13 | Q3: 4T13 | R3: 1T14 | S3: 2T14 | T3: 3T14 | U3: 4T14 | V3: 1T15 | W3: 2T15 | X3: 3T15 | Y3: 4T15 | Z3: 1T16 | AA3: 2T16 | AB3: 3T16 | AC3: 4T16 | AD3: 1T17 | AE3: 2T17 | AF3: 3T17 | AG3: 4T17 | AH3: =AH1 -> 1Q18 | AI3: =AI1 -> 2Q18 | AJ3: =AJ1 -> 3Q18 | AK3: =AK1 -> 4Q18 | AL3: =AL1 -> 1Q19 | AM3: =AM1 -> 2Q19 | AN3: =AN1 -> 3Q19 | AO3: =AO1 -> 4Q19 | ... AW3: =AW1 -> 4Q21
A4: Rent and Services Costs | B4: -10000 | C4: -15577 | D4: -13451 | E4: -16097 | F4: -14367 | G4: -15888 | H4: -14753 | I4: -21881 | J4: -17212 | K4: -20150 | L4: -25800 | M4: -23859 | N4: -20764 | O4: -21348 | P4: -20699 | Q4: -28359 | R4: -24106 | S4: -28945 | T4: -29187 | U4: -31894.464 | V4: -29632.89 | W4: -31603.223 | X4: -30344.399 | Y4: -35281.836 | Z4: -27267 | AA4: -32741 | AB4: -27822 | AC4: -32936 | AD4: -30195 | AE4: -32774 | AF4: -28932 | AG4: -29641 | AH4: -29332 | AI4: -30714 | AJ4: -29766 | AK4: -33037 | AL4: -33510 | AM4: -34773 | AN4: -35646 | AO4: -44158 | AP4: -34790 | AQ4: -27434 | AR4: -38998 | AS4: -52890 | AT4: -47286 | AU4: -54020 | AV4: -62302 | AW4: -77442
A5: Personnel | Z5: -6869 | AA5: -7567 | AB5: -7642 | AC5: -8084 | AD5: -7629 | AE5: -7409 | AF5: -7024 | AG5: -8614 | AH5: -7924 | AI5: -5774 | AJ5: -5959 | AK5: -7096 | AL5: -6329 | AM5: -6699 | AN5: -6690 | AO5: -6918 | AP5: -6356 | AQ5: -6486 | AR5: -6664 | AS5: -6064 | AT5: -5373 | AU5: -5836 | AV5: -6115 | AW5: -5964
A6: Share-based Compensation | Z6: 0 | AA6: 0 | AB6: 0 | AC6: 0 | AD6: 0 | AE6: 0 | AF6: 0 | AG6: 0 | AH6: 0 | AI6: 0 | AJ6: 0 | AK6: 0 | AL6: 0 | AM6: 0 | AN6: 0 | AO6: 0 | AP6: 0 | AQ6: 0 | AR6: 0 | AS6: 0 | AT6: 0 | AU6: 0 | AV6: 0 | AW6: 0
A7: Third party services | Z7: -2121 | AA7: -2241 | AB7: -1967 | AC7: -2767 | AD7: -1688 | AE7: -3223 | AF7: -3032 | AG7: -2086 | AH7: -2090 | AI7: -2080 | AJ7: -2012 | AK7: -3178 | AL7: -2473 | AM7: -1841 | AN7: -2400 | AO7: -4548 | AP7: -2734 | AQ7: -442 | AR7: -1581 | AS7: -3331 | AT7: -1316 | AU7: -2786 | AV7: -3282 | AW7: -3043
A8: Rent and Condominium | Z8: 0 | AA8: 0 | AB8: 0 | AC8: 0 | AD8: 0 | AE8: 0 | AF8: 0 | AG8: 0 | AH8: 0 | AI8: 0 | AJ8: 0 | AK8: 0 | AL8: 0 | AM8: 0 | AN8: 0 | AO8: 0 | AP8: 0 | AQ8: 0 | AR8: 0 | AS8: 0 | AT8: 0 | AU8: 0 | AV8: 0 | AW8: 0
A9: Promotional fund | Z9: -1966 | AA9: -2050 | AB9: 423 | AC9: -2478 | AD9: -696 | AE9: -690 | AF9: -584 | AG9: -797 | AH9: -545 | AI9: -363 | AJ9: -447 | AK9: -617 | AL9: -486 | AM9: -489 | AN9: -488 | AO9: -623 | AP9: -472 | AQ9: -95 | AR9: -313 | AS9: -615 | AT9: -494 | AU9: -406 | AV9: -562 | AW9: -734
A10: Parking | Z10: -9202 | AA10: -9594 | AB10: -9508 | AC10: -10141 | AD10: -9017 | AE10: -9022 | AF10: -6295 | AG10: -4739 | AH10: -7390 | AI10: -7092 | AJ10: -6933 | AK10: -5364 | AL10: -8069 | AM10: -8335 | AN10: -8433 | AO10: -8803 | AP10: -8187 | AQ10: -6603 | AR10: -8160 | AS10: -8816 | AT10: -8841 | AU10: -6243 | AV10: -7477 | AW10: -9795
A11: Taxes, fees, legal costs | Z11: 0 | AA11: 0 | AB11: 0 | AC11: 0 | AD11: 0 | AE11: 0 | AF11: 0 | AG11: 0 | AH11: 0 | AI11: 0 | AJ11: 0 | AK11: 0 | AL11: 0 | AM11: 0 | AN11: 0 | AO11: 0 | AP11: 0 | AQ11: 0 | AR11: 0 | AS11: 0 | AT11: 0 | AU11: 0 | AV11: 0 | AW11: 0
A12: Others | Z12: -7109 | AA12: -11289 | AB12: -9128 | AC12: -9466 | AD12: -11165 | AE12: -12430 | AF12: -11997 | AG12: -13405 | AH12: -11383 | AI12: -15405 | AJ12: -14415 | AK12: -16782 | AL12: -16153 | AM12: -17409 | AN12: -17635 | AO12: -23266 | AP12: -17041 | AQ12: -13808 | AR12: -22280 | AS12: -34064 | AT12: -31262 | AU12: -38749 | AV12: -44866 | AW12: -15652.445
A13: Retail operations (i-Retail and Iguatemi 365) | AW13: -42253.555
A14: Expenses | B14: -11357 | C14: -12840 | D14: -12123 | E14: -19157 | F14: -13721 | G14: -15538 | H14: -25761 | I14: -21183 | J14: -13679 | K14: -17128 | L14: -24016 | M14: -23780 | N14: -14127 | O14: -17984 | P14: -21442 | Q14: -29107 | R14: -17269 | S14: -17803 | T14: -16662 | U14: -15098.066 | V14: -15055.106 | W14: -15160.318 | X14: -13931.292 | Y14: -18838.386 | Z14: -13768 | AA14: -13240 | AB14: -10617 | AC14: -8388 | AD14: -11509 | AE14: -13910 | AF14: -11713 | AG14: -16403 | AH14: -16131 | AI14: -17922 | AJ14: -16703 | AK14: -24315 | AL14: -15011 | AM14: -19890 | AN14: -17998 | AO14: -19187 | AP14: -16445 | AQ14: -11495 | AR14: -13465 | AS14: -15192 | AT14: -16468 | AU14: -20416 | AV14: -19774 | AW14: -25980
A15: Personnel | Z15: -8332 | AA15: -7744 | AB15: -6329 | AC15: -2414 | AD15: -6292 | AE15: -8576 | AF15: -7122 | AG15: -10126 | AH15: -10463 | AI15: -10684 | AJ15: -8553 | AK15: -15591 | AL15: -8279 | AM15: -12224 | AN15: -11531 | AO15: -10669 | AP15: -6172 | AQ15: -4692 | AR15: -6890 | AS15: -6233 | AT15: -8011 | AU15: -12693 | AV15: -10428 | AW15: -12737
A16: Share-based Compensation | Z16: -347 | AA16: -348 | AB16: -348 | AC16: -348 | AD16: -66 | AE16: 0 | AF16: 0 | AG16: 0 | AH16: 0 | AI16: -864 | AJ16: -1295 | AK16: -1296 | AL16: -1371 | AM16: -1870 | AN16: -1620 | AO16: -1620 | AP16: -2097 | AQ16: -2096 | AR16: -1950 | AS16: -1948 | AT16: -2137 | AU16: -2137 | AV16: -2138 | AW16: -5748
A17: Third party services | Z17: -2062 | AA17: -2359 | AB17: -1238 | AC17: -2533 | AD17: -2113 | AE17: -2159 | AF17: -1925 | AG17: -3207 | AH17: -2634 | AI17: -2867 | AJ17: -3817 | AK17: -3687 | AL17: -2111 | AM17: -3682 | AN17: -3058 | AO17: -4120 | AP17: -5494 | AQ17: -2514 | AR17: -2514 | AS17: -4699 | AT17: -3821 | AU17: -3591 | AV17: -4483 | AW17: -4331
A18: Rent and Condominium | Z18: 0 | AA18: 0 | AB18: 0 | AC18: 0 | AD18: 0 | AE18: 0 | AF18: 0 | AG18: 0 | AH18: 0 | AI18: 0 | AJ18: 0 | AK18: 0 | AL18: 0 | AM18: 0 | AN18: 0 | AO18: 0 | AP18: 0 | AQ18: 0 | AR18: 0 | AS18: 0 | AT18: 0
A19: Promotional fund | Z19: 0 | AA19: 0 | AB19: 0 | AC19: 0 | AD19: 0 | AE19: 0 | AF19: 0 | AG19: 0 | AH19: 0 | AI19: 0 | AJ19: 0 | AK19: 0 | AL19: 0 | AM19: 0 | AN19: 0 | AO19: 0 | AP19: 0 | AQ19: 0 | AR19: 0 | AS19: 0 | AT19: 0
A20: Parking | Z20: 0 | AA20: 0 | AB20: 0 | AC20: 0 | AD20: 0 | AE20: 0 | AF20: 0 | AG20: 0 | AH20: 0 | AI20: 0 | AJ20: 0 | AK20: 0 | AL20: 0 | AM20: 0 | AN20: 0 | AO20: 0 | AP20: 0 | AQ20: 0 | AR20: 0 | AS20: 0 | AT20: 0
A21: Taxes, fees, legal expenses | Z21: 0 | AA21: 0 | AB21: 0 | AC21: 0 | AD21: 0 | AE21: 0 | AF21: 0 | AG21: 0 | AH21: 0 | AI21: 0 | AJ21: 0 | AK21: 0 | AL21: 0 | AM21: 0 | AN21: 0 | AO21: 0 | AP21: 0 | AQ21: 0 | AR21: 0 | AS21: 0 | AT21: 0
A22: Others | Z22: -3027 | AA22: -2789 | AB22: -2702 | AC22: -3093 | AD22: -3038 | AE22: -3175 | AF22: -2666 | AG22: -3070 | AH22: -3034 | AI22: -3507 | AJ22: -3038 | AK22: -3741 | AL22: -3250 | AM22: -2114 | AN22: -1789 | AO22: -2778 | AP22: -2682 | AQ22: -2193 | AR22: -2111 | AS22: -2312 | AT22: -2499 | AU22: -1995 | AV22: -2725 | AW22: -3164
A23: Sub Total | B23: -21357 | C23: -28417 | D23: -25574 | E23: -35254 | F23: -28088 | G23: -31426 | H23: -40514 | I23: -43064 | J23: -30891 | K23: -37278 | L23: -49816 | M23: -47639 | N23: -34891 | O23: -39332 | P23: -42141 | Q23: -57465 | R23: -41375 | S23: -46748 | T23: -45849 | U23: -46992.53 | V23: -44687.996 | W23: -46763.541 | X23: -44275.691 | Y23: -54120.222 | Z23: -41035 | AA23: -45981 | AB23: -38439 | AC23: -41324 | AD23: -41704 | AE23: -46684 | AF23: -40645 | AG23: -46044 | AH23: -45463 | AI23: -48636 | AJ23: -46469 | AK23: -57352 | AL23: -48521 | AM23: -54663 | AN23: -53644 | AO23: -63345 | AP23: -51235 | AQ23: -38929 | AR23: -52463 | AS23: -68082 | AT23: -63754 | AU23: -74436 | AV23: -82076 | AW23: -103422
A24: Depreciation and Amortization | B24: -4414 | C24: -5537 | D24: -5209 | E24: -5275 | F24: -5056 | G24: -6010 | H24: -6523 | I24: -8142 | J24: -8357 | K24: -9509 | L24: -11208 | M24: -11594 | N24: -11892 | O24: -12057 | P24: -13260 | Q24: -16879 | R24: -18574 | S24: -21824 | T24: -23180 | U24: -23856.775 | V24: -24335.447 | W24: -25184.539 | X24: -25917.826 | Y24: -27306.866 | Z24: -27847 | AA24: -27223 | AB24: -26751 | AC24: -26500 | AD24: -26479 | AE24: -26381 | AF24: -26743 | AG24: -26729 | AH24: -27069 | AI24: -27274 | AJ24: -27468 | AK24: -27830 | AL24: -31104 | AM24: -31524 | AN24: -31948 | AO24: -33446 | AP24: -37005 | AQ24: -37281 | AR24: -36509 | AS24: -38205 | AT24: -37144 | AU24: -38727 | AV24: -39679 | AW24: -39834
A25: Total | B25: -25771 | C25: -33954 | D25: -30783 | E25: -40529 | F25: -33144 | G25: -37436 | H25: -47037 | I25: -51206 | J25: -39248 | K25: -46787 | L25: -61024 | M25: -59233 | N25: -46782 | O25: -51389 | P25: -55401 | Q25: -74344 | R25: -59949 | S25: -68572 | T25: -69029 | U25: -70849.305 | V25: -69023.444 | W25: -71948.08 | X25: -70193.516 | Y25: -81427.087 | Z25: -68882 | AA25: -73204 | AB25: -65190 | AC25: -67824 | AD25: -68183 | AE25: -73065 | AF25: -67388 | AG25: -72773 | AH25: -72532 | AI25: -75910 | AJ25: -73937 | AK25: -85182 | AL25: -79625 | AM25: -86187 | AN25: -85592 | AO25: -96791 | AP25: -88240 | AQ25: -76210 | AR25: -88972 | AS25: -106287 | AT25: -100898 | AU25: -113163 | AV25: -121755 | AW25: -143256

Sheet Other Op. Revenue (Expenses)
A1: Other Operational Revenues (Expenses) | B1: 1Q10 | C1: 2Q10 | D1: 3Q10 | E1: 4Q10 | F1: 1Q11 | G1: 2Q11 | H1: 3Q11 | I1: 4Q11 | J1: 1Q12 | K1: 2Q12 | L1: 3Q12 | M1: 4Q12 | N1: 1Q13 | O1: 2Q13 | P1: 3Q13 | Q1: 4Q13 | R1: 1Q14 | S1: 2Q14 | T1: 3Q14 | U1: 4Q14 | V1: 1Q15 | W1: 2Q15 | X1: 3Q15 | Y1: 4Q15 | Z1: 1Q16 | AA1: 2Q16 | AB1: 3Q16 | AC1: 4Q16 | AD1: 1Q17 | AE1: 2Q17 | AF1: 3Q17 | AG1: 4Q17 | AH1: ='Indicators - Quaterly'!AH1 -> 1Q18 | AI1: ='Indicators - Quaterly'!AI1 -> 2Q18 | AJ1: ='Indicators - Quaterly'!AJ1 -> 3Q18 | AK1: ='Indicators - Quaterly'!AK1 -> 4Q18 | AL1: ='Indicators - Quaterly'!AL1 -> 1Q19 | AM1: ='Indicators - Quaterly'!AM1 -> 2Q19 | AN1: ='Indicators - Quaterly'!AN1 -> 3Q19 | AO1: ='Indicators - Quaterly'!AO1 -> 4Q19 | ... AT1: ='Indicators - Quaterly'!AT1 -> 1Q21 | AU1: 2Q21 | AV1: 3Q21 | AW1: 4Q21
A3: Other Operational Revenues (Expenses) (R$ ‘000) | B3: 1Q10 | C3: 2Q10 | D3: 3Q10 | E3: 4Q10 | F3: 1Q11 | G3: 2Q11 | H3: 3Q11 | I3: 4Q11 | J3: 1Q12 | K3: 2Q12 | L3: 3Q12 | M3: 4Q12 | N3: 1Q13 | O3: 2Q13 | P3: 3Q13 | Q3: 4Q13 | R3: 1Q14 | S3: 2Q14 | T3: 3Q14 | U3: 4Q14 | V3: 1Q15 | W3: 2Q15 | X3: 3Q15 | Y3: 4Q15 | Z3: 1Q16 | AA3: 2Q16 | AB3: 3Q16 | AC3: 4Q16 | AD3: 1Q17 | AE3: 2Q17 | AF3: 3Q17 | AG3: 4Q17 | AH3: =AH1 -> 1Q18 | AI3: =AI1 -> 2Q18 | AJ3: =AJ1 -> 3Q18 | AK3: =AK1 -> 4Q18 | AL3: =AL1 -> 1Q19 | AM3: =AM1 -> 2Q19 | AN3: =AN1 -> 3Q19 | AO3: =AO1 -> 4Q19 | ... AW3: =AW1 -> 4Q21
A4: Property development (1) | B4: - | C4: 8000 | D4: 11800 | E4: - | F4: - | G4: 10700 | H4: - | I4: 4517.2868 | J4: - | K4: 24300 | L4: - | M4: 6363.6114 | N4: 14100 | O4: - | P4: - | Q4: 11300 | R4: 7000 | S4: - | T4: 6500 | U4: 9300 | V4: - | W4: - | X4: 6780 | Y4: 12400 | Z4: - | AA4: - | AB4: 0 | AC4: 0 | AD4: 0 | AE4: 0 | AF4: 0 | AG4: 0 | AH4: 0 | AI4: 0 | AJ4: 0 | AK4: 14750 | AL4: 0 | AM4: 0 | AN4: 20116 | AO4: 0 | AP4: 0 | AQ4: 0 | AR4: 0 | AS4: 18925 | AT4: 0 | AU4: 0 | AV4: 19865 | AW4: 7829
A5: Other | B5: 189 | C5: 3402 | D5: 1486 | E5: 7077 | F5: 509 | G5: -2178 | H5: 20824 | I5: 14203.713 | J5: 1156 | K5: -1721 | L5: 110636 | M5: 20130.389 | N5: 318 | O5: 2481 | P5: 6765 | Q5: 22904 | R5: 1693 | S5: 3084 | T5: 3824 | U5: 14293 | V5: -1460 | W5: 12520 | X5: 12604 | Y5: 13613 | Z5: 9354 | AA5: 4534 | AB5: 5010 | AC5: 91 | AD5: -180 | AE5: 7444 | AF5: 4499 | AG5: 10526 | AH5: 2493 | AI5: 5852 | AJ5: 9828 | AK5: 871 | AL5: 4636 | AM5: 4369 | AN5: 19375 | AO5: 52013 | AP5: -2984 | AQ5: -7394 | AR5: 4066 | AS5: 26658 | AT5: -4432 | AU5: 12788 | AV5: 3301 | AW5: 3003.1275
A6: Straight-line effect over Key Money | AW6: -37123
A7: Retail operations (i-Retail and Iguatemi 365) | AW7: -107.12746
A8: Other Operational Revenues (Expenses) | B8: 189 | C8: 11402 | D8: 13286 | E8: 7077 | F8: 509 | G8: 8522 | H8: 20824 | I8: 18721 | J8: 1156 | K8: 22579 | L8: 110636 | M8: 26494 | N8: 14418 | O8: 2481 | P8: 6765 | Q8: 34204 | R8: 8693 | S8: 3084 | T8: 10324 | U8: 23593 | V8: -1460 | W8: 12520 | X8: 19384 | Y8: 26013 | Z8: 9354 | AA8: 4534 | AB8: 5010 | AC8: 91 | AD8: -180 | AE8: 7444 | AF8: 4499 | AG8: 10526 | AH8: 2493 | AI8: 5852 | AJ8: 9828 | AK8: 15621 | AL8: 4636 | AM8: 4369 | AN8: 39491 | AO8: 52013 | AP8: -2984 | AQ8: -7394 | AR8: 4066 | AS8: 45583 | AT8: -4432 | AU8: 12788 | AV8: 23166 | AW8: -26398
A10: (1) Net amount.

Sheet Consolidated Statement
A1: Consolidated Statement of financial position | B1: ='Indicators - Quaterly'!B1 -> 1Q10 | C1: ='Indicators - Quaterly'!C1 -> 2Q10 | D1: ='Indicators - Quaterly'!D1 -> 3Q10 | E1: ='Indicators - Quaterly'!E1 -> 4Q10 | F1: ='Indicators - Quaterly'!F1 -> 1Q11 | G1: ='Indicators - Quaterly'!G1 -> 2Q11 | H1: ='Indicators - Quaterly'!H1 -> 3Q11 | I1: ='Indicators - Quaterly'!I1 -> 4Q11 | ... AW1: ='Indicators - Quaterly'!AW1 -> 4Q21
A3: ASSETS (R$ '000) - Managerial | B3: =B1 -> 1Q10 | C3: =C1 -> 2Q10 | D3: =D1 -> 3Q10 | E3: =E1 -> 4Q10 | F3: =F1 -> 1Q11 | G3: =G1 -> 2Q11 | H3: =H1 -> 3Q11 | I3: =I1 -> 4Q11 | ... AS3: =AS1 -> 4Q20 | AU3: 2T21 | AV3: 2T21 | AW3: 3T21
A4: Current assets | B4: 662316 | C4: 619116 | D4: 668308 | E4: 723472 | F4: 1090149 | G4: 1041299 | H4: 935768 | I4: 837686 | J4: 1159586 | K4: 962544 | L4: 1422882 | M4: 1084865 | N4: 1444360 | O4: 1422882 | P4: 1463009 | Q4: 1309983 | R4: 1167095 | S4: 787853 | T4: 964845 | U4: 900383 | V4: 623318 | W4: 571326 | X4: 648115 | Y4: 625219
A5: Cash & cash equivalents | B5: 618027 | C5: 557788 | D5: 592831 | E5: 628246 | F5: 1004289 | G5: 942908 | H5: 830561 | I5: 721488 | J5: 1048966 | K5: 784842 | L5: 1271735 | M5: 937795 | N5: 1293204 | O5: 1271735 | P5: 1287666 | Q5: 1064869 | R5: 948757 | S5: 560488 | T5: 682414 | U5: 656606 | V5: 411705 | W5: 368660 | X5: 420078 | Y5: 392982
A6: Accounts receivable | B6: 28477 | C6: 41462 | D6: 52982 | E6: 70319 | F6: 66611 | G6: 75206 | H6: 83514 | I6: 90021 | J6: 80732 | K6: 81373 | L6: 110568 | M6: 106276 | N6: 104542 | O6: 110568 | P6: 118660 | Q6: 201647 | R6: 184280 | S6: 183303 | T6: 203225 | U6: 186650 | V6: 148554 | W6: 137769 | X6: 165875 | Y6: 176220
A7: Taxes recoverable | B7: 9023 | C7: 10511 | D7: 11191 | E7: 13589 | F7: 12883 | G7: 15099 | H7: 13683 | I7: 19586 | J7: 17834 | K7: 26630 | L7: 25907 | M7: 30350 | N7: 31703 | O7: 25907 | P7: 26696 | Q7: 33809 | R7: 21763 | S7: 25425 | T7: 41745 | U7: 27951 | V7: 26264 | W7: 26960 | X7: 25518 | Y7: 21944
A8: Loans recoverable | B8: 329 | C8: 240 | D8: 302 | E8: - | F8: - | G8: - | H8: - | I8: - | J8: - | K8: - | L8: - | M8: - | N8: - | O8: - | P8: - | Q8: - | R8: - | S8: - | T8: - | U8: - | V8: - | W8: - | X8: - | Y8: -
A9: Other credits | B9: 5571 | C9: 8996 | D9: 10982 | E9: - | F9: - | G9: - | H9: - | I9: - | J9: - | K9: - | L9: - | M9: - | N9: - | O9: - | P9: - | Q9: - | R9: - | S9: - | T9: - | U9: - | V9: - | W9: - | X9: - | Y9: -
A10: Prepaid Expenses | B10: 67 | C10: 119 | D10: 20 | E10: 651 | F10: 2129 | G10: 1933 | H10: 1413 | I10: 216 | J10: 4145 | K10: 3626 | L10: 3371 | M10: 529 | N10: 4318 | O10: 3371 | P10: 1434 | Q10: 629 | R10: 3399 | S10: 8757 | T10: 4255 | U10: 6431 | V10: 11913 | W10: 10064 | X10: 8361 | Y10: 6844
A11: Inventory | B11: 822 | C11: - | D11: - | E11: - | F11: - | G11: - | H11: - | I11: - | J11: - | K11: - | L11: - | M11: - | N11: - | O11: - | P11: - | Q11: - | R11: - | S11: - | T11: - | U11: - | V11: - | W11: - | X11: - | Y11: -
A12: Other Current Assets | B12: - | C12: - | D12: - | E12: 10667 | F12: 4237 | G12: 6153 | H12: 6597 | I12: 6375 | J12: 7909 | K12: 66073 | L12: 11301 | M12: 9915 | N12: 10593 | O12: 11301 | P12: 28553 | Q12: 9029 | R12: 8896 | S12: 9880 | T12: 33206 | U12: 22745 | V12: 24882 | W12: 27873 | X12: 28283 | Y12: 27229
A13: Noncurrent assets | B13: 1358748 | C13: 1412977 | D13: 1490713 | E13: 1570859 | F13: 1660942 | G13: 1784028 | H13: 1868808 | I13: 2059346 | J13: 2119154 | K13: 2240355 | L13: 2878613 | M13: 2487330 | N13: 2688233 | O13: 2878613 | P13: 3126682 | Q13: 3347966 | R13: 3466480 | S13: 3804831 | T13: 3884844 | U13: 4010961 | V13: 4097855 | W13: 4170944 | X13: 4262556 | Y13: 4432331
A14: Long term assets | B14: 92825 | C14: 104964 | D14: 115511 | E14: 50280 | F14: 46588 | G14: 72232 | H14: 85834 | I14: 83478 | J14: 82811 | K14: 126260 | L14: 221942 | M14: 172089 | N14: 214658 | O14: 221942 | P14: 268012 | Q14: 167144 | R14: 177970 | S14: 188398 | T14: 196164 | U14: 224629 | V14: 255167 | W14: 270205 | X14: 274124 | Y14: 292097
A15: Accounts receivable | B15: 0 | C15: 6423 | D15: 20605 | E15: 20781 | F15: 20552 | G15: 31358 | H15: 30773 | I15: 28946 | J15: 27095 | K15: 56066 | L15: 72106 | M15: 63032 | N15: 98506 | O15: 72106 | P15: 73884 | Q15: 28986 | R15: 32254 | S15: 42561 | T15: 31331 | U15: 71575 | V15: 62969 | W15: 65701 | X15: 65798 | Y15: 83855
A16: Deferred taxes | B16: 8165 | C16: 8165 | D16: 8219 | E16: 8822 | F16: 8578 | G16: 9590 | H16: 9810 | I16: 9535 | J16: 10152 | K16: 11975 | L16: 18282 | M16: 16063 | N16: 18235 | O16: 18282 | P16: 19555 | Q16: 20572 | R16: 24185 | S16: 32781 | T16: 43849 | U16: 40214 | V16: 51478 | W16: 57993 | X16: 67399 | Y16: 68672
A17: Owed by related parties | B17: 32694 | C17: 38442 | D17: 36776 | E17: 15603 | F17: 12489 | G17: 26420 | H17: 39096 | I17: 38641 | J17: 40489 | K17: 52149 | L17: 52642 | M17: 58455 | N17: 73196 | O17: 52642 | P17: 55214 | Q17: 79345 | R17: 80471 | S17: 68677 | T17: 75414 | U17: 104443 | V17: 127959 | W17: 133811 | X17: 129431 | Y17: 129848
A18: Loans receivable | B18: 6600 | C18: 3738 | D18: 1525 | E18: 1223 | F18: - | G18: - | H18: - | I18: - | J18: - | K18: - | L18: - | M18: - | N18: - | O18: - | P18: - | Q18: - | R18: - | S18: - | T18: - | U18: - | V18: - | W18: - | X18: - | Y18: -
A19: Expropriations to receive | B19: 1402 | C19: 1402 | D19: 1402 | E19: 1402 | F19: - | G19: - | H19: - | I19: - | J19: - | K19: - | L19: - | M19: - | N19: - | O19: - | P19: - | Q19: - | R19: - | S19: - | T19: - | U19: - | V19: - | W19: - | X19: - | Y19: -
A20: Judicial Deposits | B20: 25582 | C20: 25916 | D20: 26284 | E20: 2449 | F20: - | G20: - | H20: - | I20: - | J20: - | K20: - | L20: - | M20: - | N20: - | O20: - | P20: - | Q20: - | R20: - | S20: - | T20: - | U20: - | V20: - | W20: - | X20: - | Y20: -
A21: Other Credit | B21: 18382 | C21: 20878 | D21: 20700 | E21: - | F21: - | G21: - | H21: - | I21: - | J21: - | K21: - | L21: - | M21: - | N21: - | O21: - | P21: - | Q21: - | R21: - | S21: - | T21: - | U21: - | V21: - | W21: - | X21: - | Y21: -
A22: Other assets – non-current | B22: - | C22: - | D22: - | E22: - | F22: 4969 | G22: 4864 | H22: 6155 | I22: 6356 | J22: 5075 | K22: 6070 | L22: 78912 | M22: 34539 | N22: 24721 | O22: 78912 | P22: 119359 | Q22: 38241 | R22: 41060 | S22: 44379 | T22: 45570 | U22: 8397 | V22: 12761 | W22: 12700 | X22: 11496 | Y22: 9722
A23: Investments | B23: 651 | C23: 308 | D23: 441 | E23: 1400897 | F23: 1496669 | G23: 1593087 | H23: 1659787 | I23: 1846533 | J23: 1908961 | K23: 1985052 | L23: 2527177 | M23: 2184520 | N23: 2343355 | O23: 2527177 | P23: 2729877 | Q23: 3052141 | R23: 3162137 | S23: 3490518 | T23: 3563716 | U23: 3661318 | V23: 3718303 | W23: 3777816 | X23: 3865959 | Y23: 4018102
A24: Stockholdings | B24: - | C24: - | D24: - | E24: 924 | F24: - | G24: 981 | H24: 899 | I24: 979 | J24: 979 | K24: 1058 | L24: 1744 | M24: 1058 | N24: 1181 | O24: 1744 | P24: 1990 | Q24: 2056 | R24: 2105 | S24: 11189 | T24: 11263 | U24: 11225 | V24: 11221 | W24: 11219 | X24: 11204 | Y24: 14490
A25: Investment properties | B25: - | C25: - | D25: - | E25: 1399973 | F25: - | G25: 1592106 | H25: 1658888 | I25: 1845554 | J25: 1907982 | K25: 1983994 | L25: 2525433 | M25: 2183462 | N25: 2342174 | O25: 2525433 | P25: 2727887 | Q25: 3050085 | R25: 3160032 | S25: 3479329 | T25: 3552453 | U25: 3650093 | V25: 3707082 | W25: 3766597 | X25: 3854755 | Y25: 4003612
A26: Property, plant and equipment | B26: 1165473 | C26: 1203839 | D26: 1269773 | E26: 13743 | F26: 10821 | G26: 10551 | H26: 13589 | I26: 18809 | J26: 17969 | K26: 20167 | L26: 20325 | M26: 21726 | N26: 21071 | O26: 20325 | P26: 19966 | Q26: 19846 | R26: 19103 | S26: 20336 | T26: 20281 | U26: 19970 | V26: 19589 | W26: 19134 | X26: 19526 | Y26: 19530
A27: Intangible assets | B27: 99799 | C27: 103866 | D27: 104988 | E27: 105939 | F27: 106864 | G27: 108158 | H27: 109598 | I27: 110526 | J27: 109413 | K27: 108876 | L27: 109169 | M27: 108995 | N27: 109149 | O27: 109169 | P27: 108827 | Q27: 108835 | R27: 107270 | S27: 105579 | T27: 104683 | U27: 105044 | V27: 104796 | W27: 103789 | X27: 102947 | Y27: 102602
A28: Total assets | B28: 2021064 | C28: 2032093 | D28: 2159021 | E28: 2294331 | F28: 2751091 | G28: 2825327 | H28: 2804576 | I28: 2897032 | J28: 3278740 | K28: 3202899 | L28: 4301495 | M28: 3572196 | N28: 4132593 | O28: 4301495 | P28: 4589691 | Q28: 4657949 | R28: 4633575 | S28: 4592684 | T28: 4849689 | U28: 4911344 | V28: 4721173 | W28: 4742270 | X28: 4910671 | Y28: 5057550
A31: LIABILES (R$ ’000) - Managerial | B31: =B1 -> 1Q10 | C31: =C1 -> 2Q10 | D31: =D1 -> 3Q10 | E31: =E1 -> 4Q10 | F31: =F1 -> 1Q11 | G31: =G1 -> 2Q11 | H31: =H1 -> 3Q11 | I31: =I1 -> 4Q11 | ... AO31: =AO1 -> 4Q19 | AP31: =AP$1 -> 1Q20 | AQ31: =AQ$1 -> 2Q20 | AR31: =AR$1 -> 3Q20 | AS31: =AS$1 -> 4Q20 | AU31: 2T21 | AV31: 2T21 | AW31: 3T21
A32: Current liabilities | B32: 148322 | C32: 86906 | D32: 103000 | E32: 145979 | F32: 152486 | G32: 197071 | H32: 233544 | I32: 254506 | J32: 260987 | K32: 236223 | L32: 303753 | M32: 322188 | N32: 378183 | O32: 303753 | P32: 323250 | Q32: 384420 | R32: 488546 | S32: 427525 | T32: 408974 | U32: 511382 | V32: 462192 | W32: 486415 | X32: 400059 | Y32: 550704
A33: Payroll-associated and employment-law obligations | B33: 10546 | C33: 6381 | D33: 11814 | E33: 12968 | F33: 6927 | G33: 10124 | H33: 13863 | I33: 15754 | J33: 10684 | K33: 13875 | L33: 14552 | M33: 20587 | N33: 23617 | O33: 14552 | P33: 16513 | Q33: 21943 | R33: 16152 | S33: 17271 | T33: 18371 | U33: 20883 | V33: 14199 | W33: 19416 | X33: 23228 | Y33: 26977
A34: Suppliers | B34: 9693 | C34: 7810 | D34: 9906 | E34: 8741 | F34: 14759 | G34: 16390 | H34: 29124 | I34: 20549 | J34: 24000 | K34: 19043 | L34: 25313 | M34: 20564 | N34: 25489 | O34: 25313 | P34: 30591 | Q34: 36065 | R34: 32357 | S34: 40854 | T34: 37714 | U34: 40654 | V34: 38239 | W34: 29404 | X34: 24858 | Y34: 29215
A35: Tax issues | B35: 14656 | C35: 13209 | D35: 17494 | E35: 12949 | F35: 15889 | G35: 18981 | H35: 21582 | I35: 17913 | J35: 15034 | K35: 14922 | L35: 15498 | M35: 27167 | N35: 19051 | O35: 15498 | P35: 19151 | Q35: 39025 | R35: 24363 | S35: 21033 | T35: 28634 | U35: 23171 | V35: 19637 | W35: 19179 | X35: 21321 | Y35: 20053
A36: Loans and financings | B36: 18455 | C36: 20729 | D36: 20708 | E36: 20840 | F36: 20931 | G36: 22173 | H36: 33038 | I36: 59185 | J36: 76918 | K36: 87703 | L36: 93909 | M36: 96303 | N36: 103877 | O36: 93909 | P36: 100349 | Q36: 111575 | R36: 111871 | S36: 115675 | T36: 116290 | U36: 125751 | V36: 126605 | W36: 143566 | X36: 140838 | Y36: 151320
A37: Debentures | B37: 5800 | C37: 1451 | D37: 7249 | E37: 1747 | F37: 7308 | G37: 81400 | H37: 77698 | I37: 80939 | J37: 81020 | K37: 89479 | L37: 96132 | M37: 84914 | N37: 77073 | O37: 96132 | P37: 79960 | Q37: 106034 | R37: 245013 | S37: 205302 | T37: 179126 | U37: 211489 | V37: 176940 | W37: 206498 | X37: 181052 | Y37: 213830
A38: Dividends and interest on own capital | B38: 46765 | C38: - | D38: - | E38: - | F38: - | G38: - | H38: - | I38: - | J38: - | K38: - | L38: - | M38: - | N38: - | O38: - | P38: - | Q38: - | R38: - | S38: - | T38: - | U38: - | V38: - | W38: - | X38: - | Y38: -
A39: Accounts payable | B39: 42407 | C39: 37326 | D39: 35829 | E39: - | F39: - | G39: - | H39: - | I39: - | J39: - | K39: - | L39: - | M39: - | N39: - | O39: - | P39: - | Q39: - | R39: - | S39: - | T39: - | U39: - | V39: - | W39: - | X39: - | Y39: -
A40: Other liabilities | B40: - | C40: - | D40: - | E40: 88734 | F40: 86672 | G40: 48003 | H40: 58239 | I40: 60166 | J40: 53331 | K40: 11201 | L40: 58349 | M40: 72653 | N40: 129076 | O40: 58349 | P40: 76686 | Q40: 69778 | R40: 58790 | S40: 27390 | T40: 28839 | U40: 89434 | V40: 86572 | W40: 68352 | X40: 8762 | Y40: 109309
A41: Noncurrent liabilities | B41: 467204 | C41: 504967 | D41: 576406 | E41: 660094 | F41: 1079660 | G41: 1083300 | H41: 999347 | I41: 1063665 | J41: 1414580 | K41: 1324665 | L41: 1771204 | M41: 1476738 | N41: 1927094 | O41: 1771204 | P41: 1959774 | Q41: 1955995 | R41: 1779839 | S41: 1762933 | T41: 1959849 | U41: 1906157 | V41: 1717796 | W41: 1677866 | X41: 1873694 | Y41: 1872866
A42: Loans and financings | B42: 117543 | C42: 155929 | D42: 218244 | E42: 276316 | F42: 348576 | G42: 417379 | H42: 409885 | I42: 482972 | J42: 525472 | K42: 505327 | L42: 496114 | M42: 622887 | N42: 593879 | O42: 496114 | P42: 640767 | Q42: 678219 | R42: 662139 | S42: 636617 | T42: 850337 | U42: 822066 | V42: 799052 | W42: 762508 | X42: 958933 | Y42: 958889
A43: Debêntures | B43: 199334 | C43: 199386 | D43: 199437 | E43: 199488 | F43: 529754 | G43: 460344 | H43: 460572 | I43: 460799 | J43: 759609 | K43: 692984 | L43: 1075216 | M43: 693605 | N43: 1141085 | O43: 1075216 | P43: 1075771 | Q43: 1077009 | R43: 913558 | S43: 914801 | T43: 915607 | U43: 917060 | V43: 754536 | W43: 756191 | X43: 757232 | Y43: 759161
A44: Liabilities owed to related parties | B44: 35474 | C44: 35965 | D44: 37028 | E44: 40095 | F44: 53798 | G44: 40859 | H44: - | I44: - | J44: - | K44: - | L44: 9440 | M44: 0 | N44: 17888 | O44: 9440 | P44: 1350 | Q44: 1650 | R44: 1783 | S44: 300 | T44: 367 | U44: 367 | V44: 500 | W44: 567 | X44: 600 | Y44: 513
A45: Taxes and Contributions | B45: 14932 | C45: 17185 | D45: 18054 | E45: - | F45: - | G45: - | H45: - | I45: - | J45: - | K45: - | L45: - | M45: - | N45: - | O45: - | P45: - | Q45: - | R45: - | S45: - | T45: - | U45: - | V45: - | W45: - | X45: - | Y45: -
A46: Accounts payable | B46: 7596 | C46: 7980 | D46: 7858 | E46: - | F46: - | G46: - | H46: - | I46: - | J46: - | K46: - | L46: - | M46: - | N46: - | O46: - | P46: - | Q46: - | R46: - | S46: - | T46: - | U46: - | V46: - | W46: - | X46: - | Y46: -
A47: Others | B47: - | C47: - | D47: - | E47: 22640 | F47: 18855 | G47: 28757 | H47: 16362 | I47: 13513 | J47: 16902 | K47: 9351 | L47: 21905 | M47: 21567 | N47: 21238 | O47: 21905 | P47: 65410 | Q47: 55697 | R47: 58424 | S47: 41725 | T47: 26925 | U47: 4326 | V47: 3873 | W47: 2889 | X47: 4087 | Y47: 1301
A48: Deferred taxes | B48: 23637 | C48: 23805 | D48: 30788 | E48: 12218 | F48: 977 | G48: 2643 | H48: 26408 | I48: 25342 | J48: 28053 | K48: 32654 | L48: 46360 | M48: 39457 | N48: 44181 | O48: 46360 | P48: 50133 | Q48: 43752 | R48: 58004 | S48: 64666 | T48: 67821 | U48: 70845 | V48: 74400 | W48: 78669 | X48: 81858 | Y48: 88696
A49: Provisions | B49: 68688 | C49: 64717 | D49: 64997 | E49: 66497 | F49: 65061 | G49: 60389 | H49: 25438 | I49: 20330 | J49: 21406 | K49: 21227 | L49: 33564 | M49: 33455 | N49: 33508 | O49: 33564 | P49: 33635 | Q49: 13459 | R49: 13424 | S49: 13390 | T49: 13291 | U49: 14419 | V49: 14385 | W49: 14350 | X49: 14316 | Y49: 13800
A50: Profits and revenues to be appropriated | B50: - | C50: - | D50: - | E50: 42840 | F50: 62639 | G50: 72929 | H50: 60682 | I50: 60709 | J50: 63138 | K50: 63122 | L50: 88605 | M50: 65767 | N50: 75315 | O50: 88605 | P50: 92708 | Q50: 86209 | R50: 72507 | S50: 91434 | T50: 85501 | U50: 77074 | V50: 71050 | W50: 62692 | X50: 56668 | Y50: 50506
A51: Stockholders’ equity | B51: 1405538 | C51: 1440220 | D51: 1479615 | E51: 1488258 | F51: 1518945 | G51: 1544956 | H51: 1571685 | I51: 1578861 | J51: 1603173 | K51: 1642011 | L51: 2226538 | M51: 1773269 | N51: 1827316 | O51: 2226538 | P51: 2306667 | Q51: 2317533 | R51: 2365190 | S51: 2402226 | T51: 2480866 | U51: 2493805 | V51: 2541185 | W51: 2577989 | X51: 2636918 | Y51: 2633980
A52: Paid-up share capital | B52: 818125 | C52: 818125 | D52: 818125 | E52: 823859 | F52: - | G52: 823859 | H52: 823859 | I52: 823859 | J52: 823859 | K52: 823859 | L52: 1186729 | M52: 823859 | N52: 823859 | O52: 1186729 | P52: 1233163 | Q52: 1232002 | R52: 1232002 | S52: 1231313 | T52: 1231313 | U52: 1231313 | V52: 1231313 | W52: 1231313 | X52: 1231313 | Y52: 1231313
A53: Capital reserves | B53: 457622 | C53: 457638 | D53: 457585 | E53: 453818 | F53: 453008 | G53: 453470 | H53: 483960 | I53: 455148 | J53: 447256 | K53: 451784 | L53: 469454 | M53: 464767 | N53: 467244 | O53: 469454 | P53: 458185 | Q53: 457623 | R53: 457220 | S53: 458890 | T53: 470907 | U53: 473382 | V53: 476250 | W53: 471243 | X53: 472514 | Y53: 473233
A54: Profit reserves | B54: 129586 | C54: 104946 | D54: 104946 | E54: 210424 | F54: 241912 | G54: 267449 | H54: 263659 | I54: 299687 | J54: 331890 | K54: 279949 | L54: 483084 | M54: 484486 | N54: 484486 | O54: 483084 | P54: 483084 | Q54: 439234 | R54: 623866 | S54: 607718 | T54: 607693 | U54: 782493 | V54: 782493 | W54: 776939 | X54: 776939 | Y54: 922646
A55: Accumulated profit (loss) | B55: - | C55: 59334 | D55: 98771 | E55: - | F55: - | G55: - | H55: - | I55: - | J55: - | K55: - | L55: 83028 | M55: 0 | N55: 47328 | O55: 83028 | P55: 128087 | Q55: 184632 | R55: 48191 | S55: 97823 | T55: 164418 | U55: 0 | V55: 44515 | W55: 91746 | X55: 149609 | Y55: 0
A56: Minority interests | B56: 205 | C56: 177 | D56: 188 | E56: 157 | F56: - | G56: 178 | H56: 207 | I56: 167 | J56: 168 | K56: 183 | L56: 4243 | M56: 157 | N56: 4399 | O56: 4243 | P56: 4148 | Q56: 4042 | R56: 3911 | S56: 6482 | T56: 6535 | U56: 6617 | V56: 6614 | W56: 6748 | X56: 6543 | Y56: 6788
A57: Total Liabilities | B57: 2021064 | C57: 2032093 | D57: 2159021 | E57: 2294331 | F57: 2751091 | G57: 2825327 | H57: 2804576 | I57: 2897032 | J57: 3278740 | K57: 3202899 | L57: 4301495 | M57: 3572196 | N57: 4132593 | O57: 4301495 | P57: 4589691 | Q57: 4657949 | R57: 4633575 | S57: 4592684 | T57: 4849689 | U57: 4911344 | V57: 4721173 | W57: 4742270 | X57: 4910671 | Y57: 5057550
A61: ASSETS (R$ ’000) - Formal Accounting | B61: 1Q10 | C61: 2Q10 | D61: 3Q10 | E61: 4Q10 | F61: 1Q11 | G61: 2Q11 | H61: 3Q11 | I61: 4Q11 | J61: 1Q12 | K61: 2Q12 | L61: 3Q12 | M61: 4Q12 | N61: 1Q13 | O61: 2Q13 | P61: 3Q13 | Q61: 4Q13 | R61: 1Q14 | S61: 2Q14 | T61: 3Q14 | U61: 4Q14 | V61: 1Q15 | W61: 2Q15 | X61: 3Q15 | Y61: 4Q15 | Z61: 1Q16 | AA61: 2Q16 | AB61: 3Q16 | AC61: 4Q16 | AD61: 1Q17 | AE61: 2Q17 | AF61: 3Q17 | AG61: 4Q17 | AH61: =AH1 -> 1Q18 | AI61: =AI1 -> 2Q18 | AJ61: =AJ1 -> 3Q18 | AK61: =AK1 -> 4Q18 | AL61: =AL1 -> 1Q19 | AM61: =AM1 -> 2Q19 | AN61: =AN1 -> 3Q19 | AO61: =AO1 -> 4Q19 | ... AW61: =AW1 -> 4Q21
A62: Current assets | B62: 662316 | C62: 619116 | D62: 668308 | E62: 723472 | F62: 1090149 | G62: 1041299 | H62: 935768 | I62: 837686 | J62: 1159586 | K62: 962544 | L62: 1404090 | M62: 1063686 | N62: 1422810 | O62: 1404090 | P62: 1446068 | Q62: 1293900 | R62: 1153691 | S62: 787795 | T62: 964488 | U62: 900267 | V62: 623062 | W62: 571245 | X62: 647895 | Y62: 625173 | Z62: 527350 | AA62: 538759 | AB62: 707845 | AC62: 722141 | AD62: 509401 | AE62: 502703 | AF62: 742693 | AG62: 657483 | AH62: 521571 | AI62: 787608 | AJ62: 739526 | AK62: 839215 | AL62: 793353 | AM62: 833943 | AN62: 932509 | AO62: 1140812 | AP62: 1031861 | AQ62: 1382142 | AR62: 1334901 | AS62: 1814998 | AT62: 1764042 | AU62: 1594010 | AV62: 1760053 | AW62: 2125968
A63: Cash | B63: 618027 | C63: 557788 | D63: 592831 | E63: 628246 | F63: 1004289 | G63: 942908 | H63: 830561 | I63: 721488 | J63: 1048966 | K63: 784842 | L63: 1261990 | M63: 929742 | N63: 1281906 | O63: 1261990 | P63: 1280712 | Q63: 1057145 | R63: 942703 | S63: 560430 | T63: 682059 | U63: 656490 | V63: 411449 | W63: 368580 | X63: 419859 | Y63: 392936 | Z63: 291091 | AA63: 300511 | AB63: 465718 | AC63: 523857 | AD63: 330410 | AE63: 323899 | AF63: 524713 | AG63: 452827 | AH63: 337494 | AI63: 595356 | AJ63: 563071 | AK63: 652371 | AL63: 616604 | AM63: 650036 | AN63: 681161 | AO63: 969584 | AP63: 901852 | AQ63: 1137336 | AR63: 1101680 | AS63: 1571202 | AT63: 1507509 | AU63: 1294879 | AV63: 1454932 | AW63: 1790137
A64: Accounts receivable | B64: 28477 | C64: 41462 | D64: 52982 | E64: 70319 | F64: 66611 | G64: 75206 | H64: 83514 | I64: 90021 | J64: 80732 | K64: 81373 | L64: 102092 | M64: 93206 | N64: 94875 | O64: 102092 | P64: 109055 | Q64: 193428 | R64: 177731 | S64: 183303 | T64: 203223 | U64: 186650 | V64: 148554 | W64: 137769 | X64: 165875 | Y64: 176220 | Z64: 172719 | AA64: 179965 | AB64: 172328 | AC64: 154497 | AD64: 123595 | AE64: 132708 | AF64: 143587 | AG64: 144139 | AH64: 118096 | AI64: 132722 | AJ64: 124077 | AK64: 134895 | AL64: 106236 | AM64: 116716 | AN64: 135820 | AO64: 133216 | AP64: 70565 | AQ64: 193453 | AR64: 189226 | AS64: 205370 | AT64: 186182 | AU64: 216958 | AV64: 235605 | AW64: 266812
A65: Taxes recoverable | B65: 9023 | C65: 10511 | D65: 11191 | E65: 13589 | F65: 12883 | G65: 15099 | H65: 13683 | I65: 19586 | J65: 17834 | K65: 26630 | L65: 25882 | M65: 30321 | N65: 31698 | O65: 25882 | P65: 26612 | Q65: 33724 | R65: 21744 | S65: 25425 | T65: 41745 | U65: 27951 | V65: 26264 | W65: 26960 | X65: 25518 | Y65: 21944 | Z65: 21230 | AA65: 19497 | AB65: 24289 | AC65: 23133 | AD65: 22085 | AE65: 20803 | AF65: 41621 | AG65: 43317 | AH65: 39344 | AI65: 35404 | AJ65: 30030 | AK65: 32690 | AL65: 34655 | AM65: 35114 | AN65: 31509 | AO65: 21133 | AP65: 29723 | AQ65: 23412 | AR65: 17345 | AS65: 17902 | AT65: 24407 | AU65: 22055 | AV65: 30917 | AW65: 29406
A66: Prepaid expenses | B66: 67 | C66: 119 | D66: 20 | E66: 651 | F66: 2129 | G66: 1933 | H66: 1413 | I66: 216 | J66: 4145 | K66: 3626 | L66: 2901 | M66: 522 | N66: 3761 | O66: 2901 | P66: 1207 | Q66: 627 | R66: 2681 | S66: 8757 | T66: 4255 | U66: 6431 | V66: 11913 | W66: 10063 | X66: 8360 | Y66: 6844 | Z66: 14138 | AA66: 11901 | AB66: 9494 | AC66: 7753 | AD66: 15069 | AE66: 12213 | AF66: 10241 | AG66: 7061 | AH66: 15038 | AI66: 12119 | AJ66: 9308 | AK66: 7263 | AL66: 16351 | AM66: 12857 | AN66: 9740 | AO66: 6441 | AP66: 17311 | AQ66: 13431 | AR66: 9873 | AS66: 6408 | AT66: 19476 | AU66: 12129 | AV66: 10066 | AW66: 8562
A67: Other current assets | B67: 6722 | C67: 9236 | D67: 11284 | E67: 10667 | F67: 4237 | G67: 6153 | H67: 6597 | I67: 6375 | J67: 7909 | K67: 66073 | L67: 11225 | M67: 9895 | N67: 10570 | O67: 11225 | P67: 28482 | Q67: 8976 | R67: 8832 | S67: 9880 | T67: 33206 | U67: 22745 | V67: 24882 | W67: 27873 | X67: 28283 | Y67: 27229 | Z67: 28172 | AA67: 26885 | AB67: 36016 | AC67: 12901 | AD67: 18242 | AE67: 13080 | AF67: 22531 | AG67: 10139 | AH67: 11599 | AI67: 12007 | AJ67: 13040 | AK67: 11996 | AL67: 19507 | AM67: 19220 | AN67: 74279 | AO67: 10438 | AP67: 12410 | AQ67: 14510 | AR67: 16777 | AS67: 14116 | AT67: 26468 | AU67: 47989 | AV67: 28533 | AW67: 31051
A68: Noncurrent assets | B68: 1358748 | C68: 1412977 | D68: 1490713 | E68: 1570859 | F68: 1660942 | G68: 1784028 | H68: 1868808 | I68: 2059346 | J68: 2119154 | K68: 2240355 | L68: 2846446 | M68: 2466464 | N68: 2646932 | O68: 2846446 | P68: 3102290 | Q68: 3324923 | R68: 3441895 | S68: 3804568 | T68: 3885221 | U68: 4010701 | V68: 4097579 | W68: 4170408 | X68: 4262165 | Y68: 4431845 | Z68: 4457707 | AA68: 4461485 | AB68: 4487977 | AC68: 4428793 | AD68: 4527723 | AE68: 4531646 | AF68: 4530111 | AG68: 4392902 | AH68: 4393534 | AI68: 4397178 | AJ68: 4411086 | AK68: 4450988 | AL68: 4455416 | AM68: 4452019 | AN68: 4393090 | AO68: 4488081 | AP68: 4864048 | AQ68: 4863766 | AR68: 4959758 | AS68: 5050049 | AT68: 5063987 | AU68: 5437193 | AV68: 5293937 | AW68: 5011844
A69: Long term assets | B69: 92825 | C69: 104964 | D69: 115511 | E69: 50280 | F69: 46588 | G69: 72232 | H69: 85834 | I69: 83478 | J69: 82811 | K69: 126260 | L69: 258534 | M69: 240933 | N69: 266200 | O69: 258534 | P69: 295731 | Q69: 195231 | R69: 205556 | S69: 188548 | T69: 196771 | U69: 224812 | V69: 255416 | W69: 270491 | X69: 274424 | Y69: 292333 | Z69: 288611 | AA69: 297452 | AB69: 325100 | AC69: 261201 | AD69: 348991 | AE69: 360254 | AF69: 363508 | AG69: 183690 | AH69: 177742 | AI69: 175268 | AJ69: 166846 | AK69: 174174 | AL69: 166964 | AM69: 168094 | AN69: 178409 | AO69: 214924 | AP69: 216969 | AQ69: 222368 | AR69: 330611 | AS69: 413434 | AT69: 429376 | AU69: 806865 | AV69: 651269 | AW69: 366796
A70: Financial Investments | B70: 0 | C70: 0 | D70: 0 | E70: 0 | F70: 0 | G70: 0 | H70: 0 | I70: 0 | J70: 0 | K70: 0 | L70: 0 | M70: 0 | N70: 0 | O70: 0 | P70: 0 | Q70: 0 | R70: 0 | S70: 0 | T70: 0 | U70: 0 | V70: 0 | W70: 0 | X70: 0 | Y70: 0 | Z70: 0 | AA70: 0 | AB70: 0 | AC70: 33059 | AD70: 33724 | AE70: 35401 | AF70: 35936 | AG70: 36589 | AH70: 36802 | AI70: 36294 | AJ70: 36867 | AK70: 30932 | AL70: 31384 | AM70: 31848 | AN70: 32276 | AO70: 52976 | AP70: 58884 | AQ70: 60503 | AR70: 64573 | AS70: 102995 | AT70: 108108 | AU70: 482040 | AV70: 356484 | AW70: 49965
A71: Accounts receivable | B71: 28477 | C71: 41462 | D71: 52982 | E71: 20781 | F71: 20552 | G71: 31358 | H71: 30773 | I71: 28946 | J71: 27095 | K71: 56066 | L71: 72127 | M71: 63032 | N71: 98506 | O71: 72127 | P71: 73884 | Q71: 28986 | R71: 32254 | S71: 42561 | T71: 31331 | U71: 71575 | V71: 62969 | W71: 65701 | X71: 65798 | Y71: 83855 | Z71: 72228 | AA71: 72231 | AB71: 76917 | AC71: 84668 | AD71: 80206 | AE71: 79484 | AF71: 78922 | AG71: 22029 | AH71: 17112 | AI71: 16147 | AJ71: 16075 | AK71: 27498 | AL71: 25418 | AM71: 27962 | AN71: 34326 | AO71: 48651 | AP71: 41290 | AQ71: 38653 | AR71: 137662 | AS71: 164820 | AT71: 165986 | AU71: 180829 | AV71: 204823 | AW71: 232723
A72: Deferred taxes | B72: 8165 | C72: 8165 | D72: 8219 | E72: 8822 | F72: 8578 | G72: 9590 | H72: 9810 | I72: 9535 | J72: 10152 | K72: 11975 | L72: 17936 | M72: 15717 | N72: 17889 | O72: 17936 | P72: 19209 | Q72: 20572 | R72: 24185 | S72: 32781 | T72: 43849 | U72: 40214 | V72: 51478 | W72: 57993 | X72: 67399 | Y72: 68672 | Z72: 76647 | AA72: 88662 | AB72: 100806 | AC72: 25040 | AD72: 118727 | AE72: 126804 | AF72: 132991 | AG72: 0 | AH72: 0 | AI72: 0 | AJ72: 0 | AK72: 0 | AL72: 0 | AM72: 0 | AN72: 0 | AO72: 0 | AP72: 0 | AQ72: 0 | AR72: 0 | AS72: 0 | AT72: 0 | AU72: 0 | AV72: 0 | AW72: 0
A73: Owed by related parties | B73: 32694 | C73: 38442 | D73: 36776 | E73: 15603 | F73: 12489 | G73: 26420 | H73: 39096 | I73: 38641 | J73: 40489 | K73: 52149 | L73: 89555 | M73: 124587 | N73: 125080 | O73: 89555 | P73: 83275 | Q73: 107433 | R73: 108059 | S73: 68827 | T73: 76021 | U73: 104626 | V73: 128209 | W73: 134097 | X73: 129731 | Y73: 130084 | Z73: 129977 | AA73: 126240 | AB73: 137114 | AC73: 101604 | AD73: 99683 | AE73: 101838 | AF73: 99166 | AG73: 75099 | AH73: 70976 | AI73: 69846 | AJ73: 58367 | AK73: 58134 | AL73: 49926 | AM73: 45341 | AN73: 46084 | AO73: 46078 | AP73: 46183 | AQ73: 53296 | AR73: 48674 | AS73: 57651 | AT73: 55488 | AU73: 46363 | AV73: 39764 | AW73: 33659
A74: Other assets – non-current | B74: 17918 | C74: 7899 | D74: 6552 | E74: 5074 | F74: 4969 | G74: 4864 | H74: 6155 | I74: 6356 | J74: 5075 | K74: 6070 | L74: 78916 | M74: 37597 | N74: 24725 | O74: 78916 | P74: 119363 | Q74: 38240 | R74: 41058 | S74: 44379 | T74: 45570 | U74: 8397 | V74: 12760 | W74: 12700 | X74: 11496 | Y74: 9722 | Z74: 9759 | AA74: 10319 | AB74: 10263 | AC74: 16830 | AD74: 16651 | AE74: 16727 | AF74: 16493 | AG74: 49973 | AH74: 52852 | AI74: 52981 | AJ74: 55537 | AK74: 57610 | AL74: 60236 | AM74: 62943 | AN74: 65723 | AO74: 67219 | AP74: 70612 | AQ74: 69916 | AR74: 79702 | AS74: 87968 | AT74: 99794 | AU74: 97633 | AV74: 50198 | AW74: 50449
A75: Others Credits | B75: 5571 | C75: 8996 | D75: 10982 | E75: - | F75: - | G75: - | H75: - | I75: - | J75: - | K75: - | L75: - | M75: - | N75: - | O75: - | P75: - | Q75: - | R75: - | S75: - | T75: - | U75: - | V75: - | W75: - | X75: - | Y75: - | Z75: - | AA75: 72231 | AB75: 76917 | AC75: 0 | AD75: 0 | AE75: 0 | AF75: 0 | AG75: 0 | AH75: 0 | AI75: 0 | AJ75: - | AK75: 0 | AM75: 0 | AN75: 0 | AO75: 0 | AP75: 0 | AQ75: 0
A76: Investments | B76: 651 | C76: 308 | D76: 441 | E76: 1400897 | F76: 1496669 | G76: 1593087 | H76: 1659787 | I76: 1846533 | J76: 1908961 | K76: 1985052 | L76: 2458519 | M76: 2094937 | N76: 2250622 | O76: 2458519 | P76: 2677854 | Q76: 3001086 | R76: 3110028 | S76: 3490105 | T76: 3563486 | U76: 3660875 | V76: 3717778 | W76: 3776994 | X76: 3865268 | Y76: 4017380 | Z76: 4041192 | AA76: 4038231 | AB76: 4038325 | AC76: 4044136 | AD76: 4056429 | AE76: 4050232 | AF76: 4046626 | AG76: 4088742 | AH76: 4095789 | AI76: 4101200 | AJ76: 4121816 | AK76: 4151153 | AL76: 4135684 | AM76: 4133004 | AN76: 4087767 | AO76: 4121330 | AP76: 4497622 | AQ76: 4494396 | AR76: 4487566 | AS76: 4494097 | AT76: 4490757 | AU76: 4484220 | AV76: 4487512 | AW76: 4489161
A77: Stockholdings | B77: - | C77: - | D77: - | E77: 924 | F77: - | G77: 981 | H77: 899 | I77: 979 | J77: 979 | K77: 1058 | L77: 210071 | M77: 171764 | N77: 174940 | O77: 210071 | P77: 227286 | Q77: 228226 | R77: 228473 | S77: 13581 | T77: 13839 | U77: 13593 | V77: 13753 | W77: 13532 | X77: 13706 | Y77: 17373 | Z77: 18361 | AA77: 18584 | AB77: 18301 | AC77: 18334 | AD77: 19153 | AE77: 19397 | AF77: 19102 | AG77: 20597 | AH77: 20311 | AI77: 21371 | AJ77: 24173 | AK77: 29526 | AL77: 29560 | AM77: 29628 | AN77: 29715 | AO77: 30226 | AP77: 159476 | AQ77: 160282 | AR77: 161304 | AS77: 162696 | AT77: 164164 | AU77: 169174 | AV77: 169346 | AW77: 170040
A78: Investment properties | B78: - | C78: - | D78: - | E78: 1399973 | F78: - | G78: 1592106 | H78: 1658888 | I78: 1845554 | J78: 1907982 | K78: 1983994 | L78: 2248448 | M78: 1923173 | N78: 2075682 | O78: 2248448 | P78: 2450568 | Q78: 2772860 | R78: 2881555 | S78: 3476524 | T78: 3549647 | U78: 3647282 | V78: 3704025 | W78: 3763462 | X78: 3851562 | Y78: 4000007 | Z78: 4022831 | AA78: 4019647 | AB78: 4020024 | AC78: 4025802 | AD78: 4037276 | AE78: 4030835 | AF78: 4027524 | AG78: 4068145 | AH78: 4075478 | AI78: 4079829 | AJ78: 4097643 | AK78: 4121627 | AL78: 4106124 | AM78: 4103376 | AN78: 4058052 | AO78: 4091104 | AP78: 4338146 | AQ78: 4334114 | AR78: 4326262 | AS78: 4331401 | AT78: 4326593 | AU78: 4315046 | AV78: 4318166 | AW78: 4319121
A79: Property, plant and equipment | B79: 1165473 | C79: 1203839 | D79: 1269773 | E79: 13743 | F79: 10821 | G79: 10551 | H79: 13589 | I79: 18809 | J79: 17969 | K79: 20167 | L79: 20325 | M79: 21726 | N79: 21071 | O79: 20325 | P79: 19966 | Q79: 19846 | R79: 19103 | S79: 20336 | T79: 20281 | U79: 19970 | V79: 19589 | W79: 19134 | X79: 19526 | Y79: 19530 | Z79: 24874 | AA79: 24020 | AB79: 23922 | AC79: 23026 | AD79: 22636 | AE79: 22200 | AF79: 21490 | AG79: 21391 | AH79: 20947 | AI79: 20842 | AJ79: 20444 | AK79: 20107 | AL79: 48160 | AM79: 46257 | AN79: 20940 | AO79: 36186 | AP79: 34911 | AQ79: 34040 | AR79: 29833 | AS79: 31109 | AT79: 33323 | AU79: 36832 | AV79: 46887 | AW79: 47468
A80: Intangible assets | B80: 99799 | C80: 103866 | D80: 104988 | E80: 105939 | F80: 106864 | G80: 108158 | H80: 109598 | I80: 110526 | J80: 109413 | K80: 108876 | L80: 109068 | M80: 108868 | N80: 109039 | O80: 109068 | P80: 108739 | Q80: 108760 | R80: 107208 | S80: 105579 | T80: 104683 | U80: 105044 | V80: 104796 | W80: 103789 | X80: 102947 | Y80: 102602 | Z80: 103030 | AA80: 101782 | AB80: 100630 | AC80: 100430 | AD80: 99667 | AE80: 98960 | AF80: 98487 | AG80: 99079 | AH80: 99056 | AI80: 99868 | AJ80: 101980 | AK80: 105554 | AL80: 104608 | AM80: 104664 | AN80: 105974 | AO80: 115641 | AP80: 114546 | AQ80: 112962 | AR80: 111748 | AS80: 111409 | AT80: 110531 | AU80: 109276 | AV80: 108269 | AW80: 108419
